Workbook

Sheet OBLIGACIONES
B4: SERVICIO REGIONAL DE SALUD
B5: DIRECCIÓN DE FISCALIZACIÓN Y CONTROL
B6: DETALLE OBLIGACIONES CONTRAÍDAS PENDIENTES AL 31/08/2025
B7: ESTABLECIMIENTO: HOSPITAL REGIONAL ING. LUIS L. BOGAERT
B8: A | C8: B | E8: C | F8: D | G8: E | H8: F
B9: TIPO | C9: PERÍODO | F9: STATUS PRESTAMO
C10: DESDE | D10: HASTA | E10: MONTO | F10: MONTO ORIGEN | G10: MONTO AMORTIZADO | H10: BALANCE PENDIENTE
B11: PROMESE CAL | C11: 45870 | D11: 45900 | E11: 0
B12: RETENCIONES DE IMPUESTOS (DGII) | C12: 45870 | D12: 45900 | E12: 72495.35
B13: APROVISIONAMIENTOS DE INCENTIVOS | C13: 45870 | D13: 45900 | E13: 465113.39
B14: SEGURIDAD SOCIAL | C14: 45870 | D14: 45900 | E14: 0
B15: APROVISIONAMIENTO DE REGALIA PASCUAL | C15: 45870 | D15: 45900 | E15: 0
B16: PRESTACIONES LABORALES | C16: 45870 | D16: 45900 | E16: 0
B17: VIATICOS | C17: 45870 | D17: 45900 | E17: 24100
B18: PRÉSTAMOS Y/O ANTICIPOS FINANCIEROS OTORGADOS POR SENASA | C18: 45870 | D18: 45900 | E18: 0
B19: TOTAL | E19: =SUM(E11:E18) -> 561708.74
B21: Nota. En el caso de las columnas D, E y F, solo aplican para llenado de los préstamos otogados por SENASA.
B26: PREPARADO POR: | C26: REVISADO POR: | F26: APROBADO POR:
B27: Jenniffer Rodríguez Lic. Jean Flores Dr. Newton Solano
B29: Enc. Depto. De Contbailidad | C29: Administrador | F29: Director General

Sheet INGRESOS SEGUN ORIGEN
A3: Servicio Nacional de Salud
A4: Dirección de Fiscalización y Control
A5: Comportamiento de Ingresos Percibidos Segregados según Origen
A6: Establecimiento: HOSPITAL REGIONAL ING. LUIS L. BOGAERT Mes: AGOSTO Año: 2025 SRS: 04
A7: Origen | B7: ARS | C7: Fecha depópsito | D7: Núm. de Documento de referencia | E7: Valor de Transferencia o Cheque
A8: Anticipo Financiero | B8: FONDO REPONIBLE | C8: 45876 | D8: 4524000051 | E8: 2499969.1
A9: Sub-Total | E9: =E8 -> 2499969.1
B10: SENASA SUBSIDIADO | C10: 45870 | D10: 4524000182 | E10: 4186258.3
B11: Odontología (subsidio SeNaSa) | C11: 45870 | D11: 4524000137 | E11: 15000
B12: SENASA CONTRIBUTIVO | C12: 45873 | D12: 4524000024 | E12: 321230.8
B13: SENASA CONTRIBUTIVO | C13: 45876 | D13: 4524000003 | E13: 88000
B14: SENASA CONTRIBUTIVO | C14: 45877 | D14: 4524000015 | E14: 22466.78
B15: PRIMERA DE HUMANO | C15: 45891 | D15: 3580010066 | E15: 18178
A16: Sub-Total | E16: =SUM(E10:E15) -> 4651133.9
A17: Otros Aportes | B17: Cafetería | E17: 0
B18: Odontologia (facturacion servicios no contemplado en Plan Basico) | C18: 45870 | D18: 2000110061 | E18: 8600
B19: Odontologia (facturacion servicios no contemplado en Plan Basico) | C19: 45873 | D19: 3580050400 | E19: 9000
B20: Odontologia (facturacion servicios no contemplado en Plan Basico) | C20: 45874 | D20: 3580050042 | E20: 8300
B21: Odontologia (facturacion servicios no contemplado en Plan Basico) | C21: 45875 | D21: 3580050035 | E21: 10200
B22: Odontologia (facturacion servicios no contemplado en Plan Basico) | C22: 45876 | D22: 3580020030 | E22: 8200
B23: Odontologia (facturacion servicios no contemplado en Plan Basico) | C23: 45877 | D23: 3580050020 | E23: 6800
B24: Odontologia (facturacion servicios no contemplado en Plan Basico) | C24: 45880 | D24: 3580080339 | E24: 7900
B25: Odontologia (facturacion servicios no contemplado en Plan Basico) | C25: 45881 | D25: 3580070067 | E25: 8500
B26: Odontologia (facturacion servicios no contemplado en Plan Basico) | C26: 45882 | D26: 3580050042 | E26: 8800
B27: Odontologia (facturacion servicios no contemplado en Plan Basico) | C27: 45883 | D27: 3580020044 | E27: 11800
B28: Odontologia (facturacion servicios no contemplado en Plan Basico) | C28: 45884 | D28: 3580070070 | E28: 18900
B29: Odontologia (facturacion servicios no contemplado en Plan Basico) | C29: 45887 | D29: 3580060054 | E29: 15800
... B42: Atenciones a pacientes extranjeros | C42: 45894 | D42: 3580080419 | E42: 9000
B43: Otros ingresos no identificados precedentemente | E43: 0
A44: Sub-Total | E44: =SUM(E17:E43) -> 237300
A45: Total General | E45: =E9+E16+E44 -> 7388403
A47: Bajo las funciones que nos asisten certificamos que el valor de los ingresos percibidos al 31 de agosto 2025 correspondieron a un monto de RD$ Siete Millones Trecientos Ochenta y Ocho Mil Cuatrocientos Dos Pesos Con 98 /100 (RD$7,388,402.98)
A50: Dado a los 31 dias del mes de agosto del año 2025.
A52: Cuenta Núm. | B52: Balance en libro | C52: Balance en Banco | D52: Balance Conciliado
A53: 2001037435 | B53: 7626912.5 | C53: 7626912.5 | D53: 7626912.5
A54: 2001042102 | B54: 7274.89 | C54: 7274.89 | D54: 7274.89
A58: Preparado por: Lic. Jenniffer Rodríguez | D58: Revisado por: Lic. Jean Flores
A59: ____________________________________ | D59: ___________________________________
A62: Aprobado por: Dr. Newton Solano
A63: ________________________________

Sheet LISTADO DE ORDENES
A3: Republica Dominicana
A4: SERVICIO NACIONAL DE SALUD
A5: LISTADO DE ORDENES DE COMPRAS O SERVICIOS EFECTUADAS DURANTE EL MES: AGOSTO-2025
A6: ESTABLECIMIENTO: Hospital Regional Ing. Luis L. Bogaert REGION : 4
A7: Fecha | B7: Referencia Proceso de Compra | C7: No. Orden de Compra o Servicios | D7: No. De Factura Fiscal NCF | E7: Fuente. Financ (FR-VS) | F7: Beneficiario | G7: Rubro | H7: No. Cta. Objetal del Gasto | I7: Valor
A8: 45891 | B8: CM-2025-0004 | C8: 400-2025 | D8: B1500000285 | E8: VS | F8: RONNY PUBLICIADA SRL | G8: Confección de Letrero | H8: 2221-01 | I8: 283200
A9: 45863 | C9: 546-2025 | D9: B1500000164 | E9: VS | F9: CHAVES INDUST.WILMIN CHAVEZ | G9: Confeccion de Puertas(2712-01) | H9: 2712-01 | I9: 140560
A10: 45870 | C10: 552-2025 | D10: B1500001337 | E10: FR | F10: MIX AIR DOMINICANA | G10: Suministro de Oxigeno | H10: 2372-03 | I10: 153500
A11: 45870 | C11: 553-2025 | D11: B1500000656 | E11: VS | F11: TIO DEPOSITO DENTAL | G11: Suministro de Odontologia | H11: 2393-01 | I11: 166585.05
A12: 45870 | C12: 554-2025 | D12: E450000000044 | E12: VS | F12: FARMACIA ELYFIOR | G12: Suministros de Medicamentos | H12: 2341-01 | I12: 885.9
A13: 45870 | C13: 555-2025 | D13: B1500000297 | E13: VS | F13: CAMESUP | G13: Papel de Camilla y Sum. Quirurgico | H13: 2332-01-2393-01 | I13: 56350
A14: 45870 | C14: 556-2025 | D14: B1500001652 | E14: FR | F14: HEXAPOWER PHARMA | G14: Suministros de Medicamentos | H14: 2341-01 | I14: 107900
A15: 45870 | C15: 557-2025 | D15: E450000000142 | E15: FR | F15: MEDI-SAN | G15: TIRILLAS | H15: 2393-01 | I15: 73632
A16: 45870 | C16: 558-2025 | D16: E450000000143 | E16: VS | F16: MEDI-SAN | G16: Medicamentos y Mat. Quirurgico | H16: 2341-01-2393-01 | I16: 239620
A17: 45870 | C17: 559-2025 | D17: B1500001401 | E17: FR | F17: ZEN PHARMACEUTHICAL | G17: Sum. Quirurgicos | H17: 2393-01 | I17: 111156.2
A18: 45870 | C18: 560-2025 | D18: E450000000275 | E18: FR | F18: HOSPIFAR,SRL | G18: Insumos y React.de Laboratorio | H18: 2393-01 | I18: 77493.01
A19: 45870 | C19: 561-2025 | D19: E450000000277 | E19: FR | F19: HOSPIFAR,SRL | G19: Sum. Quirurgicos | H19: 2393-01 | I19: 87839.2
A20: 45870 | C20: 562-2025 | D20: B1500001477 | E20: FR | F20: NIFARMED | G20: Medicamentos y Mat. Quirurgico | H20: 2341-01-2393-01 | I20: 167900
... A23: 45870 | C23: 565-2025 | D23: B1500000665 | E23: VS | F23: DELMEDICAL | G23: Suministros de Medicamentos | H23: 2341-01 | I23: 28284.4
A24: 45870 | C24: 566-2025 | D24: E450000007351 | E24: VS | F24: BIO-NUCLEAR | G24: Reactivos de Laboratorio | H24: 2372-03 | I24: =238261.4 -> 238261.4
A25: 45870 | C25: 567-2025 | D25: B1500017548 | E25: VS | F25: BIO-NOVA | G25: Reactivos de Laboratorio | H25: 2372-03 | I25: 34826.3
A26: 45871 | C26: 568-2025 | D26: E450000004218 | E26: FR | F26: INAPA | G26: Servicios de Agua Potable | H26: 2217-01 | I26: 18500
A27: 45873 | C27: 569-2025 | D27: E450000000065 | E27: FR | F27: ULTRALAB | G27: Reactivos de Laboratorio | H27: 2372-03 | I27: 103732.21
A28: 45873 | C28: 570-2025 | D28: B1500001193 | E28: FR | F28: SILVER PHARMA | G28: Suministros de Medicamentos | H28: 2341-01 | I28: 79700
A29: 45873 | C29: 571-2025 | D29: B1500008268 | E29: FR | F29: ALMANZAR ESTEVEZ | G29: Reactivos de Laboratorio | H29: 2372-03 | I29: 128606.47
A30: 45873 | C30: 572-2025 | D30: B1500008269 | E30: FR | F30: ALMANZAR ESTEVEZ | G30: Reactivos de Laboratorio | H30: 2372-03 | I30: 240003.08
A31: 45873 | C31: 573-2025 | D31: B1500008270 | E31: FR | F31: ALMANZAR ESTEVEZ | G31: Reactivos de Laboratorio | H31: 2372-03 | I31: 239125.89
A32: 45873 | C32: 574-2025 | D32: E450000000103 | E32: FR | F32: SEAN DOMINICAN | G32: Suministros de Medicamentos | H32: 2341-01 | I32: 239000
C33: 575-2025 | F33: PORTAL(VRF) | G33: PORTAL(VRF)
A34: 45873 | C34: 576-2025 | D34: B1500000045 | E34: FR | F34: LAHMEDOM | G34: Papel de Imágenes P/Rayos x | H34: 2393-01 | I34: 239540
A35: 45874 | C35: 577-2025 | D35: E450000017032 | E35: FR | F35: ALTICE DOMINICANA | G35: Servicio de Telefono | H35: 2213-01 | I35: 101793.04
A36: 45875 | C36: 578-2025 | D36: E450000000251 | E36: FR | F36: AGROFEN | G36: Alimentos | H36: 2311-01 | I36: 27120
A37: 45875 | C37: 579-2025 | D37: E450000000252 | E37: FR | F37: AGROFEN | G37: Alimentos | H37: 2311-01 | I37: 55580
A38: 45875 | C38: 580-2025 | D38: E450000000148 | E38: VS | F38: MEDI-SAN | G38: Sum. Quirurgicos | H38: 2393-01 | I38: 5760
A39: 45875 | C39: 581-2025 | D39: B1500000003 | E39: VS | F39: SUPLITODO RD GAMVESA | G39: Alimentos | H39: 2311-01 | I39: 206807.77
A40: 45874 | C40: 582-2025 | D40: B1500000163 | E40: VS | F40: CARLOS OVIDIO GENAO | G40: Alimentos Y Utensilios de Cocina | H40: 2311-01-2395-01 | I40: 57975.65
A41: 45874 | C41: 583-2025 | D41: B1500001824 | E41: VS | F41: SUPERMERCADO MAEÑO | G41: Alimentos Y Utensilios de Cocina | H41: 2311-01-2395-01 | I41: 163169
A42: 45870 | C42: 584-2025 | D42: B1500000911 | E42: VS | F42: MAO CENTRAL CONNECTIONS | G42: Servicios de Internet | H42: 2215-01 | I42: 5495
A43: 45875 | C43: 585-2025 | D43: E450000000145 | E43: VS | F43: LAMBDA DIAGNOSTICOS | G43: Reactivos de Laboratorio | H43: 2372-03 | I43: 15220.98
A44: 45875 | C44: 586-2025 | D44: E450000003528 | E44: VS | F44: SUED & FARGESA | G44: Reactivos de Laboratorio | H44: 2372-03 | I44: 560740.62
A45: 45877 | C45: 587-2025 | D45: B1500000206 | E45: VS | F45: IMPRENTA REYES CABRERA | G45: Suministro de Impresos | H45: 2222-01 | I45: 169507
... A52: 45880 | C52: 594-2025 | D52: B1500000172 | E52: VS | F52: ABREU LANTIGUA EVENTOS | G52: Servicios de Alimentación | H52: 2292-01 | I52: 23600
A53: 45894 | B53: CD-2025-0011 | C53: 595-2025 | D53: B1500000092 | E53: FR | F53: MULTIGESTIONES YAVIC | G53: Suministros de Fundas | H53: 2391-01 | I53: 157246.8
A54: 45880 | C54: 596-2025 | D54: B1500000003 | E54: VS | F54: JAYCO BOUTIQUE DE SOUVENIR | G54: Utiles de Escritorios. | H54: 2392-01 | I54: 39176
A55: 45881 | C55: 597-2025 | D55: E450000000910 | E55: VS | F55: FARACH | G55: Suministros de Medicamentos | H55: 2341-01 | I55: 106002.8
A56: 45881 | C56: 598-2025 | D56: B1500000826 | E56: VS | F56: TIO DEPOSITO DENTAL | G56: Suministro de Odontologia | H56: 2393-01 | I56: 45586.73
A57: 45882 | C57: 599-2025 | D57: B1500000173 | E57: VS | F57: ABREU LANTIGUA EVENTOS | G57: Servicios de Alimentación | H57: 2292-01 | I57: 10325
A58: 45882 | C58: 600-2025 | D58: B1500006565 | E58: VS | F58: BRICOMP | G58: Utiles de Escritorios, Oficina, Inform. | H58: 2392-01 | I58: 27205
A59: 45883 | C59: 601-2025 | D59: B1500001833 | E59: VS | F59: SUPERMERCADO MAEÑO | G59: Alimentos | H59: 2311-01 | I59: 3544
A60: 45883 | C60: 602-2025 | D60: B1500001834 | E60: VS | F60: SUPERMERCADO MAEÑO | G60: Alimentos | H60: 2311-01 | I60: 3204
A61: 45883 | C61: 603-2025 | D61: B1500008315 | E61: VS | F61: ALMANZAR ESTEVEZ | G61: Reactivos de Laboratorio | H61: 2372-03 | I61: 11797.92
A62: 45884 | C62: 604-2025 | D62: B1500000174 | E62: VS | F62: ABREU LANTIGUA EVENTOS | G62: Servicios de Alimentación | H62: 2292-01 | I62: 9440
A63: 45884 | C63: 605-2025 | D63: B1500001022 | E63: VS | F63: MEDICAL SUPPLY HERNANDEZ V | G63: Suministro de Ortopedia | H63: 2631-01 | I63: 104500
A64: 45884 | C64: 606-2025 | D64: B1500002348 | E64: VS | F64: MULTICENTRO EL MANA | G64: Suministro de Limpieza | H64: 2391-01 | I64: 1245
A65: 45884 | C65: 607-2025 | D65: B1500006571 | E65: VS | F65: BRICOMP | G65: Utiles de Escritorios, Oficina, Inform. | H65: 2392-01 | I65: 485
... A78: 45889 | C78: 620-2025 | D78: B1500000131 | E78: VS | F78: SPEEDWI TELECOM | G78: Servicios de Internet | H78: 2215-01 | I78: 4500
C79: 621-2025 | F79: PORTAL(TOMOGRAFO) | G79: Portal( Tomografo
A80: 45890 | C80: 622-2025 | D80: E450000000060 | E80: VS | F80: KARYBERTH TECHNOLOGY | G80: Suministro de Muebles P/Ofic | H80: 2611.01 | I80: 14744.95
A81: 45890 | C81: 623-2025 | D81: B1500000175 | E81: VS | F81: ABREU LANTIGUA EVENTOS | G81: Servicios de Alimentación | H81: 2292-01 | I81: 9705.5
A82: 45894 | C82: 624-2025 | D82: B1500003197 | E82: VS | F82: ARCADIO ESPINAL | G82: Suministro de Refrigeración | H82: 2354-01 | I82: 14900
A83: 45894 | C83: 625-2025 | D83: B1500004164 | E83: VS | F83: COMBUSTIBLES DEL YUNA | G83: Suministro GLP | H83: 2371-04 | I83: 58082
A84: 45894 | C84: 626-2025 | D84: B1500001384 | E84: VS | F84: UNIVERSAL DE COMPUTOS | G84: Equipo de Informatica | H84: 2613-01 | I84: 59150
A85: 45894 | C85: 627-2025 | D85: B1500001385 | E85: VS | F85: UNIVERSAL DE COMPUTOS | G85: Utiles de Escritorios, Oficina, Inform. | H85: 2392-01 | I85: 77400
A86: 45890 | C86: 628-2025 | D86: E450000007702 | E86: FR | F86: BIO-NUCLEAR | G86: Reactivos de Laboratorio | H86: 2372-03 | I86: 21073
A87: 45895 | C87: 629-2025 | D87: B1500006598 | E87: VS | F87: EDITORA DEL CARIBE | G87: Suministro de Publiciadad | H87: 2221-01 | I87: 29736
A88: 45895 | C88: 630-2025 | D88: E450000000058 | E88: VS | F88: FARMACIA ELYFIOR | G88: Suministros de Medicamentos | H88: 2341-01 | I88: 1282.11
A89: 45896 | C89: 631-2025 | D89: E450000001353 | E89: VS | F89: EDITORA LISTIN DIARIO | G89: Suministro de Publiciadad | H89: 2221-01 | I89: 21409.92
A90: 45896 | C90: 632-2025 | D90: B1500011037 | E90: VS | F90: MOREL | G90: Alimentos | H90: 2311-01 | I90: 11253.2
A91: 45897 | C91: 633-2025 | D91: E450000000062 | E91: VS | F91: KARYBERTH TECHNOLOGY | G91: Suministro de Silla Tipo cajero | H91: 2611-01 | I91: 5890.01
A92: 45894 | C92: 634-2025 | D92: E450000000056 | E92: VS | F92: FARMACIA ELYFIOR | G92: Suministros de Medicamentos | H92: 2341-01 | I92: 7215
... A98: 45898 | C98: 640-2025 | D98: E450000000147 | E98: VS | F98: SUPER ESTACION MAO | G98: Suministro de Combustible | H98: 2371-01-02-05 | I98: 112977
G99: Sub-Total Compras RD$ | I99: =SUM(I8:I98) -> 7224685.3
A101: RESUMEN DE COMPRAS o SERVICIOS POR CUENTA: | G101: RESUMEN DE PROCESO SEGÚN MODALIDAD:
A103: CUENTAS No. | C103: CANTIDAD | D103: MONTO | G103: TIPO | H103: CANTIDAD | I103: MONTO
A104: 2213-01 | C104: 3 | D104: =I35+I70+I71 -> 118650.9 | G104: Compra Directa | H104: =89-3 -> 86 | I104: =I99-I8-I44-I76 -> 5560114.7
A105: 2215-01 | C105: 2 | D105: =I42+I78 -> 9995 | G105: Compra Menor | H105: 3 | I105: =I8+I44+I76 -> 1664570.6
A106: 2217-01 | C106: 1 | D106: =I26 -> 18500 | G106: Comparacion de precio | H106: 0
A107: 2221-01 | C107: 3 | D107: =I8+I87+I89 -> 334345.92
A108: 2222-01 | C108: 1 | D108: =I45 -> 169507
A109: 2272-04 | C109: 1 | D109: =I77 -> 26066.2
A110: 2287-05 | C110: 1 | D110: =I68 -> 10000
A111: 2292-01 | C111: 6 | D111: =I52+I57+I62+I81+I93+I96 -> 93473.5
A112: 2311-01 | C112: 8 | D112: =I36+I37+I39+31675.25+149840.82+I59+I60+I90 -> 489025.04
A113: 2332-01 | C113: 1 | D113: =29500+270+6172+9782.78 -> 45724.78
A114: 2341-01 | C114: 15 | D114: =I12+I14+130000+124700+I22+I23+I28+I32+I55+I66+I67+I75+I88+I92+139228 -> 1045899.1
A115: 2354-01 | C115: 1 | D115: =I82 -> 14900
A116: 2371-01-02-05 | C116: 2 | D116: =I76+I98 -> 933607
A117: 2371-04 | C117: 1 | D117: =I83 -> 58082
A118: 2372-03 | C118: 14 | D118: =I10+I24+I25+I27+I29+I30+I31+I43+I44+I61+I73+I74+I86+I95 -> 2060388.4
A119: 2391-01 | C119: 3 | D119: =33874.98+I53+I64 -> 192366.78
A120: 2392-01 | C120: 5 | D120: =I48+I54+I58+I65+I85 -> 153937.53
A121: 2393-01 | C121: 10 | D121: =I11+I15+109620+43200+I17+I18+I19+I34+I38+I56 -> 960412.19
A122: 2395-01 | C122: 2 | D122: =26030.4+11610.18+I46+I94 -> 46540.58
A123: 2396-01 | C123: 1 | D123: =I97 -> 14815.01
A124: 2398-01 | C124: 1 | D124: =I51 -> 73677.63
A125: 2611-01 | C125: 2 | D125: =I80+I91 -> 20634.96
A126: 2613-01 | C126: 2 | D126: =I69+I84 -> 86802.67
A127: 2631-01 | C127: 2 | D127: =I63+I72 -> 106773.11
A128: 2712-01 | C128: 1 | D128: =I9 -> 140560
A129: TOTAL RESUMEN | C129: =SUM(C104:C128) -> 89 | D129: =SUM(D104:D128) -> 7224685.3 | F129: =I99-D129 -> 0 | G129: TOTAL COMPRAS | H129: =H104+H105+H106 -> 89 | I129: =I104+I105+I106 -> 7224685.3
...

Sheet CUENTAS X PAGAR
A1: SERVICIO NACIONAL DE SALUD
A2: DIRECCION DE FISCALIZACION Y CONTROL
A3: COMPROMISOS DE DEUDAS AÑO 2025
A5: ESTABLECIMIENTO: HOSPITAL REGIONAL ING. LUIS L. BOGAERT | M5: SRS: 4 | N5: MES REPORTADO | O5: MES REPORTADO: | P5: ABRIL | Q5: MES REPORTADO | R5: AGOSTO
A7: NO | B7: NOMBRES PROVEEDOR | C7: CONCEPTO DE COMPRA ( BREVE DESCRIPCION ) | D7: FUENTE DE FINANCIAMIENTO | E7: MONTO AÑO≤2014 | F7: MONTO AÑO 2015 | G7: MONTO AÑO 2016 | H7: MONTO AÑO 2017 | I7: MONTO AÑO 2018 | J7: MONTO AÑO 2019 | K7: MONTO AÑO 2020 | L7: MONTO AÑO 2021 | M7: MONTO AÑO 2023 | N7: MONTO AÑO 2024 | O7: MONTO AL 31 ENERO 2025 | P7: MONTO AL 28 FEBRERO 2025 | Q7: MONTO AL 31 MARZO 2025 | R7: MONTO AL 31 JULIO 2025 | S7: MONTO AL 31 JULIO 2024 | T7: MONTO AL 31 DE AGOSTO 2025 | U7: MONTO AL 30 SEPTIEMBRE 2024 | V7: MONTO AL 31 DE OCTUBRE 2024 | W7: MONTO AL 30 NOVIEMBRE 2024 | X7: MONTO AL 31 DICIEMBRE 2024 | Y7: TOTAL ADEUDA
A8: 1 | B8: ALQUILERES JEREZ | C8: ALQUILERES DE SILLAS | D8: VS | E8: 0 | F8: 0 | G8: 0 | H8: 0 | I8: 0 | J8: 0 | K8: 2300 | L8: 0 | M8: 0 | N8: 0 | O8: =203107.36+30977.46+202834.96+27210.31-464130.09 -> 0 | P8: 0 | Q8: 0 | R8: 0 | S8: 0 | T8: 0 | U8: 0 | V8: 0 | W8: 0 | X8: 0 | Y8: =SUM(E8:X8) -> 2300
A9: 2 | B9: ABREU LANTIGUA EVENTS | C9: SER. ALIMENTACION | D9: VS | E9: 0 | F9: 0 | G9: 0 | H9: 0 | I9: 0 | J9: 0 | K9: 0 | L9: 0 | M9: 0 | N9: 0 | O9: =203107.36+30977.46+202834.96+27210.31-464130.09 -> 0 | P9: 0 | Q9: 0 | S9: 0 | T9: =15623+24780 -> 40403 | U9: 0 | V9: 0 | X9: 0 | Y9: =SUM(E9:X9) -> 40403
A10: 3 | B10: AGUA FARES | R10: =3675+4300 -> 7975 | T10: =3450+3495+4665+4050+1200 -> 16860 | Y10: =SUM(E10:X10) -> 24835
A11: 4 | B11: ARGOS FARMCAEUTICA | T11: 14900 | Y11: =SUM(E11:X11) -> 14900
A12: 5 | B12: A&M PLOMERIA | Q12: 0 | R12: =4010+37458.65-41468.65 -> 0 | T12: =73677.63+14815.01 -> 88492.64 | Y12: =SUM(E12:X12) -> 88492.64
A13: 6 | B13: BIO-NUCLEAR | R13: =139925.5-139925.5 -> 0 | T13: =238261.4-13500.5+13500.5+21073-238261.4 -> 21073 | Y13: =SUM(E13:X13) -> 21073
A14: 7 | B14: BP MEDICAL | T14: =26066.2 -> 26066.2 | Y14: =SUM(E14:X14) -> 26066.2
A15: 8 | B15: CARNICERIA DARIO | C15: CARNES DE CERDO Y RES | D15: VS | E15: 0 | F15: 0 | G15: 0 | H15: 0 | I15: 0 | J15: 0 | K15: 62121.25 | L15: 0 | M15: 0 | N15: 0 | O15: 0 | P15: 0 | Q15: 0 | R15: 0 | S15: 0 | T15: 0 | U15: 0 | V15: 0 | W15: 0 | X15: 0 | Y15: =SUM(E15:X15) -> 62121.25
A16: 9 | B16: CETIOSA,EIRL | C16: COMBUSTIBLES | D16: VS | E16: 0 | F16: 0 | G16: 0 | H16: 0 | I16: 0 | J16: 0 | K16: 0 | L16: 0 | M16: 0 | N16: 0 | O16: 0 | P16: 0 | Q16: =502275-502275 -> 0 | R16: =820580-820580 -> 0 | S16: =286046+28503-314549 -> 0 | T16: =707940-2800 -> 705140 | U16: =438851-438851 -> 0 | V16: 0 | W16: =340729-340729 -> 0 | X16: 0 | Y16: =SUM(E16:X16) -> 705140
A17: 10 | B17: CENTRO MEDICO | C17: MEDICAMENTOS | D17: VS | E17: 0 | F17: 0 | G17: 0 | H17: 0 | I17: =7954 -> 7954 | J17: 1280 | K17: 0 | L17: 0 | M17: 0 | N17: 0 | O17: 0 | P17: 0 | Q17: 0 | R17: 0 | S17: 0 | T17: 0 | U17: 0 | V17: 0 | W17: 0 | X17: 0 | Y17: =SUM(E17:X17) -> 9234
A18: 11 | B18: CENTRO PLAZA LA FERIA | C18: ELECTRODOMESTICO | D18: VS | E18: 8000 | F18: 0 | G18: 0 | H18: 0 | I18: 0 | J18: 0 | K18: 0 | L18: 0 | M18: 0 | N18: 0 | O18: 0 | P18: 0 | Q18: 0 | R18: 0 | S18: 0 | T18: 0 | U18: 0 | V18: 0 | W18: 0 | X18: 0 | Y18: =SUM(E18:X18) -> 8000
A19: 12 | B19: CELCA DISPLAY SRL | C19: ELABORACION DE CAUNTER | D19: VS | E19: 0 | F19: 0 | G19: 0 | H19: 0 | I19: 0 | J19: 0 | K19: 0 | L19: 0 | M19: 0 | N19: =135582 -> 135582 | O19: 0 | P19: 0 | Q19: 0 | W19: =135582 -> 135582 | Y19: =135582 -> 135582
A20: 13 | B20: COMPUTINTA | C20: MATERIAL DE INFORAMATICA | D20: VS | E20: 0 | F20: 4720 | G20: 32568 | H20: 6372 | I20: 0 | J20: 0 | K20: 0 | L20: 0 | M20: 0 | N20: 0 | O20: 0 | P20: 0 | Q20: 0 | R20: 0 | S20: 0 | T20: 0 | U20: 0 | V20: 0 | W20: 0 | X20: 0 | Y20: =SUM(E20:X20) -> 43660
A21: 14 | B21: EDITORA PUNTO CENTRAL | C21: IMPRESOS | D21: VS | E21: 0 | F21: 0 | G21: 0 | H21: 0 | I21: 0 | J21: 0 | K21: 0 | L21: 0 | M21: =47790 -> 47790 | N21: 0 | O21: 0 | P21: 0 | Q21: 0 | Y21: =SUM(E21:X21) -> 47790
A22: 15 | B22: EVELYN FLOR | C22: SUM.FLORES DIA DE DUARTE | D22: VS | E22: 0 | F22: 0 | G22: 0 | H22: 0 | I22: 0 | J22: 0 | K22: 2366 | L22: 0 | M22: 0 | N22: 0 | O22: 0 | P22: 0 | Q22: 0 | R22: 0 | S22: 0 | T22: 0 | U22: 0 | V22: 0 | W22: 0 | X22: 0 | Y22: =SUM(E22:X22) -> 2366
A23: 16 | B23: FARMACIA ELYFIOR | R23: 0 | T23: =7215+1282.11 -> 8497.11 | Y23: =SUM(E23:X23) -> 8497.11
A24: 17 | B24: FHEYAMS SERVICES SUPPLIER | C24: UNIFORMES | D24: VS | E24: 0 | F24: 0 | G24: 0 | H24: 0 | I24: 0 | J24: 0 | K24: 0 | L24: 0 | M24: 0 | N24: =649547.52-324773.76 -> 324773.76 | O24: 0 | P24: 0 | Q24: 0 | X24: 0 | Y24: =SUM(E24:X24) -> 324773.76
A25: 18 | B25: GRAFINOR | C25: IMPRESOS | D25: VS | E25: 0 | F25: 0 | G25: 0 | H25: 0 | I25: 0 | J25: 62627.09 | K25: 141092.6 | L25: 0 | M25: 0 | N25: 0 | O25: 0 | P25: 0 | Q25: 0 | R25: 0 | S25: 0 | T25: 0 | U25: 0 | V25: 0 | W25: 0 | X25: 0 | Y25: =SUM(E25:X25) -> 203719.69
A26: 19 | B26: HOSPIFAR,SRL | C26: MEDICAMENTOS | D26: VS | E26: 0 | F26: 0 | G26: 0 | H26: 0 | I26: 0 | J26: 0 | K26: 0 | L26: 0 | M26: 0 | N26: 0 | O26: 0 | P26: 0 | Q26: 0 | R26: =68703.83+80395.46-149099.29 -> 0 | S26: 0 | T26: =77493.01+87839.2 -> 165332.21 | U26: =187231.8+16400-203631.8 -> 0 | V26: =32040+42904.8-74944.8 -> 0 | W26: 0 | X26: =70451+50216-120667 -> 0 | Y26: =SUM(E26:X26) -> 165332.21
A27: 20 | B27: HNOS.PIMENTEL | C27: ALIMENTOS | D27: VS | E27: 118365.5 | F27: 0 | G27: 0 | H27: 0 | I27: 0 | J27: 0 | K27: 0 | L27: 0 | M27: 0 | N27: 0 | O27: 0 | P27: 0 | Q27: 0 | R27: 0 | S27: 0 | T27: 0 | U27: 0 | V27: 0 | W27: 0 | X27: 0 | Y27: =SUM(E27:X27) -> 118365.5
A28: 21 | B28: IMPRESOS R&R | C28: IMPRESOS | D28: VS | E28: 0 | F28: =48380 -> 48380 | G28: =188328 -> 188328 | H28: 0 | I28: 0 | J28: 0 | K28: 0 | L28: 0 | M28: 0 | N28: 0 | O28: 0 | P28: 0 | Q28: 0 | R28: 0 | S28: 0 | T28: 0 | U28: 0 | V28: 0 | W28: 0 | X28: 0 | Y28: =SUM(E28:X28) -> 236708
A29: 22 | B29: JAYCO BOUTIQUE | R29: =2655-2655 -> 0 | T29: =39176 -> 39176 | Y29: =SUM(E29:X29) -> 39176
A30: 23 | B30: JOSE FERNANDEZ | C30: MANT.EQ.LABORATORIO | D30: VS | E30: 0 | F30: 0 | G30: 4602 | H30: 0 | I30: 0 | J30: 0 | K30: 0 | L30: 0 | M30: 0 | N30: 0 | O30: 0 | P30: 0 | Q30: 0 | R30: 0 | S30: 0 | T30: 0 | U30: 0 | V30: 0 | W30: 0 | X30: 0 | Y30: =SUM(E30:X30) -> 4602
A31: 24 | B31: KARYBERTH TECHNOLOGY | R31: =27652.67 -> 27652.67 | T31: =9671.53+27652.67+14744.95+5890.01 -> 57959.16 | Y31: =SUM(E31:X31) -> 85611.83
A32: 25 | B32: LAB. BIOMEDICA | C32: REACTIVO DE LABORATORIO | D32: VS | E32: 0 | F32: =77245.94 -> 77245.94 | G32: =26525 -> 26525 | H32: 0 | I32: 0 | J32: 0 | K32: 0 | L32: 0 | M32: 0 | N32: 0 | O32: 0 | P32: 0 | Q32: 0 | R32: 0 | S32: 0 | T32: 0 | U32: 0 | V32: 0 | W32: 0 | X32: 0 | Y32: =SUM(E32:X32) -> 103770.94
A33: 26 | B33: LAB.CLINICO MARIA F.M | C33: COMPRA DE SANGRE | D33: VS | E33: 0 | F33: 0 | G33: 0 | H33: 0 | I33: 0 | J33: 0 | K33: 30500 | L33: 0 | M33: 0 | N33: 0 | O33: 0 | P33: 0 | Q33: 0 | R33: 0 | S33: 0 | T33: 0 | U33: 0 | V33: 0 | W33: 0 | X33: 0 | Y33: =SUM(E33:X33) -> 30500
A34: 27 | B34: LUIS MIGUEL ESTEVEZ | C34: SERVICIO DE ALIMENTACION | D34: VS | E34: 0 | F34: 0 | G34: 0 | H34: 0 | I34: 0 | J34: 0 | K34: 2500 | L34: 0 | M34: 0 | N34: 0 | O34: 0 | P34: 0 | Q34: 0 | R34: 0 | S34: 0 | T34: 0 | U34: 0 | V34: 0 | W34: 0 | X34: 0 | Y34: =SUM(E34:X34) -> 2500
A35: 28 | B35: MIX AIR DOMINICANA | R35: =155550-155550 -> 0 | T35: =175000+125000 -> 300000 | Y35: =SUM(E35:X35) -> 300000
A36: 29 | B36: MULTICENTRO EL MANA | C36: MATERIAL DE LIMPIEZA | D36: VS | E36: 0 | F36: 0 | G36: 0 | H36: 0 | I36: 0 | J36: 0 | K36: 0 | L36: 0 | M36: 0 | N36: 0 | O36: 0 | P36: 0 | Q36: 0 | R36: 0 | S36: 0 | T36: =4725 -> 4725 | U36: =3980-3980 -> 0 | V36: =6395+51715-58110 -> 0 | W36: 0 | X36: 0 | Y36: =SUM(E36:X36) -> 4725
A37: 30 | B37: MULTI SERVICIOS MAO | C37: ALQUILRES | D37: VS | E37: 0 | F37: 0 | G37: 0 | H37: 0 | I37: 0 | J37: 0 | K37: 0 | L37: =1298 -> 1298 | M37: 0 | N37: 0 | O37: 0 | P37: 0 | Q37: 0 | R37: 0 | S37: 0 | T37: 0 | U37: 0 | V37: 0 | W37: 0 | X37: 0 | Y37: =SUM(E37:X37) -> 1298
A38: 31 | B38: MULTIGESTIONES YAVIC | T38: =157246.8 -> 157246.8 | Y38: =SUM(E38:X38) -> 157246.8
A39: 32 | B39: OXIGENOS EL CHINO | C39: OXIGENOS MEDICO | D39: VS | E39: 0 | F39: 0 | G39: =107165 -> 107165 | H39: 0 | I39: 0 | J39: 0 | K39: 0 | L39: 0 | M39: 0 | N39: 0 | O39: 0 | P39: 0 | Q39: 0 | R39: 0 | S39: 0 | T39: 0 | U39: 0 | V39: 0 | W39: 0 | X39: 0 | Y39: =SUM(E39:X39) -> 107165
A40: 33 | B40: Repuestos Danilo Santos | C40: MANT.EQ. TRANSPORTE | D40: VS | E40: 0 | F40: 0 | G40: =5245.28 -> 5245.28 | H40: 425 | I40: 0 | J40: 0 | K40: 0 | L40: 0 | M40: 0 | N40: 0 | O40: 0 | P40: 0 | Q40: 0 | R40: 0 | S40: 0 | T40: 0 | U40: 0 | V40: 0 | W40: 0 | X40: 0 | Y40: =SUM(E40:X40) -> 5670.28
A41: 34 | B41: REMIFAR COMERCIAL | C41: MEDICAMENTOS | D41: VS | E41: 0 | F41: 0 | G41: 0 | H41: 0 | I41: =51490 -> 51490 | J41: 0 | K41: 0 | L41: 0 | M41: 0 | N41: 0 | O41: 0 | P41: 0 | Q41: 0 | R41: 0 | S41: 0 | T41: 0 | U41: 0 | V41: 0 | W41: 0 | X41: 0 | Y41: =SUM(E41:X41) -> 51490
A42: 35 | B42: RONNY PUBLIICIDAD | T42: =283200 -> 283200 | Y42: =SUM(E42:X42) -> 283200
A43: 36 | B43: ROCE DENTAL | T43: =2273.11 -> 2273.11 | Y43: =SUM(E43:X43) -> 2273.11
A44: 37 | B44: SERCLAMED,SRL | C44: MEDICAMENTOS | D44: VS | E44: 0 | F44: 0 | G44: =167230.35 -> 167230.35 | H44: 0 | I44: 0 | J44: 0 | K44: 0 | L44: 0 | M44: 0 | N44: 0 | O44: 0 | P44: 0 | Q44: 0 | R44: 0 | S44: 0 | T44: 0 | U44: 0 | V44: 0 | W44: 0 | X44: 0 | Y44: =SUM(E44:X44) -> 167230.35
A45: 38 | B45: SERVIAMED | T45: =40120 -> 40120 | Y45: =SUM(E45:X45) -> 40120
A46: 39 | B46: SUPERMERCADO MOREL | C46: ALIMENTOS,MAT.PLASTICO Y DE LIMP. | D46: VS | E46: 0 | F46: 0 | G46: 0 | H46: 0 | I46: 0 | J46: 0 | K46: 0 | L46: 0 | M46: 0 | N46: 0 | O46: 0 | P46: 0 | Q46: 0 | R46: =24878-24878 -> 0 | S46: 0 | T46: =11253.2 -> 11253.2 | U46: 0 | V46: 0 | W46: 0 | X46: 0 | Y46: =SUM(E46:X46) -> 11253.2
A47: 40 | B47: SUPER ESTACION MAO | C47: COMBUSTIBLES | D47: VS | E47: 0 | F47: 0 | G47: 0 | H47: 0 | I47: 0 | J47: 0 | K47: 0 | L47: 0 | M47: 0 | N47: 0 | O47: 0 | P47: 0 | Q47: =66900-66900 -> 0 | R47: =94673.2-94673.2 -> 0 | S47: 0 | T47: =112977 -> 112977 | U47: =86665-86665 -> 0 | V47: 0 | W47: 0 | X47: 0 | Y47: =SUM(E47:X47) -> 112977
A48: 41 | B48: TDA. LAS MARGARITAS | C48: PLASTICO Y UT. DE COCINA | D48: VS | E48: 0 | F48: =11590 -> 11590 | G48: =1865 -> 1865 | H48: 0 | I48: 0 | J48: 0 | K48: 0 | L48: 0 | M48: 0 | N48: 0 | O48: 0 | P48: 0 | Q48: 0 | R48: 0 | S48: 0 | T48: 0 | U48: 0 | V48: 0 | W48: 0 | X48: 0 | Y48: =SUM(E48:X48) -> 13455
A49: 42 | B49: TDA. CUCHA | C49: ARTICULOS DIVERSOS | D49: VS | E49: 0 | F49: 0 | G49: 0 | H49: 0 | I49: 0 | J49: 1800 | K49: 0 | L49: 0 | M49: 0 | N49: 0 | O49: 0 | P49: 0 | Q49: 0 | R49: 0 | S49: 0 | T49: 0 | U49: 0 | V49: 0 | W49: 0 | X49: 0 | Y49: =SUM(E49:X49) -> 1800
A50: 43 | B50: UNIVERSAL DE COMPUTOS | T50: =59150+77400 -> 136550 | Y50: =SUM(E50:X50) -> 136550
A51: 44 | B51: ULTRACOMPUTERS | C51: MATERIAL DE INFORMATICA | D51: VS | E51: =8788.44 -> 8788.44 | F51: 0 | G51: =41300 -> 41300 | H51: 0 | I51: 0 | J51: 0 | K51: 0 | L51: 0 | M51: 0 | N51: 0 | O51: 0 | P51: 0 | Q51: 0 | R51: 0 | S51: 0 | T51: 0 | U51: 0 | V51: 0 | W51: 0 | X51: 0 | Y51: =SUM(E51:X51) -> 50088.44
A52: TOTAL GENERAL | E52: =SUM(E8:E51) -> 135153.94 | F52: =SUM(F8:F51) -> 141935.94 | G52: =SUM(G8:G51) -> 574828.63 | H52: =SUM(H8:H51) -> 6797 | I52: =SUM(I8:I51) -> 59444 | J52: =SUM(J8:J51) -> 65707.09 | K52: =SUM(K8:K51) -> 240879.85 | L52: =SUM(L8:L51) -> 1298 | ... Y52: =SUM(Y8:Y51) -> 4002062.3
B57: Preparado Por | F57: Revisado Por: | I57: Aprobado Por: | U57: Aprobado Por
B58: Lic. Jenniffer Rodriguez | F58: Lic. Jean Flores | I58: Dr. Newton Solano | U58: DR. Newton Solano
B59: Enc. Depto. De Contabilidad | F59: Administrador | I59: Director | S59: Director | U59: Director
N107: G198+=G197+G199
O309: =O301+O302+O303+O304+O305+O306+O307+O308 -> 0
O538: =SUM(O522:O537) -> 0
O890: =SUM(O874:O889) -> 0

Sheet DEUDA SUP.
C4: SERVICIO NACIONAL DE SALUD
B5: LISTADO DE DEUDAS PENDIENTES DE PAGO AÑO FISCAL 2013 HASTA 31 DE AGOSTO 2025
E6: REGION
D7: IV | E7: 4
D8: HOSPITAL REGIONAL ING. LUIS L. BOGAERT
B9: FECHA | C9: ORDEN DE | D9: NO. DE FACTURA | E9: INTERESADO | F9: CONCEPTO | G9: VALOR RD $
C10: COMPRA
E11: ALQUILER JEREZ | G11: 0
B12: 44081 | C12: 462-2020 | D12: B1500000259 | E12: ALQUILER JEREZ | F12: SUM.ALQUILER | G12: 2300
F13: SUB-TOTAL | G13: =G12 -> 2300
E14: ABREU LANTIGUA EVENTOS
B15: 45896 | C15: 635-2025 | D15: B1500000176 | E15: ABREU LANTIGUA EVENTOS | F15: SUM. DE ALIMENTOS | G15: 15623
B16: 45898 | C16: 638-2025 | D16: B1500000177 | E16: ABREU LANTIGUA EVENTOS | F16: SUM. DE ALIMENTOS | G16: 24780
F17: SUB-TOTAL | G17: =G15+G16 -> 40403
E18: A&M PLOMERIA
B19: 45880 | C19: 593-2025 | D19: E450000000080 | E19: A&M PLOMERIA | F19: SUM.FERRETEROS | G19: 73677.63
B20: 45898 | C20: 639-2025 | D20: E450000000149 | E20: A&M PLOMERIA | F20: SUM. ELECTRICOS | G20: 14815.01
F21: SUB-TOTAL | G21: =SUM(G19:G20) -> 88492.64
E22: AGUA FARES
B23: 45861 | D23: 29688 | E23: AGUA FARES | F23: SUM.AGUA | G23: 3675
B24: 45867 | D24: 29965 | E24: AGUA FARES | F24: SUM.AGUA | G24: 4300
B25: 45875 | D25: 29984 | E25: AGUA FARES | F25: SUM.AGUA | G25: 3450
B26: 45882 | D26: 30061 | E26: AGUA FARES | F26: SUM.AGUA | G26: 3495
B27: 45889 | D27: 30080 | E27: AGUA FARES | F27: SUM.AGUA | G27: 4665
B28: 45896 | D28: 30303 | E28: AGUA FARES | F28: SUM.AGUA | G28: 4050
B29: 45899 | D29: 30312 | E29: AGUA FARES | F29: SUM.AGUA | G29: 1200
F30: SUB-TOTAL | G30: =SUM(G23:G29) -> 24835
E31: ARCADIO ESPINAL
B32: 45894 | C32: 624-2025 | D32: B1500003197 | E32: ARCADIO ESPINAL | F32: SUM. Y MANT. DE AIRES | G32: 14900
F33: SUB-TOTAL | G33: =+G32 -> 14900
E34: BP MEDICAL
B35: 45889 | C35: 619-2025 | D35: B1500000503 | E35: BP MEDICAL | F35: SUM. MANT. EQUIPO MEDICO | G35: 26066.2
F36: SUB-TOTAL | G36: =G35 -> 26066.2
E37: AYUNTAMINETO
E38: AYUNTAMIENTO | F38: REC. DESECHOS SOLIDOS | G38: 0
E39: AYUNTAMIENTO | F39: REC. DESECHOS SOLIDOS | G39: 0
F40: SUB-TOTAL | G40: =G38+G39 -> 0
E41: ARTELUZ
E42: ARTELUZ | F42: SERV. DE ALQUILER | G42: 0
F43: SUB-TOTAL | G43: =+G42 -> 0
E44: BIOINGENIUS SMART
E45: BIOINGENIUS SMART | F45: MANT. EQUIPO | G45: 0
F46: SUB-TOTAL | G46: =G45 -> 0
E47: BIOMATERIALES DOM.
E48: BIOMATERIALES DOM. | F48: SUM. QUIRURGICO | G48: 0
F49: SUB-TOTAL | G49: =G48 -> 0
E50: BIONUCLEAR
B51: 45890 | C51: 628-2025 | D51: E450000007702 | E51: BIONUCLEAR | F51: SUM.REACTIVOS | G51: 21073
F52: SUB-TOTAL | G52: =G51 -> 21073
E53: CARNICERIA DARIO
B54: 43861 | C54: N.A | D54: N.A | E54: CARNICERIA DARIO | F54: SUM.ALIMENTOS | G54: 27356.25
B55: 43921 | C55: N.A | D55: N.A | E55: CARNICERIA DARIO | F55: SUM.ALIMENTOS | G55: 25788
B56: 43951 | C56: N.A | D56: N.A | E56: CARNICERIA DARIO | F56: SUM.ALIMENTOS | G56: 8977
F57: SUB-TOTAL | G57: =G54+G55+G56 -> 62121.25
E58: CETIOSA,EIRL
B59: 45900 | D59: EN PROCESO | E59: CETIOSA,EIRL | F59: SUM.COMBUSTIBLES | G59: =707940-2800 -> 705140
F60: PAPELERIA | G60: =SUM(G59) -> 705140
E61: CENTRO MEDICO
B62: 43159 | C62: 455-2018 | D62: 11500027846 | E62: CENTRO MEDICO | F62: SUM.QUIRUGICO | G62: 4480
B63: 43160 | C63: 457-2018 | D63: 11500027860 | E63: CENTRO MEDICO | F63: SUM.MEDICO | G63: 1524
B64: 43339 | C64: 808-2018 | D64: 11500012858 | E64: CENTRO MEDICO | F64: SUM.MEDICAMENTOS | G64: 830
B65: 43356 | C65: 827-2018 | D65: 11500012868 | E65: CENTRO MEDICO | F65: SUM.QUIRUGICO | G65: 1120
B66: 43473 | C66: 1057-2019 | D66: B1500000058 | E66: CENTRO MEDICO | F66: SUM.MEDICAMENTOS | G66: 1280
F67: SUB-TOTAL | G67: =G62+G63+G64+G65+G66 -> 9234
E68: CENTRO PLAZA LA FERIA
B69: 41586 | C69: N.A | D69: 11500000335 | E69: CENTRO PLAZA LA FERIA | F69: SUM.ELECTRODOMESTICOS | G69: 8000
F70: SUB-TOTAL | G70: =G69 -> 8000
E71: CELCA DISPLAY
B72: 45597 | C72: 767-2024 | D72: B1500000003 | E72: CELCA DISPLAY | F72: SUM ELAB. DE CAUNTER | G72: 135582
F73: SUB-TOTAL | G73: =G72 -> 135582
E74: COMPUTINTA
B75: 42313 | C75: 3416-2015 | D75: 21500000299 | E75: COMPUTINTA | F75: SUM.INFORMATICA | G75: 4720
B76: 42481 | C76: 3613-2016 | D76: 20100009475 | E76: COMPUTINTA | F76: SUM. INFORMATICA | G76: 5900
B77: 42556 | C77: 3721-2016 | D77: 20100010199 | E77: COMPUTINTA | F77: SUM.INFORMATICA | G77: 13452
B78: 42612 | C78: 4402-2016 | D78: 21500000363 | E78: COMPUTINTA | F78: SUM.INFORMATICA | G78: 13216
B79: 42746 | C79: 4719-2017 | D79: 20100011861 | E79: COMPUTINTA | F79: SUM.INFORMATICA | G79: 6372
F80: SUB-TOTAL | G80: =G75+G76+G77+G78+G79 -> 43660
E81: EDITORA PUNTO CENTRAL
B82: 45000 | C82: 192-2023 | D82: B1500000208 | E82: EDITORA PUNTO CENTRAL | F82: SUM.IMPRESOS | G82: 47790
F83: SUB-TOTAL | G83: =G82 -> 47790
E84: EVELYN FLOR
B85: 43856 | C85: N.A | D85: N.A | E85: EVELYN FLOR | F85: SUM.FLORES | G85: 2366
F86: SUB-TOTAL | G86: =G85 -> 2366
E87: FARMACIA ELYFIOR
B88: 45895 | C88: 630-2025 | D88: E450000000058 | E88: FARMACIA ELYFIOR | F88: SUM.MEDICAMENTOS | G88: 1282.11
B89: 45894 | C89: 634-2025 | D89: E450000000056 | E89: FARMACIA ELYFIOR | F89: SUM.MEDICAMENTOS | G89: 7215
F90: SUB-TOTAL | G90: =SUM(G88:G89) -> 8497.11 | H90: *
E91: FHEYAMS SERVICES SUPPLIER
B92: 45644 | C92: 455-2024 | D92: B1500000007 | E92: FHEYAMS SERVICES SUPPLIER | F92: SUM.UNIFORMES | G92: =649547.52-324773.76 -> 324773.76
F93: SUB-TOTAL | G93: =G92 -> 324773.76
E94: GRAFINOR
B95: 43746 | C95: 1690-2019 | D95: B1500000072 | E95: GRAFINOR | F95: SUM.IMPRESOS | G95: 26666.94
B96: 43777 | C96: 2095-2019 | D96: C-00140 | E96: GRAFINOR | F96: SUM.IMPRESOS | G96: 17464
B97: 43809 | C97: 3085-2019 | D97: C-N0.00147 | E97: GRAFINOR | F97: SUM.IMPRESOS | G97: 18496.15
B98: 43871 | C98: 0059-2020 | D98: B1500000076 | E98: GRAFINOR | F98: SUM.IMPRESOS | G98: 141092.6
F99: SUB-TOTAL | G99: =G95+G96+G97+G98 -> 203719.69
E100: HOSPIFAR
B101: 45870 | C101: 560-2025 | D101: E450000000275 | E101: HOSPIFAR | F101: SUM. DE LABORATORIO | G101: 77493.01
B102: 45870 | C102: 561-2025 | D102: E45000000277 | E102: HOSPIFAR | F102: SUM. QUIRURGICO | G102: 87839.2
F103: SUB-TOTAL | G103: =G101+G102 -> 165332.21
...

Sheet Plantilla Presupuesto
A1: SERVICIO NACIONAL DE SALUD
A2: HOSPITAL REGIONAL ING. LUIS L. BOGAERT
A3: REGION 4
A4: CONSOLIDADO GASTOS EJECUCION FINANCIERA 2025
A5: En RD$
A7: Detalle | B7: FONDO REPONIBLE | G7: VENTA SEVICIOS/OTROS APORTES | L7: TOTAL
A8: 2 - GASTOS | B8: 1ro | C8: 2do | D8: 3ro | E8: 4to | G8: 1ro | H8: 2do | I8: 3ro | J8: 4to | L8: 1ro | M8: 2do | N8: 3ro | O8: 4to
A9: 2.1 - REMUNERACIONES Y CONTRIBUCIONES | B9: =SUM(B10:B14) -> 0 | C9: =SUM(C10:C14) -> 0 | D9: =SUM(D10:D14) -> 0 | E9: =SUM(E10:E14) -> 0 | G9: =SUM(G10:G14) -> 3465184 | H9: =SUM(H10:H14) -> 0 | I9: =SUM(I10:I14) -> 0 | J9: =SUM(J10:J14) -> 0 | L9: =SUM(B9+G9) -> 3465184 | M9: =SUM(C9+H9) -> 0 | N9: =SUM(D9+I9) -> 0 | O9: =SUM(E9+J9) -> 0
A10: 2.1.1 - REMUNERACIONES | B10: =FR!C10+FR!D10+FR!E10 -> 0 | C10: =FR!F10+FR!G10+FR!H10 -> 0 | D10: =FR!I10+FR!J10+FR!K10 -> 0 | E10: =FR!L10+FR!M10+FR!N10 -> 0 | G10: =VS!C10+VS!D10+VS!E10 -> 0 | H10: =VS!F10+VS!G10+VS!H10 -> 0 | I10: =VS!I10+VS!J10+VS!K10 -> 0 | J10: =VS!L10+VS!M10+VS!N10 -> 0 | L10: =SUM(B10+G10) -> 0 | M10: =SUM(C10+H10) -> 0 | N10: =SUM(D10+I10) -> 0 | O10: =SUM(E10+J10) -> 0
A11: 2.1.2 - SOBRESUELDOS | B11: =FR!C11+FR!D11+FR!E11 -> 0 | C11: =FR!F11+FR!G11+FR!H11 -> 0 | D11: =FR!I11+FR!J11+FR!K11 -> 0 | E11: =FR!L11+FR!M11+FR!N11 -> 0 | G11: =VS!C11+VS!D11+VS!E11 -> 3465184 | H11: =VS!F11+VS!G11+VS!H11 -> 0 | I11: =VS!I11+VS!J11+VS!K11 -> 0 | J11: =VS!L11+VS!M11+VS!N11 -> 0 | L11: =SUM(B11+G11) -> 3465184 | M11: =SUM(C11+H11) -> 0 | N11: =SUM(D11+I11) -> 0 | O11: =SUM(E11+J11) -> 0
A12: 2.1.3 - DIETAS Y GASTOS DE REPRESENTACIÓN | B12: =FR!C12+FR!D12+FR!E12 -> 0 | C12: =FR!F12+FR!G12+FR!H12 -> 0 | D12: =FR!I12+FR!J12+FR!K12 -> 0 | E12: =FR!L12+FR!M12+FR!N12 -> 0 | G12: =VS!C12+VS!D12+VS!E12 -> 0 | H12: =VS!F12+VS!G12+VS!H12 -> 0 | I12: =VS!I12+VS!J12+VS!K12 -> 0 | J12: =VS!L12+VS!M12+VS!N12 -> 0 | L12: =SUM(B12+G12) -> 0 | M12: =SUM(C12+H12) -> 0 | N12: =SUM(D12+I12) -> 0 | O12: =SUM(E12+J12) -> 0
A13: 2.1.4 - GRATIFICACIONES Y BONIFICACIONES | B13: =FR!C13+FR!D13+FR!E13 -> 0 | C13: =FR!F13+FR!G13+FR!H13 -> 0 | D13: =FR!I13+FR!J13+FR!K13 -> 0 | E13: =FR!L13+FR!M13+FR!N13 -> 0 | G13: =VS!C13+VS!D13+VS!E13 -> 0 | H13: =VS!F13+VS!G13+VS!H13 -> 0 | I13: =VS!I13+VS!J13+VS!K13 -> 0 | J13: =VS!L13+VS!M13+VS!N13 -> 0 | L13: =SUM(B13+G13) -> 0 | M13: =SUM(C13+H13) -> 0 | N13: =SUM(D13+I13) -> 0 | O13: =SUM(E13+J13) -> 0
A14: 2.1.5 - CONTRIBUCIONES A LA SEGURIDAD SOCIAL | B14: =FR!C14+FR!D14+FR!E14 -> 0 | C14: =FR!F14+FR!G14+FR!H14 -> 0 | D14: =FR!I14+FR!J14+FR!K14 -> 0 | E14: =FR!L14+FR!M14+FR!N14 -> 0 | G14: =VS!C14+VS!D14+VS!E14 -> 0 | H14: =VS!F14+VS!G14+VS!H14 -> 0 | I14: =VS!I14+VS!J14+VS!K14 -> 0 | J14: =VS!L14+VS!M14+VS!N14 -> 0 | L14: =SUM(B14+G14) -> 0 | M14: =SUM(C14+H14) -> 0 | N14: =SUM(D14+I14) -> 0 | O14: =SUM(E14+J14) -> 0
A15: 2.2 - CONTRATACIÓN DE SERVICIOS | B15: =SUM(B16:B24) -> 514826.29 | C15: =SUM(C16:C24) -> 340379.66 | D15: =SUM(D16:D24) -> 0 | E15: =SUM(E16:E24) -> 0 | G15: =SUM(G16:G24) -> 3373590.1 | H15: =SUM(H16:H24) -> 2432472.5 | I15: =SUM(I16:I24) -> 1238287.1 | J15: =SUM(J16:J24) -> 0 | L15: =SUM(B15+G15) -> 3888416.4 | M15: =SUM(C15+H15) -> 2772852.2 | N15: =SUM(D15+I15) -> 1238287.1 | O15: =SUM(E15+J15) -> 0
A16: 2.2.1 - SERVICIOS BÁSICOS | B16: =FR!C16+FR!D16+FR!E16 -> 400686.29 | C16: =FR!F16+FR!G16+FR!H16 -> 259579.66 | D16: =FR!I16+FR!J16+FR!K16 -> 0 | E16: =FR!L16+FR!M16+FR!N16 -> 0 | G16: =VS!C16+VS!D16+VS!E16 -> 789173.04 | H16: =VS!F16+VS!G16+VS!H16 -> 67746.39 | I16: =VS!I16+VS!J16+VS!K16 -> 53186.46 | J16: =VS!L16+VS!M16+VS!N16 -> 0 | L16: =SUM(B16+G16) -> 1189859.3 | M16: =SUM(C16+H16) -> 327326.05 | N16: =SUM(D16+I16) -> 53186.46 | O16: =SUM(E16+J16) -> 0
A17: 2.2.2 - PUBLICIDAD, IMPRESIÓN Y ENCUADERNACIÓN | B17: =FR!C17+FR!D17+FR!E17 -> 0 | C17: =FR!F17+FR!G17+FR!H17 -> 0 | D17: =FR!I17+FR!J17+FR!K17 -> 0 | E17: =FR!L17+FR!M17+FR!N17 -> 0 | G17: =VS!C17+VS!D17+VS!E17 -> 569021.99 | H17: =VS!F17+VS!G17+VS!H17 -> 364148 | I17: =VS!I17+VS!J17+VS!K17 -> 408744.92 | J17: =VS!L17+VS!M17+VS!N17 -> 0 | L17: =SUM(B17+G17) -> 569021.99 | M17: =SUM(C17+H17) -> 364148 | N17: =SUM(D17+I17) -> 408744.92 | O17: =SUM(E17+J17) -> 0
A18: 2.2.3 - VIÁTICOS | B18: =FR!C18+FR!D18+FR!E18 -> 110010 | C18: =FR!F18+FR!G18+FR!H18 -> 80800 | D18: =FR!I18+FR!J18+FR!K18 -> 0 | E18: =FR!L18+FR!M18+FR!N18 -> 0 | G18: =VS!C18+VS!D18+VS!E18 -> 0 | H18: =VS!F18+VS!G18+VS!H18 -> 0 | I18: =VS!I18+VS!J18+VS!K18 -> 0 | J18: =VS!L18+VS!M18+VS!N18 -> 0 | L18: =SUM(B18+G18) -> 110010 | M18: =SUM(C18+H18) -> 80800 | N18: =SUM(D18+I18) -> 0 | O18: =SUM(E18+J18) -> 0
A19: 2.2.4 - TRANSPORTE Y ALMACENAJE | B19: =FR!C19+FR!D19+FR!E19 -> 0 | C19: =FR!F19+FR!G19+FR!H19 -> 0 | D19: =FR!I19+FR!J19+FR!K19 -> 0 | E19: =FR!L19+FR!M19+FR!N19 -> 0 | G19: =VS!C19+VS!D19+VS!E19 -> 62441.5 | H19: =VS!F19+VS!G19+VS!H19 -> 0 | I19: =VS!I19+VS!J19+VS!K19 -> 0 | J19: =VS!L19+VS!M19+VS!N19 -> 0 | L19: =SUM(B19+G19) -> 62441.5 | M19: =SUM(C19+H19) -> 0 | N19: =SUM(D19+I19) -> 0 | O19: =SUM(E19+J19) -> 0
A20: 2.2.5 - ALQUILERES Y RENTAS | B20: =FR!C20+FR!D20+FR!E20 -> 0 | C20: =FR!F20+FR!G20+FR!H20 -> 0 | D20: =FR!I20+FR!J20+FR!K20 -> 0 | E20: =FR!L20+FR!M20+FR!N20 -> 0 | G20: =VS!C20+VS!D20+VS!E20 -> 106830 | H20: =VS!F20+VS!G20+VS!H20 -> 86000 | I20: =VS!I20+VS!J20+VS!K20 -> 70136.54 | J20: =VS!L20+VS!M20+VS!N20 -> 0 | L20: =SUM(B20+G20) -> 106830 | M20: =SUM(C20+H20) -> 86000 | N20: =SUM(D20+I20) -> 70136.54 | O20: =SUM(E20+J20) -> 0
A21: 2.2.6 - SEGUROS | B21: =FR!C21+FR!D21+FR!E21 -> 0 | C21: =FR!F21+FR!G21+FR!H21 -> 0 | D21: =FR!I21+FR!J21+FR!K21 -> 0 | E21: =FR!L21+FR!M21+FR!N21 -> 0 | G21: =VS!C21+VS!D21+VS!E21 -> 100000 | H21: =VS!F21+VS!G21+VS!H21 -> 299999.99 | I21: =VS!I21+VS!J21+VS!K21 -> 0 | J21: =VS!L21+VS!M21+VS!N21 -> 0 | L21: =SUM(B21+G21) -> 100000 | M21: =SUM(C21+H21) -> 299999.99 | N21: =SUM(D21+I21) -> 0 | O21: =SUM(E21+J21) -> 0
A22: 2.2.7 - SERVICIOS DE CONSERVACIÓN, REPARACIONES MENORES E INSTALACIONES TEMPORALES | B22: =FR!C22+FR!D22+FR!E22 -> 4130 | C22: =FR!F22+FR!G22+FR!H22 -> 0 | D22: =FR!I22+FR!J22+FR!K22 -> 0 | E22: =FR!L22+FR!M22+FR!N22 -> 0 | G22: =VS!C22+VS!D22+VS!E22 -> 602542.12 | H22: =VS!F22+VS!G22+VS!H22 -> 510314.62 | I22: =VS!I22+VS!J22+VS!K22 -> 254099.5 | J22: =VS!L22+VS!M22+VS!N22 -> 0 | L22: =SUM(B22+G22) -> 606672.12 | M22: =SUM(C22+H22) -> 510314.62 | N22: =SUM(D22+I22) -> 254099.5 | O22: =SUM(E22+J22) -> 0
A23: 2.2.8 - OTROS SERVICIOS NO INCLUIDOS EN CONCEPTOS ANTERIORES | B23: =FR!C23+FR!D23+FR!E23 -> 0 | C23: =FR!F23+FR!G23+FR!H23 -> 0 | D23: =FR!I23+FR!J23+FR!K23 -> 0 | E23: =FR!L23+FR!M23+FR!N23 -> 0 | G23: =VS!C23+VS!D23+VS!E23 -> 779846.43 | H23: =VS!F23+VS!G23+VS!H23 -> 754136.5 | I23: =VS!I23+VS!J23+VS!K23 -> 216000 | J23: =VS!L23+VS!M23+VS!N23 -> 0 | L23: =SUM(B23+G23) -> 779846.43 | M23: =SUM(C23+H23) -> 754136.5 | N23: =SUM(D23+I23) -> 216000 | O23: =SUM(E23+J23) -> 0
A24: 2.2.9 - OTRAS CONTRATACIONES DE SERVICIOS | B24: =FR!C24+FR!D24+FR!E24 -> 0 | C24: =FR!F24+FR!G24+FR!H24 -> 0 | D24: =FR!I24+FR!J24+FR!K24 -> 0 | E24: =FR!L24+FR!M24+FR!N24 -> 0 | G24: =VS!C24+VS!D24+VS!E24 -> 363735 | H24: =VS!F24+VS!G24+VS!H24 -> 350127.04 | I24: =VS!I24+VS!J24+VS!K24 -> 236119.65 | J24: =VS!L24+VS!M24+VS!N24 -> 0 | L24: =SUM(B24+G24) -> 363735 | M24: =SUM(C24+H24) -> 350127.04 | N24: =SUM(D24+I24) -> 236119.65 | O24: =SUM(E24+J24) -> 0
A25: 2.3 - MATERIALES Y SUMINISTROS | B25: =SUM(B26:B34) -> 6973367.4 | C25: =SUM(C26:C34) -> 4651768.3 | D25: =SUM(D26:D34) -> 0 | E25: =SUM(E26:E34) -> 0 | G25: =SUM(G26:G34) -> 13144189 | H25: =SUM(H26:H34) -> 10906070 | I25: =SUM(I26:I34) -> 6527927.7 | J25: =SUM(J26:J34) -> 0 | L25: =SUM(B25+G25) -> 20117556 | M25: =SUM(C25+H25) -> 15557839 | N25: =SUM(D25+I25) -> 6527927.7 | O25: =SUM(E25+J25) -> 0
A26: 2.3.1 - ALIMENTOS Y PRODUCTOS AGROFORESTALES | B26: =FR!C26+FR!D26+FR!E26 -> 248192 | C26: =FR!F26+FR!G26+FR!H26 -> 176103 | D26: =FR!I26+FR!J26+FR!K26 -> 0 | E26: =FR!L26+FR!M26+FR!N26 -> 0 | G26: =VS!C26+VS!D26+VS!E26 -> 1196744.8 | H26: =VS!F26+VS!G26+VS!H26 -> 1027090.2 | I26: =VS!I26+VS!J26+VS!K26 -> 935147.67 | J26: =VS!L26+VS!M26+VS!N26 -> 0 | L26: =SUM(B26+G26) -> 1444936.8 | M26: =SUM(C26+H26) -> 1203193.2 | N26: =SUM(D26+I26) -> 935147.67 | O26: =SUM(E26+J26) -> 0
A27: 2.3.2 - TEXTILES Y VESTUARIOS | B27: =FR!C27+FR!D27+FR!E27 -> 0 | C27: =FR!F27+FR!G27+FR!H27 -> 0 | D27: =FR!I27+FR!J27+FR!K27 -> 0 | E27: =FR!L27+FR!M27+FR!N27 -> 0 | G27: =VS!C27+VS!D27+VS!E27 -> 0 | H27: =VS!F27+VS!G27+VS!H27 -> 120314.56 | I27: =VS!I27+VS!J27+VS!K27 -> 950 | J27: =VS!L27+VS!M27+VS!N27 -> 0 | L27: =SUM(B27+G27) -> 0 | M27: =SUM(C27+H27) -> 120314.56 | N27: =SUM(D27+I27) -> 950 | O27: =SUM(E27+J27) -> 0
A28: 2.3.3 - PRODUCTOS DE PAPEL, CARTÓN E IMPRESOS | B28: =FR!C28+FR!D28+FR!E28 -> 0 | C28: =FR!F28+FR!G28+FR!H28 -> 0 | D28: =FR!I28+FR!J28+FR!K28 -> 0 | E28: =FR!L28+FR!M28+FR!N28 -> 0 | G28: =VS!C28+VS!D28+VS!E28 -> 234930.57 | H28: =VS!F28+VS!G28+VS!H28 -> 232746.84 | I28: =VS!I28+VS!J28+VS!K28 -> 283350.24 | J28: =VS!L28+VS!M28+VS!N28 -> 0 | L28: =SUM(B28+G28) -> 234930.57 | M28: =SUM(C28+H28) -> 232746.84 | N28: =SUM(D28+I28) -> 283350.24 | O28: =SUM(E28+J28) -> 0
A29: 2.3.4 - PRODUCTOS FARMACÉUTICOS | B29: =FR!C29+FR!D29+FR!E29 -> 3083768.7 | C29: =FR!F29+FR!G29+FR!H29 -> 1462710 | D29: =FR!I29+FR!J29+FR!K29 -> 0 | E29: =FR!L29+FR!M29+FR!N29 -> 0 | G29: =VS!C29+VS!D29+VS!E29 -> 1896434.3 | H29: =VS!F29+VS!G29+VS!H29 -> 1615333.1 | I29: =VS!I29+VS!J29+VS!K29 -> 508753.61 | J29: =VS!L29+VS!M29+VS!N29 -> 0 | L29: =SUM(B29+G29) -> 4980203 | M29: =SUM(C29+H29) -> 3078043.1 | N29: =SUM(D29+I29) -> 508753.61 | O29: =SUM(E29+J29) -> 0
A30: 2.3.5 - PRODUCTOS DE CUERO, CAUCHO Y PLÁSTICO | B30: =FR!C30+FR!D30+FR!E30 -> 0 | C30: =FR!F30+FR!G30+FR!H30 -> 0 | D30: =FR!I30+FR!J30+FR!K30 -> 0 | E30: =FR!L30+FR!M30+FR!N30 -> 0 | G30: =VS!C30+VS!D30+VS!E30 -> 0 | H30: =VS!F30+VS!G30+VS!H30 -> 14435.53 | I30: =VS!I30+VS!J30+VS!K30 -> 70997.93 | J30: =VS!L30+VS!M30+VS!N30 -> 0 | L30: =SUM(B30+G30) -> 0 | M30: =SUM(C30+H30) -> 14435.53 | N30: =SUM(D30+I30) -> 70997.93 | O30: =SUM(E30+J30) -> 0
A31: 2.3.6 - PRODUCTOS DE MINERALES, METÁLICOS Y NO METÁLICOS | B31: =FR!C31+FR!D31+FR!E31 -> 0 | C31: =FR!F31+FR!G31+FR!H31 -> 0 | D31: =FR!I31+FR!J31+FR!K31 -> 0 | E31: =FR!L31+FR!M31+FR!N31 -> 0 | G31: =VS!C31+VS!D31+VS!E31 -> 51948.8 | H31: =VS!F31+VS!G31+VS!H31 -> 39629.98 | I31: =VS!I31+VS!J31+VS!K31 -> 34199.86 | J31: =VS!L31+VS!M31+VS!N31 -> 0 | L31: =SUM(B31+G31) -> 51948.8 | M31: =SUM(C31+H31) -> 39629.98 | N31: =SUM(D31+I31) -> 34199.86 | O31: =SUM(E31+J31) -> 0
A32: 2.3.7 - COMBUSTIBLES, LUBRICANTES, PRODUCTOS QUÍMICOS Y CONEXOS | B32: =FR!C32+FR!D32+FR!E32 -> 2335026.9 | C32: =FR!F32+FR!G32+FR!H32 -> 1861026.8 | D32: =FR!I32+FR!J32+FR!K32 -> 0 | E32: =FR!L32+FR!M32+FR!N32 -> 0 | G32: =VS!C32+VS!D32+VS!E32 -> 7389229.5 | H32: =VS!F32+VS!G32+VS!H32 -> 5820667.2 | I32: =VS!I32+VS!J32+VS!K32 -> 4012104.2 | J32: =VS!L32+VS!M32+VS!N32 -> 0 | L32: =SUM(B32+G32) -> 9724256.3 | M32: =SUM(C32+H32) -> 7681694 | N32: =SUM(D32+I32) -> 4012104.2 | O32: =SUM(E32+J32) -> 0
A33: 2.3.8 - GASTOS QUE SE ASIGNARÁN DURANTE EL EJERCICIO (ART. 32 Y 33 LEY 423-06) | B33: =FR!C33+FR!D33+FR!E33 -> 0 | C33: =FR!F33+FR!G33+FR!H33 -> 0 | D33: =FR!I33+FR!J33+FR!K33 -> 0 | E33: =FR!L33+FR!M33+FR!N33 -> 0 | G33: =VS!C33+VS!D33+VS!E33 -> 0 | H33: =VS!F33+VS!G33+VS!H33 -> 0 | I33: =VS!I33+VS!J33+VS!K33 -> 0 | J33: =VS!L33+VS!M33+VS!N33 -> 0 | L33: =SUM(B33+G33) -> 0 | M33: =SUM(C33+H33) -> 0 | N33: =SUM(D33+I33) -> 0 | O33: =SUM(E33+J33) -> 0
A34: 2.3.9 - PRODUCTOS Y ÚTILES VARIOS | B34: =FR!C34+FR!D34+FR!E34 -> 1306379.9 | C34: =FR!F34+FR!G34+FR!H34 -> 1151928.4 | D34: =FR!I34+FR!J34+FR!K34 -> 0 | E34: =FR!L34+FR!M34+FR!N34 -> 0 | G34: =VS!C34+VS!D34+VS!E34 -> 2374900.8 | H34: =VS!F34+VS!G34+VS!H34 -> 2035853 | I34: =VS!I34+VS!J34+VS!K34 -> 682424.14 | J34: =VS!L34+VS!M34+VS!N34 -> 0 | L34: =SUM(B34+G34) -> 3681280.6 | M34: =SUM(C34+H34) -> 3187781.5 | N34: =SUM(D34+I34) -> 682424.14 | O34: =SUM(E34+J34) -> 0
A35: 2.4 - TRANSFERENCIAS CORRIENTES | B35: =SUM(B36:B42) -> 0 | C35: =SUM(C36:C42) -> 0 | D35: =SUM(D36:D42) -> 0 | E35: =SUM(E36:E42) -> 0 | G35: =SUM(G36:G42) -> 0 | H35: =SUM(H36:H42) -> 0 | I35: =SUM(I36:I42) -> 0 | J35: =SUM(J36:J42) -> 0 | L35: =SUM(B35+G35) -> 0 | M35: =SUM(C35+H35) -> 0 | N35: =SUM(D35+I35) -> 0 | O35: =SUM(E35+J35) -> 0
A36: 2.4.1 - TRANSFERENCIAS CORRIENTES AL SECTOR PRIVADO | B36: =FR!C36+FR!D36+FR!E36 -> 0 | C36: =FR!F36+FR!G36+FR!H36 -> 0 | D36: =FR!I36+FR!J36+FR!K36 -> 0 | E36: =FR!L36+FR!M36+FR!N36 -> 0 | G36: =VS!C36+VS!D36+VS!E36 -> 0 | H36: =VS!F36+VS!G36+VS!H36 -> 0 | I36: =VS!I36+VS!J36+VS!K36 -> 0 | J36: =VS!L36+VS!M36+VS!N36 -> 0 | L36: =SUM(B36+G36) -> 0 | M36: =SUM(C36+H36) -> 0 | N36: =SUM(D36+I36) -> 0 | O36: =SUM(E36+J36) -> 0
A37: 2.4.2 - TRANSFERENCIAS CORRIENTES AL GOBIERNO GENERAL NACIONAL | B37: =FR!C37+FR!D37+FR!E37 -> 0 | C37: =FR!F37+FR!G37+FR!H37 -> 0 | D37: =FR!I37+FR!J37+FR!K37 -> 0 | E37: =FR!L37+FR!M37+FR!N37 -> 0 | G37: =VS!C37+VS!D37+VS!E37 -> 0 | H37: =VS!F37+VS!G37+VS!H37 -> 0 | I37: =VS!I37+VS!J37+VS!K37 -> 0 | J37: =VS!L37+VS!M37+VS!N37 -> 0 | L37: =SUM(B37+G37) -> 0 | M37: =SUM(C37+H37) -> 0 | N37: =SUM(D37+I37) -> 0 | O37: =SUM(E37+J37) -> 0
A38: 2.4.3 - TRANSFERENCIAS CORRIENTES A GOBIERNOS GENERALES LOCALES | B38: =FR!C38+FR!D38+FR!E38 -> 0 | C38: =FR!F38+FR!G38+FR!H38 -> 0 | D38: =FR!I38+FR!J38+FR!K38 -> 0 | E38: =FR!L38+FR!M38+FR!N38 -> 0 | G38: =VS!C38+VS!D38+VS!E38 -> 0 | H38: =VS!F38+VS!G38+VS!H38 -> 0 | I38: =VS!I38+VS!J38+VS!K38 -> 0 | J38: =VS!L38+VS!M38+VS!N38 -> 0 | L38: =SUM(B38+G38) -> 0 | M38: =SUM(C38+H38) -> 0 | N38: =SUM(D38+I38) -> 0 | O38: =SUM(E38+J38) -> 0
A39: 2.4.4 - TRANSFERENCIAS CORRIENTES A EMPRESAS PÚBLICAS NO FINANCIERAS | B39: =FR!C39+FR!D39+FR!E39 -> 0 | C39: =FR!F39+FR!G39+FR!H39 -> 0 | D39: =FR!I39+FR!J39+FR!K39 -> 0 | E39: =FR!L39+FR!M39+FR!N39 -> 0 | G39: =VS!C39+VS!D39+VS!E39 -> 0 | H39: =VS!F39+VS!G39+VS!H39 -> 0 | I39: =VS!I39+VS!J39+VS!K39 -> 0 | J39: =VS!L39+VS!M39+VS!N39 -> 0 | L39: =SUM(B39+G39) -> 0 | M39: =SUM(C39+H39) -> 0 | N39: =SUM(D39+I39) -> 0 | O39: =SUM(E39+J39) -> 0
A40: 2.4.5 - TRANSFERENCIAS CORRIENTES A INSTITUCIONES PÚBLICAS FINANCIERAS | B40: =FR!C40+FR!D40+FR!E40 -> 0 | C40: =FR!F40+FR!G40+FR!H40 -> 0 | D40: =FR!I40+FR!J40+FR!K40 -> 0 | E40: =FR!L40+FR!M40+FR!N40 -> 0 | G40: =VS!C40+VS!D40+VS!E40 -> 0 | H40: =VS!F40+VS!G40+VS!H40 -> 0 | I40: =VS!I40+VS!J40+VS!K40 -> 0 | J40: =VS!L40+VS!M40+VS!N40 -> 0 | L40: =SUM(B40+G40) -> 0 | M40: =SUM(C40+H40) -> 0 | N40: =SUM(D40+I40) -> 0 | O40: =SUM(E40+J40) -> 0
A41: 2.4.7 - TRANSFERENCIAS CORRIENTES AL SECTOR EXTERNO | B41: =FR!C41+FR!D41+FR!E41 -> 0 | C41: =FR!F41+FR!G41+FR!H41 -> 0 | D41: =FR!I41+FR!J41+FR!K41 -> 0 | E41: =FR!L41+FR!M41+FR!N41 -> 0 | G41: =VS!C41+VS!D41+VS!E41 -> 0 | H41: =VS!F41+VS!G41+VS!H41 -> 0 | I41: =VS!I41+VS!J41+VS!K41 -> 0 | J41: =VS!L41+VS!M41+VS!N41 -> 0 | L41: =SUM(B41+G41) -> 0 | M41: =SUM(C41+H41) -> 0 | N41: =SUM(D41+I41) -> 0 | O41: =SUM(E41+J41) -> 0
A42: 2.4.9 - TRANSFERENCIAS CORRIENTES A OTRAS INSTITUCIONES PÚBLICAS | B42: =FR!C42+FR!D42+FR!E42 -> 0 | C42: =FR!F42+FR!G42+FR!H42 -> 0 | D42: =FR!I42+FR!J42+FR!K42 -> 0 | E42: =FR!L42+FR!M42+FR!N42 -> 0 | G42: =VS!C42+VS!D42+VS!E42 -> 0 | H42: =VS!F42+VS!G42+VS!H42 -> 0 | I42: =VS!I42+VS!J42+VS!K42 -> 0 | J42: =VS!L42+VS!M42+VS!N42 -> 0 | L42: =SUM(B42+G42) -> 0 | M42: =SUM(C42+H42) -> 0 | N42: =SUM(D42+I42) -> 0 | O42: =SUM(E42+J42) -> 0
A43: 2.5 - TRANSFERENCIAS DE CAPITAL | B43: =SUM(B44:B50) -> 0 | C43: =SUM(C44:C50) -> 0 | D43: =SUM(D44:D50) -> 0 | E43: =SUM(E44:E50) -> 0 | G43: =SUM(G44:G50) -> 0 | H43: =SUM(H44:H50) -> 0 | I43: =SUM(I44:I50) -> 0 | J43: =SUM(J44:J50) -> 0 | L43: =SUM(B43+G43) -> 0 | M43: =SUM(C43+H43) -> 0 | N43: =SUM(D43+I43) -> 0 | O43: =SUM(E43+J43) -> 0
A44: 2.5.1 - TRANSFERENCIAS DE CAPITAL AL SECTOR PRIVADO | B44: =FR!C44+FR!D44+FR!E44 -> 0 | C44: =FR!D44+FR!E44+FR!F44 -> 0 | D44: =FR!E44+FR!F44+FR!G44 -> 0 | E44: =FR!F44+FR!G44+FR!H44 -> 0 | G44: =VS!C44+VS!D44+VS!E44 -> 0 | H44: =VS!F44+VS!G44+VS!H44 -> 0 | I44: =VS!I44+VS!J44+VS!K44 -> 0 | J44: =VS!L44+VS!M44+VS!N44 -> 0 | L44: =SUM(B44+G44) -> 0 | M44: =SUM(C44+H44) -> 0 | N44: =SUM(D44+I44) -> 0 | O44: =SUM(E44+J44) -> 0
A45: 2.5.2 - TRANSFERENCIAS DE CAPITAL AL GOBIERNO GENERAL NACIONAL | B45: =FR!C45+FR!D45+FR!E45 -> 0 | C45: =FR!D45+FR!E45+FR!F45 -> 0 | D45: =FR!E45+FR!F45+FR!G45 -> 0 | E45: =FR!F45+FR!G45+FR!H45 -> 0 | G45: =VS!C45+VS!D45+VS!E45 -> 0 | H45: =VS!F45+VS!G45+VS!H45 -> 0 | I45: =VS!I45+VS!J45+VS!K45 -> 0 | J45: =VS!L45+VS!M45+VS!N45 -> 0 | L45: =SUM(B45+G45) -> 0 | M45: =SUM(C45+H45) -> 0 | N45: =SUM(D45+I45) -> 0 | O45: =SUM(E45+J45) -> 0
A46: 2.5.3 - TRANSFERENCIAS DE CAPITAL A GOBIERNOS GENERALES LOCALES | B46: =FR!C46+FR!D46+FR!E46 -> 0 | C46: =FR!D46+FR!E46+FR!F46 -> 0 | D46: =FR!E46+FR!F46+FR!G46 -> 0 | E46: =FR!F46+FR!G46+FR!H46 -> 0 | G46: =VS!C46+VS!D46+VS!E46 -> 0 | H46: =VS!F46+VS!G46+VS!H46 -> 0 | I46: =VS!I46+VS!J46+VS!K46 -> 0 | J46: =VS!L46+VS!M46+VS!N46 -> 0 | L46: =SUM(B46+G46) -> 0 | M46: =SUM(C46+H46) -> 0 | N46: =SUM(D46+I46) -> 0 | O46: =SUM(E46+J46) -> 0
A47: 2.5.4 - TRANSFERENCIAS DE CAPITAL A EMPRESAS PÚBLICAS NO FINANCIERAS | B47: =FR!C47+FR!D47+FR!E47 -> 0 | C47: =FR!D47+FR!E47+FR!F47 -> 0 | D47: =FR!E47+FR!F47+FR!G47 -> 0 | E47: =FR!F47+FR!G47+FR!H47 -> 0 | G47: =VS!C47+VS!D47+VS!E47 -> 0 | H47: =VS!F47+VS!G47+VS!H47 -> 0 | I47: =VS!I47+VS!J47+VS!K47 -> 0 | J47: =VS!L47+VS!M47+VS!N47 -> 0 | L47: =SUM(B47+G47) -> 0 | M47: =SUM(C47+H47) -> 0 | N47: =SUM(D47+I47) -> 0 | O47: =SUM(E47+J47) -> 0
A48: 2.5.5 - TRANSFERENCIAS DE CAPITAL A INSTITUCIONES PÚBLICAS FINANCIERAS | B48: =FR!C48+FR!D48+FR!E48 -> 0 | C48: =FR!D48+FR!E48+FR!F48 -> 0 | D48: =FR!E48+FR!F48+FR!G48 -> 0 | E48: =FR!F48+FR!G48+FR!H48 -> 0 | G48: =VS!C48+VS!D48+VS!E48 -> 0 | H48: =VS!F48+VS!G48+VS!H48 -> 0 | I48: =VS!I48+VS!J48+VS!K48 -> 0 | J48: =VS!L48+VS!M48+VS!N48 -> 0 | L48: =SUM(B48+G48) -> 0 | M48: =SUM(C48+H48) -> 0 | N48: =SUM(D48+I48) -> 0 | O48: =SUM(E48+J48) -> 0
A49: 2.5.6 - TRANSFERENCIAS DE CAPITAL AL SECTOR EXTERNO | B49: =FR!C49+FR!D49+FR!E49 -> 0 | C49: =FR!D49+FR!E49+FR!F49 -> 0 | D49: =FR!E49+FR!F49+FR!G49 -> 0 | E49: =FR!F49+FR!G49+FR!H49 -> 0 | G49: =VS!C49+VS!D49+VS!E49 -> 0 | H49: =VS!F49+VS!G49+VS!H49 -> 0 | I49: =VS!I49+VS!J49+VS!K49 -> 0 | J49: =VS!L49+VS!M49+VS!N49 -> 0 | L49: =SUM(B49+G49) -> 0 | M49: =SUM(C49+H49) -> 0 | N49: =SUM(D49+I49) -> 0 | O49: =SUM(E49+J49) -> 0
A50: 2.5.9 - TRANSFERENCIAS DE CAPITAL A OTRAS INSTITUCIONES PÚBLICAS | B50: =FR!C50+FR!D50+FR!E50 -> 0 | C50: =FR!D50+FR!E50+FR!F50 -> 0 | D50: =FR!E50+FR!F50+FR!G50 -> 0 | E50: =FR!F50+FR!G50+FR!H50 -> 0 | G50: =VS!C50+VS!D50+VS!E50 -> 0 | H50: =VS!F50+VS!G50+VS!H50 -> 0 | I50: =VS!I50+VS!J50+VS!K50 -> 0 | J50: =VS!L50+VS!M50+VS!N50 -> 0 | L50: =SUM(B50+G50) -> 0 | M50: =SUM(C50+H50) -> 0 | N50: =SUM(D50+I50) -> 0 | O50: =SUM(E50+J50) -> 0
A51: 2.6 - BIENES MUEBLES, INMUEBLES E INTANGIBLES | B51: =SUM(B52:B60) -> 0 | C51: =SUM(C52:C60) -> 0 | D51: =SUM(D52:D60) -> 0 | E51: =SUM(E52:E60) -> 0 | G51: =SUM(G52:G60) -> 1254687.2 | H51: =SUM(H52:H60) -> 4055129.7 | I51: =SUM(I52:I60) -> 891102.74 | J51: =SUM(J52:J60) -> 0 | L51: =SUM(B51+G51) -> 1254687.2 | M51: =SUM(C51+H51) -> 4055129.7 | N51: =SUM(D51+I51) -> 891102.74 | O51: =SUM(E51+J51) -> 0
A52: 2.6.1 - MOBILIARIO Y EQUIPO | B52: =FR!C52+FR!D52+FR!E52 -> 0 | C52: =FR!D52+FR!E52+FR!F52 -> 0 | D52: =FR!E52+FR!F52+FR!G52 -> 0 | E52: =FR!F52+FR!G52+FR!H52 -> 0 | G52: =VS!C52+VS!D52+VS!E52 -> 128425 | H52: =VS!F52+VS!G52+VS!H52 -> 2326190.1 | I52: =VS!I52+VS!J52+VS!K52 -> 209220 | J52: =VS!L52+VS!M52+VS!N52 -> 0 | L52: =SUM(B52+G52) -> 128425 | M52: =SUM(C52+H52) -> 2326190.1 | N52: =SUM(D52+I52) -> 209220 | O52: =SUM(E52+J52) -> 0
A53: 2.6.2 - MOBILIARIO Y EQUIPO EDUCACIONAL Y RECREATIVO | B53: =FR!C53+FR!D53+FR!E53 -> 0 | C53: =FR!D53+FR!E53+FR!F53 -> 0 | D53: =FR!E53+FR!F53+FR!G53 -> 0 | E53: =FR!F53+FR!G53+FR!H53 -> 0 | G53: =VS!C53+VS!D53+VS!E53 -> 0 | H53: =VS!F53+VS!G53+VS!H53 -> 63506.51 | I53: =VS!I53+VS!J53+VS!K53 -> 0 | J53: =VS!L53+VS!M53+VS!N53 -> 0 | L53: =SUM(B53+G53) -> 0 | M53: =SUM(C53+H53) -> 63506.51 | N53: =SUM(D53+I53) -> 0 | O53: =SUM(E53+J53) -> 0
A54: 2.6.3 - EQUIPO E INSTRUMENTAL, CIENTÍFICO Y LABORATORIO | B54: =FR!C54+FR!D54+FR!E54 -> 0 | C54: =FR!D54+FR!E54+FR!F54 -> 0 | D54: =FR!E54+FR!F54+FR!G54 -> 0 | E54: =FR!F54+FR!G54+FR!H54 -> 0 | G54: =VS!C54+VS!D54+VS!E54 -> 789462.23 | H54: =VS!F54+VS!G54+VS!H54 -> 1506933.1 | I54: =VS!I54+VS!J54+VS!K54 -> 681882.74 | J54: =VS!L54+VS!M54+VS!N54 -> 0 | L54: =SUM(B54+G54) -> 789462.23 | M54: =SUM(C54+H54) -> 1506933.1 | N54: =SUM(D54+I54) -> 681882.74 | O54: =SUM(E54+J54) -> 0
A55: 2.6.4 - VEHÍCULOS Y EQUIPO DE TRANSPORTE, TRACCIÓN Y ELEVACIÓN | B55: =FR!C55+FR!D55+FR!E55 -> 0 | C55: =FR!D55+FR!E55+FR!F55 -> 0 | D55: =FR!E55+FR!F55+FR!G55 -> 0 | E55: =FR!F55+FR!G55+FR!H55 -> 0 | G55: =VS!C55+VS!D55+VS!E55 -> 0 | H55: =VS!F55+VS!G55+VS!H55 -> 0 | I55: =VS!I55+VS!J55+VS!K55 -> 0 | J55: =VS!L55+VS!M55+VS!N55 -> 0 | L55: =SUM(B55+G55) -> 0 | M55: =SUM(C55+H55) -> 0 | N55: =SUM(D55+I55) -> 0 | O55: =SUM(E55+J55) -> 0
A56: 2.6.5 - MAQUINARIA, OTROS EQUIPOS Y HERRAMIENTAS | B56: =FR!C56+FR!D56+FR!E56 -> 0 | C56: =FR!D56+FR!E56+FR!F56 -> 0 | D56: =FR!E56+FR!F56+FR!G56 -> 0 | E56: =FR!F56+FR!G56+FR!H56 -> 0 | G56: =VS!C56+VS!D56+VS!E56 -> 336800.02 | H56: =VS!F56+VS!G56+VS!H56 -> 158500 | I56: =VS!I56+VS!J56+VS!K56 -> 0 | J56: =VS!L56+VS!M56+VS!N56 -> 0 | L56: =SUM(B56+G56) -> 336800.02 | M56: =SUM(C56+H56) -> 158500 | N56: =SUM(D56+I56) -> 0 | O56: =SUM(E56+J56) -> 0
A57: 2.6.6 - EQUIPOS DE DEFENSA Y SEGURIDAD | B57: =FR!C57+FR!D57+FR!E57 -> 0 | C57: =FR!D57+FR!E57+FR!F57 -> 0 | D57: =FR!E57+FR!F57+FR!G57 -> 0 | E57: =FR!F57+FR!G57+FR!H57 -> 0 | G57: =VS!C57+VS!D57+VS!E57 -> 0 | H57: =VS!F57+VS!G57+VS!H57 -> 0 | I57: =VS!I57+VS!J57+VS!K57 -> 0 | J57: =VS!L57+VS!M57+VS!N57 -> 0 | L57: =SUM(B57+G57) -> 0 | M57: =SUM(C57+H57) -> 0 | N57: =SUM(D57+I57) -> 0 | O57: =SUM(E57+J57) -> 0
A58: 2.6.7 - ACTIVOS BIÓLOGICOS CULTIVABLES | B58: =FR!C58+FR!D58+FR!E58 -> 0 | C58: =FR!D58+FR!E58+FR!F58 -> 0 | D58: =FR!E58+FR!F58+FR!G58 -> 0 | E58: =FR!F58+FR!G58+FR!H58 -> 0 | G58: =VS!C58+VS!D58+VS!E58 -> 0 | H58: =VS!F58+VS!G58+VS!H58 -> 0 | I58: =VS!I58+VS!J58+VS!K58 -> 0 | J58: =VS!L58+VS!M58+VS!N58 -> 0 | L58: =SUM(B58+G58) -> 0 | M58: =SUM(C58+H58) -> 0 | N58: =SUM(D58+I58) -> 0 | O58: =SUM(E58+J58) -> 0
A59: 2.6.8 - BIENES INTANGIBLES | B59: =FR!C59+FR!D59+FR!E59 -> 0 | C59: =FR!D59+FR!E59+FR!F59 -> 0 | D59: =FR!E59+FR!F59+FR!G59 -> 0 | E59: =FR!F59+FR!G59+FR!H59 -> 0 | G59: =VS!C59+VS!D59+VS!E59 -> 0 | H59: =VS!F59+VS!G59+VS!H59 -> 0 | I59: =VS!I59+VS!J59+VS!K59 -> 0 | J59: =VS!L59+VS!M59+VS!N59 -> 0 | L59: =SUM(B59+G59) -> 0 | M59: =SUM(C59+H59) -> 0 | N59: =SUM(D59+I59) -> 0 | O59: =SUM(E59+J59) -> 0
A60: 2.6.9 - EDIFICIOS, ESTRUCTURAS, TIERRAS, TERRENOS Y OBJETOS DE VALOR | B60: =FR!C60+FR!D60+FR!E60 -> 0 | C60: =FR!D60+FR!E60+FR!F60 -> 0 | D60: =FR!E60+FR!F60+FR!G60 -> 0 | E60: =FR!F60+FR!G60+FR!H60 -> 0 | G60: =VS!C60+VS!D60+VS!E60 -> 0 | H60: =VS!F60+VS!G60+VS!H60 -> 0 | I60: =VS!I60+VS!J60+VS!K60 -> 0 | J60: =VS!L60+VS!M60+VS!N60 -> 0 | L60: =SUM(B60+G60) -> 0 | M60: =SUM(C60+H60) -> 0 | N60: =SUM(D60+I60) -> 0 | O60: =SUM(E60+J60) -> 0
A61: 2.7 - OBRAS | B61: =SUM(B62:B65) -> 0 | C61: =SUM(C62:C65) -> 0 | D61: =SUM(D62:D65) -> 0 | E61: =SUM(E62:E65) -> 0 | G61: =SUM(G62:G65) -> 0 | H61: =SUM(H62:H65) -> 0 | I61: =SUM(I62:I65) -> 108560 | J61: =SUM(J62:J65) -> 0 | L61: =SUM(B61+G61) -> 0 | M61: =SUM(C61+H61) -> 0 | N61: =SUM(D61+I61) -> 108560 | O61: =SUM(E61+J61) -> 0
A62: 2.7.1 - OBRAS EN EDIFICACIONES | B62: =FR!C62+FR!D62+FR!E62 -> 0 | C62: =FR!D62+FR!E62+FR!F62 -> 0 | D62: =FR!E62+FR!F62+FR!G62 -> 0 | E62: =FR!F62+FR!G62+FR!H62 -> 0 | G62: =VS!C62+VS!D62+VS!E62 -> 0 | H62: =VS!F62+VS!G62+VS!H62 -> 0 | I62: =VS!I62+VS!J62+VS!K62 -> 108560 | J62: =VS!L62+VS!M62+VS!N62 -> 0 | L62: =SUM(B62+G62) -> 0 | M62: =SUM(C62+H62) -> 0 | N62: =SUM(D62+I62) -> 108560 | O62: =SUM(E62+J62) -> 0
A63: 2.7.2 - INFRAESTRUCTURA | B63: =FR!C63+FR!D63+FR!E63 -> 0 | C63: =FR!D63+FR!E63+FR!F63 -> 0 | D63: =FR!E63+FR!F63+FR!G63 -> 0 | E63: =FR!F63+FR!G63+FR!H63 -> 0 | G63: =VS!C63+VS!D63+VS!E63 -> 0 | H63: =VS!F63+VS!G63+VS!H63 -> 0 | I63: =VS!I63+VS!J63+VS!K63 -> 0 | J63: =VS!L63+VS!M63+VS!N63 -> 0 | L63: =SUM(B63+G63) -> 0 | M63: =SUM(C63+H63) -> 0 | N63: =SUM(D63+I63) -> 0 | O63: =SUM(E63+J63) -> 0
A64: 2.7.3 - CONSTRUCCIONES EN BIENES CONCESIONADOS | B64: =FR!C64+FR!D64+FR!E64 -> 0 | C64: =FR!D64+FR!E64+FR!F64 -> 0 | D64: =FR!E64+FR!F64+FR!G64 -> 0 | E64: =FR!F64+FR!G64+FR!H64 -> 0 | G64: =VS!C64+VS!D64+VS!E64 -> 0 | H64: =VS!F64+VS!G64+VS!H64 -> 0 | I64: =VS!I64+VS!J64+VS!K64 -> 0 | J64: =VS!L64+VS!M64+VS!N64 -> 0 | L64: =SUM(B64+G64) -> 0 | M64: =SUM(C64+H64) -> 0 | N64: =SUM(D64+I64) -> 0 | O64: =SUM(E64+J64) -> 0
A65: 2.7.4 - GASTOS QUE SE ASIGNARÁN DURANTE EL EJERCICIO PARA INVERSIÓN (ART. 32 Y 33 LEY 423-06) | B65: =FR!C65+FR!D65+FR!E65 -> 0 | C65: =FR!D65+FR!E65+FR!F65 -> 0 | D65: =FR!E65+FR!F65+FR!G65 -> 0 | E65: =FR!F65+FR!G65+FR!H65 -> 0 | G65: =VS!C65+VS!D65+VS!E65 -> 0 | H65: =VS!F65+VS!G65+VS!H65 -> 0 | I65: =VS!I65+VS!J65+VS!K65 -> 0 | J65: =VS!L65+VS!M65+VS!N65 -> 0 | L65: =SUM(B65+G65) -> 0 | M65: =SUM(C65+H65) -> 0 | N65: =SUM(D65+I65) -> 0 | O65: =SUM(E65+J65) -> 0
A66: 2.8 - ADQUISICION DE ACTIVOS FINANCIEROS CON FINES DE POLÍTICA | B66: =SUM(B67:B68) -> 0 | C66: =SUM(C67:C68) -> 0 | D66: =SUM(D67:D68) -> 0 | E66: =SUM(E67:E68) -> 0 | G66: =SUM(G67:G68) -> 0 | H66: =SUM(H67:H68) -> 0 | I66: =SUM(I67:I68) -> 0 | J66: =SUM(J67:J68) -> 0 | L66: =SUM(B66+G66) -> 0 | M66: =SUM(C66+H66) -> 0 | N66: =SUM(D66+I66) -> 0 | O66: =SUM(E66+J66) -> 0
A67: 2.8.1 - CONCESIÓN DE PRESTAMOS | B67: =FR!C67+FR!D67+FR!E67 -> 0 | C67: =FR!D67+FR!E67+FR!F67 -> 0 | D67: =FR!E67+FR!F67+FR!G67 -> 0 | E67: =FR!F67+FR!G67+FR!H67 -> 0 | G67: =VS!C67+VS!D67+VS!E67 -> 0 | H67: =VS!F67+VS!G67+VS!H67 -> 0 | I67: =VS!I67+VS!J67+VS!K67 -> 0 | J67: =VS!L67+VS!M67+VS!N67 -> 0 | L67: =SUM(B67+G67) -> 0 | M67: =SUM(C67+H67) -> 0 | N67: =SUM(D67+I67) -> 0 | O67: =SUM(E67+J67) -> 0
A68: 2.8.2 - ADQUISICIÓN DE TÍTULOS VALORES REPRESENTATIVOS DE DEUDA | B68: =FR!C68+FR!D68+FR!E68 -> 0 | C68: =FR!D68+FR!E68+FR!F68 -> 0 | D68: =FR!E68+FR!F68+FR!G68 -> 0 | E68: =FR!F68+FR!G68+FR!H68 -> 0 | G68: =VS!C68+VS!D68+VS!E68 -> 0 | H68: =VS!F68+VS!G68+VS!H68 -> 0 | I68: =VS!I68+VS!J68+VS!K68 -> 0 | J68: =VS!L68+VS!M68+VS!N68 -> 0 | L68: =SUM(B68+G68) -> 0 | M68: =SUM(C68+H68) -> 0 | N68: =SUM(D68+I68) -> 0 | O68: =SUM(E68+J68) -> 0
A69: 2.9 - GASTOS FINANCIEROS | B69: =SUM(B70:B72) -> 11748.4 | C69: =SUM(C70:C72) -> 7783.57 | D69: =SUM(D70:D72) -> 0 | E69: =SUM(E70:E72) -> 0 | G69: =SUM(G70:G72) -> 26872.83 | H69: =SUM(H70:H72) -> 31467.52 | I69: =SUM(I70:I72) -> 13758.07 | J69: =SUM(J70:J72) -> 0 | L69: =SUM(B69+G69) -> 38621.23 | M69: =SUM(C69+H69) -> 39251.09 | N69: =SUM(D69+I69) -> 13758.07 | O69: =SUM(E69+J69) -> 0
A70: 2.9.1 - INTERESES DE LA DEUDA PÚBLICA INTERNA | B70: =FR!C70+FR!D70+FR!E70 -> 0 | C70: =FR!D70+FR!E70+FR!F70 -> 0 | D70: =FR!E70+FR!F70+FR!G70 -> 0 | E70: =FR!F70+FR!G70+FR!H70 -> 0 | G70: =VS!C70+VS!D70+VS!E70 -> 0 | H70: =VS!F70+VS!G70+VS!H70 -> 0 | I70: =VS!I70+VS!J70+VS!K70 -> 0 | J70: =VS!L70+VS!M70+VS!N70 -> 0 | L70: =SUM(B70+G70) -> 0 | M70: =SUM(C70+H70) -> 0 | N70: =SUM(D70+I70) -> 0 | O70: =SUM(E70+J70) -> 0
A71: 2.9.2 - INTERESES DE LA DEUDA PUBLICA EXTERNA | B71: =FR!C71+FR!D71+FR!E71 -> 0 | C71: =FR!D71+FR!E71+FR!F71 -> 0 | D71: =FR!E71+FR!F71+FR!G71 -> 0 | E71: =FR!F71+FR!G71+FR!H71 -> 0 | G71: =VS!C71+VS!D71+VS!E71 -> 0 | H71: =VS!F71+VS!G71+VS!H71 -> 0 | I71: =VS!I71+VS!J71+VS!K71 -> 0 | J71: =VS!L71+VS!M71+VS!N71 -> 0 | L71: =SUM(B71+G71) -> 0 | M71: =SUM(C71+H71) -> 0 | N71: =SUM(D71+I71) -> 0 | O71: =SUM(E71+J71) -> 0
A72: 2.9.4 - COMISIONES Y OTROS GASTOS BANCARIOS DE LA DEUDA PÚBLICA | B72: =FR!C72+FR!D72+FR!E72 -> 11748.4 | C72: =FR!F72+FR!G72+FR!H72 -> 7783.57 | D72: =FR!I72+FR!J72+FR!K72 -> 0 | E72: =FR!L72+FR!M72+FR!N72 -> 0 | G72: =VS!C72+VS!D72+VS!E72 -> 26872.83 | H72: =VS!F72+VS!G72+VS!H72 -> 31467.52 | I72: =VS!I72+VS!J72+VS!K72 -> 13758.07 | J72: =VS!L72+VS!M72+VS!N72 -> 0 | L72: =SUM(B72+G72) -> 38621.23 | M72: =SUM(C72+H72) -> 39251.09 | N72: =SUM(D72+I72) -> 13758.07 | O72: =SUM(E72+J72) -> 0
A73: Total Gastos | B73: =+B9+B15+B25+B35+B43+B51+B61+B66+B69 -> 7499942.1 | C73: =+C9+C15+C25+C35+C43+C51+C61+C66+C69 -> 4999931.5 | D73: =+D9+D15+D25+D35+D43+D51+D61+D66+D69 -> 0 | E73: =+E9+E15+E25+E35+E43+E51+E61+E66+E69 -> 0 | G73: =+G9+G15+G25+G35+G43+G51+G61+G66+G69 -> 21264523 | H73: =+H9+H15+H25+H35+H43+H51+H61+H66+H69 -> 17425140 | I73: =+I9+I15+I25+I35+I43+I51+I61+I66+I69 -> 8779635.5 | J73: =+J9+J15+J25+J35+J43+J51+J61+J66+J69 -> 0 | L73: =SUM(B73+G73) -> 28764465 | M73: =SUM(C73+H73) -> 22425072 | N73: =SUM(D73+I73) -> 8779635.5 | O73: =SUM(E73+J73) -> 0
A74: 4 - APLICACIONES FINANCIERAS | B74: =FR!C74+FR!D74+FR!E74 -> 0 | C74: =FR!D74+FR!E74+FR!F74 -> 0 | D74: =FR!E74+FR!F74+FR!G74 -> 0 | E74: =FR!F74+FR!G74+FR!H74 -> 0 | G74: =VS!C74+VS!D74+VS!E74 -> 0 | H74: =VS!F74+VS!G74+VS!H74 -> 0 | I74: =VS!I74+VS!J74+VS!K74 -> 0 | J74: =VS!L74+VS!M74+VS!N74 -> 0 | L74: =SUM(B74+G74) -> 0 | M74: =SUM(C74+H74) -> 0 | N74: =SUM(D74+I74) -> 0 | O74: =SUM(E74+J74) -> 0
A75: 4.1 - INCREMENTO DE ACTIVOS FINANCIEROS | B75: =FR!C75+FR!D75+FR!E75 -> 0 | C75: =FR!D75+FR!E75+FR!F75 -> 0 | D75: =FR!E75+FR!F75+FR!G75 -> 0 | E75: =FR!F75+FR!G75+FR!H75 -> 0 | G75: =VS!C75+VS!D75+VS!E75 -> 0 | H75: =VS!F75+VS!G75+VS!H75 -> 0 | I75: =VS!I75+VS!J75+VS!K75 -> 0 | J75: =VS!L75+VS!M75+VS!N75 -> 0 | L75: =SUM(B75+G75) -> 0 | M75: =SUM(C75+H75) -> 0 | N75: =SUM(D75+I75) -> 0 | O75: =SUM(E75+J75) -> 0
A76: 4.1.1 - INCREMENTO DE ACTIVOS FINANCIEROS CORRIENTES | B76: =FR!C76+FR!D76+FR!E76 -> 0 | C76: =FR!D76+FR!E76+FR!F76 -> 0 | D76: =FR!E76+FR!F76+FR!G76 -> 0 | E76: =FR!F76+FR!G76+FR!H76 -> 0 | G76: =VS!C76+VS!D76+VS!E76 -> 0 | H76: =VS!F76+VS!G76+VS!H76 -> 0 | I76: =VS!I76+VS!J76+VS!K76 -> 0 | J76: =VS!L76+VS!M76+VS!N76 -> 0 | L76: =SUM(B76+G76) -> 0 | M76: =SUM(C76+H76) -> 0 | N76: =SUM(D76+I76) -> 0 | O76: =SUM(E76+J76) -> 0
A77: 4.1.2 - INCREMENTO DE ACTIVOS FINANCIEROS NO CORRIENTES | B77: =FR!C77+FR!D77+FR!E77 -> 0 | C77: =FR!D77+FR!E77+FR!F77 -> 0 | D77: =FR!E77+FR!F77+FR!G77 -> 0 | E77: =FR!F77+FR!G77+FR!H77 -> 0 | G77: =VS!C77+VS!D77+VS!E77 -> 0 | H77: =VS!F77+VS!G77+VS!H77 -> 0 | I77: =VS!I77+VS!J77+VS!K77 -> 0 | J77: =VS!L77+VS!M77+VS!N77 -> 0 | L77: =SUM(B77+G77) -> 0 | M77: =SUM(C77+H77) -> 0 | N77: =SUM(D77+I77) -> 0 | O77: =SUM(E77+J77) -> 0
A78: 4.2 - DISMINUCIÓN DE PASIVOS | B78: =FR!C78+FR!D78+FR!E78 -> 0 | C78: =FR!D78+FR!E78+FR!F78 -> 0 | D78: =FR!E78+FR!F78+FR!G78 -> 0 | E78: =FR!F78+FR!G78+FR!H78 -> 0 | G78: =VS!C78+VS!D78+VS!E78 -> 0 | H78: =VS!F78+VS!G78+VS!H78 -> 0 | I78: =VS!I78+VS!J78+VS!K78 -> 0 | J78: =VS!L78+VS!M78+VS!N78 -> 0 | L78: =SUM(B78+G78) -> 0 | M78: =SUM(C78+H78) -> 0 | N78: =SUM(D78+I78) -> 0 | O78: =SUM(E78+J78) -> 0
A79: 4.2.1 - DISMINUCIÓN DE PASIVOS CORRIENTES | B79: =FR!C79+FR!D79+FR!E79 -> 0 | C79: =FR!D79+FR!E79+FR!F79 -> 0 | D79: =FR!E79+FR!F79+FR!G79 -> 0 | E79: =FR!F79+FR!G79+FR!H79 -> 0 | G79: =VS!C79+VS!D79+VS!E79 -> 0 | H79: =VS!F79+VS!G79+VS!H79 -> 0 | I79: =VS!I79+VS!J79+VS!K79 -> 0 | J79: =VS!L79+VS!M79+VS!N79 -> 0 | L79: =SUM(B79+G79) -> 0 | M79: =SUM(C79+H79) -> 0 | N79: =SUM(D79+I79) -> 0 | O79: =SUM(E79+J79) -> 0
A80: 4.2.2 - DISMINUCIÓN DE PASIVOS NO CORRIENTES | B80: =FR!C80+FR!D80+FR!E80 -> 0 | C80: =FR!D80+FR!E80+FR!F80 -> 0 | D80: =FR!E80+FR!F80+FR!G80 -> 0 | E80: =FR!F80+FR!G80+FR!H80 -> 0 | G80: =VS!C80+VS!D80+VS!E80 -> 0 | H80: =VS!F80+VS!G80+VS!H80 -> 0 | I80: =VS!I80+VS!J80+VS!K80 -> 0 | J80: =VS!L80+VS!M80+VS!N80 -> 0 | L80: =SUM(B80+G80) -> 0 | M80: =SUM(C80+H80) -> 0 | N80: =SUM(D80+I80) -> 0 | O80: =SUM(E80+J80) -> 0
A81: 4.3 - DISMINUCIÓN DE FONDOS DE TERCEROS | B81: =FR!C81+FR!D81+FR!E81 -> 0 | C81: =FR!D81+FR!E81+FR!F81 -> 0 | D81: =FR!E81+FR!F81+FR!G81 -> 0 | E81: =FR!F81+FR!G81+FR!H81 -> 0 | G81: =VS!C81+VS!D81+VS!E81 -> 0 | H81: =VS!F81+VS!G81+VS!H81 -> 0 | I81: =VS!I81+VS!J81+VS!K81 -> 0 | J81: =VS!L81+VS!M81+VS!N81 -> 0 | L81: =SUM(B81+G81) -> 0 | M81: =SUM(C81+H81) -> 0 | N81: =SUM(D81+I81) -> 0 | O81: =SUM(E81+J81) -> 0
A82: 4.3.5 - DISMINUCIÓN DEPÓSITOS FONDOS DE TERCEROS | B82: =FR!C82+FR!D82+FR!E82 -> 0 | C82: =FR!D82+FR!E82+FR!F82 -> 0 | D82: =FR!E82+FR!F82+FR!G82 -> 0 | E82: =FR!F82+FR!G82+FR!H82 -> 0 | G82: =VS!C82+VS!D82+VS!E82 -> 0 | H82: =VS!F82+VS!G82+VS!H82 -> 0 | I82: =VS!I82+VS!J82+VS!K82 -> 0 | J82: =VS!L82+VS!M82+VS!N82 -> 0 | L82: =SUM(B82+G82) -> 0 | M82: =SUM(C82+H82) -> 0 | N82: =SUM(D82+I82) -> 0 | O82: =SUM(E82+J82) -> 0
A83: TOTAL APLICACIONES FINANCIERAS | B83: =SUM(B84) -> 0 | C83: =SUM(C84) -> 0 | D83: =SUM(D84) -> 0 | E83: =SUM(E84) -> 0 | G83: =SUM(G84) -> 0 | H83: =SUM(H84) -> 0 | I83: =SUM(I84) -> 0 | J83: =SUM(J84) -> 0 | L83: =SUM(B83+G83) -> 0 | M83: =SUM(C83+H83) -> 0 | N83: =SUM(D83+I83) -> 0 | O83: =SUM(E83+J83) -> 0
A84: TOTAL GASTOS Y APLICACIONES FINANCIERAS | B84: =FR!C84+FR!D84+FR!E84 -> 0 | C84: =FR!D84+FR!E84+FR!F84 -> 0 | D84: =FR!E84+FR!F84+FR!G84 -> 0 | E84: =FR!F84+FR!G84+FR!H84 -> 0 | G84: =FR!H84+FR!I84+FR!J84 -> 0 | H84: =VS!F84+VS!G84+VS!H84 -> 0 | I84: =FR!J84+FR!K84+FR!L84 -> 0 | J84: =FR!K84+FR!L84+FR!M84 -> 0 | L84: =SUM(B84+G84) -> 0 | M84: =SUM(C84+H84) -> 0 | N84: =SUM(D84+I84) -> 0 | O84: =SUM(E84+J84) -> 0

Sheet FR
A1: SERVICIO NACIONAL DE SALUD
A2: HOSPITAL REGIONAL ING. LUIS L. BOGAERT
A3: REGION 4
A4: EJECUCION DE GASTOS FONDO REPONIBLE 2025
A5: En RD$
A7: Detalle | B7: Total | C7: Enero | D7: Febrero | E7: Marzo | F7: Abril | G7: Mayo | H7: Junio | I7: Julio | J7: Agosto | K7: Septiembre | L7: Octubre | M7: Noviembre | N7: Diciembre
A8: 2 - GASTOS | L8: 0
A9: 2.1 - REMUNERACIONES Y CONTRIBUCIONES | B9: =SUM(C9:N9) -> 0 | C9: =SUM(C10:C14) -> 0 | D9: =SUM(D10:D14) -> 0 | E9: =SUM(E10:E14) -> 0 | F9: =SUM(F10:F14) -> 0 | G9: =SUM(G10:G14) -> 0 | H9: =SUM(H10:H14) -> 0 | I9: =SUM(I10:I14) -> 0 | J9: =SUM(J10:J14) -> 0 | ... N9: =SUM(N10:N14) -> 0
A10: 2.1.1 - REMUNERACIONES | B10: =SUM(C10:N10) -> 0 | I10: 0 | K10: 0 | L10: 0 | M10: 0 | N10: 0
A11: 2.1.2 - SOBRESUELDOS | B11: =SUM(C11:N11) -> 0 | I11: 0 | K11: 0 | L11: 0 | M11: 0 | N11: 0
A12: 2.1.3 - DIETAS Y GASTOS DE REPRESENTACIÓN | B12: =SUM(C12:N12) -> 0 | I12: 0 | K12: 0 | L12: 0 | M12: 0 | N12: 0
A13: 2.1.4 - GRATIFICACIONES Y BONIFICACIONES | B13: =SUM(C13:N13) -> 0 | I13: 0 | K13: 0 | L13: 0 | M13: 0 | N13: 0
A14: 2.1.5 - CONTRIBUCIONES A LA SEGURIDAD SOCIAL | B14: =SUM(C14:N14) -> 0 | I14: 0 | K14: 0 | L14: 0 | M14: 0 | N14: 0
A15: 2.2 - CONTRATACIÓN DE SERVICIOS | B15: =SUM(C15:N15) -> 855205.95 | C15: =SUM(C16:C24) -> 205194.84 | D15: =SUM(D16:D24) -> 165196.9 | E15: =SUM(E16:E24) -> 144434.55 | F15: =SUM(F16:F24) -> 174586.62 | G15: =SUM(G16:G24) -> 165793.04 | H15: =SUM(H16:H24) -> 0 | I15: =SUM(I16:I24) -> 0 | J15: =SUM(J16:J24) -> 0 | ... N15: =SUM(N16:N24) -> 0
A16: 2.2.1 - SERVICIOS BÁSICOS | B16: =SUM(C16:N16) -> 660265.95 | C16: 160034.84 | D16: 125416.9 | E16: 115234.55 | F16: 139286.62 | G16: 120293.04 | H16: 0 | I16: 0 | J16: 0 | K16: 0 | L16: 0 | M16: 0 | N16: 0
A17: 2.2.2 - PUBLICIDAD, IMPRESIÓN Y ENCUADERNACIÓN | B17: =SUM(C17:N17) -> 0 | C17: 0 | D17: 0 | E17: 0 | F17: 0 | G17: 0 | H17: 0 | I17: 0 | J17: 0 | K17: 0 | L17: 0 | M17: 0 | N17: 0
A18: 2.2.3 - VIÁTICOS | B18: =SUM(C18:N18) -> 190810 | C18: =45160 -> 45160 | D18: 35650 | E18: 29200 | F18: 35300 | G18: 45500 | H18: 0 | I18: 0 | J18: 0 | K18: 0 | L18: 0 | M18: 0 | N18: 0
A19: 2.2.4 - TRANSPORTE Y ALMACENAJE | B19: =SUM(C19:N19) -> 0 | C19: 0 | D19: 0 | E19: 0 | F19: 0 | G19: 0 | H19: 0 | I19: 0 | J19: 0 | K19: 0 | L19: 0 | M19: 0 | N19: 0
A20: 2.2.5 - ALQUILERES Y RENTAS | B20: =SUM(C20:N20) -> 0 | C20: 0 | D20: 0 | E20: 0 | F20: 0 | G20: 0 | H20: 0 | I20: 0 | J20: 0 | K20: 0 | L20: 0 | M20: 0 | N20: 0
A21: 2.2.6 - SEGUROS | B21: =SUM(C21:N21) -> 0 | C21: 0 | D21: 0 | E21: 0 | F21: 0 | G21: 0 | H21: 0 | I21: 0 | J21: 0 | K21: 0 | L21: 0 | M21: 0 | N21: 0
A22: 2.2.7 - SERVICIOS DE CONSERVACIÓN, REPARACIONES MENORES E INSTALACIONES TEMPORALES | B22: =SUM(C22:N22) -> 4130 | C22: 0 | D22: =4130 -> 4130 | E22: 0 | F22: 0 | G22: 0 | H22: 0 | I22: 0 | J22: 0 | K22: 0 | L22: 0 | M22: 0 | N22: 0
A23: 2.2.8 - OTROS SERVICIOS NO INCLUIDOS EN CONCEPTOS ANTERIORES | B23: =SUM(C23:N23) -> 0 | C23: 0 | D23: 0 | E23: 0 | F23: 0 | G23: 0 | H23: 0 | I23: 0 | J23: 0 | K23: 0 | L23: 0 | M23: 0 | N23: 0
A24: 2.2.9 - OTRAS CONTRATACIONES DE SERVICIOS | B24: =SUM(C24:N24) -> 0 | C24: 0 | D24: 0 | E24: 0 | F24: 0 | G24: 0 | H24: 0 | I24: 0 | J24: 0 | K24: 0 | L24: 0 | M24: 0 | N24: 0
A25: 2.3 - MATERIALES Y SUMINISTROS | B25: =SUM(C25:N25) -> 11625136 | C25: =SUM(C26:C34) -> 2290886 | D25: =SUM(D26:D34) -> 2330884 | E25: =SUM(E26:E34) -> 2351597.4 | F25: =SUM(F26:F34) -> 2321480.5 | G25: =SUM(G26:G34) -> 2330287.8 | H25: =SUM(H26:H34) -> 0 | I25: =SUM(I26:I34) -> 0 | J25: =SUM(J26:J34) -> 0 | ... N25: =SUM(N26:N34) -> 0
A26: 2.3.1 - ALIMENTOS Y PRODUCTOS AGROFORESTALES | B26: =SUM(C26:N26) -> 424295 | C26: 101714 | D26: 124378 | E26: 22100 | F26: 93403 | G26: 82700 | H26: 0 | I26: 0 | J26: 0 | K26: 0 | L26: 0 | M26: 0 | N26: 0
A27: 2.3.2 - TEXTILES Y VESTUARIOS | B27: =SUM(C27:N27) -> 0 | C27: 0 | D27: 0 | E27: 0 | F27: 0 | G27: 0 | H27: 0 | I27: 0 | J27: 0 | K27: 0 | L27: 0 | M27: 0 | N27: 0
A28: 2.3.3 - PRODUCTOS DE PAPEL, CARTÓN E IMPRESOS | B28: =SUM(C28:N28) -> 0 | C28: 0 | D28: 0 | E28: 0 | F28: 0 | G28: 0 | H28: 0 | I28: 0 | J28: 0 | K28: 0 | L28: 0 | M28: 0 | N28: 0
A29: 2.3.4 - PRODUCTOS FARMACÉUTICOS | B29: =SUM(C29:N29) -> 4546478.7 | C29: 641147.44 | D29: 1076849.2 | E29: 1365772 | F29: 814788.05 | G29: 647921.99 | H29: 0 | I29: 0 | J29: 0 | K29: 0 | L29: 0 | M29: 0 | N29: 0
A30: 2.3.5 - PRODUCTOS DE CUERO, CAUCHO Y PLÁSTICO | B30: =SUM(C30:N30) -> 0 | C30: 0 | D30: 0 | E30: 0 | F30: 0 | G30: 0 | H30: 0 | I30: 0 | J30: 0 | K30: 0 | L30: 0 | M30: 0 | N30: 0
A31: 2.3.6 - PRODUCTOS DE MINERALES, METÁLICOS Y NO METÁLICOS | B31: =SUM(C31:N31) -> 0 | C31: 0 | D31: 0 | E31: 0 | F31: 0 | G31: 0 | H31: 0 | I31: 0 | J31: 0 | K31: 0 | L31: 0 | M31: 0 | N31: 0
A32: 2.3.7 - COMBUSTIBLES, LUBRICANTES, PRODUCTOS QUÍMICOS Y CONEXOS | B32: =SUM(C32:N32) -> 4196053.7 | C32: 798689.14 | D32: 929311.94 | E32: 607025.8 | F32: 855362.84 | G32: 1005664 | H32: 0 | I32: 0 | J32: 0 | K32: 0 | L32: 0 | M32: 0 | N32: 0
A33: 2.3.8 - GASTOS QUE SE ASIGNARÁN DURANTE EL EJERCICIO (ART. 32 Y 33 LEY 423-06) | B33: =SUM(C33:N33) -> 0 | C33: 0 | D33: 0 | E33: 0 | F33: 0 | G33: 0 | H33: 0 | I33: 0 | J33: 0 | K33: 0 | L33: 0 | M33: 0 | N33: 0
A34: 2.3.9 - PRODUCTOS Y ÚTILES VARIOS | B34: =SUM(C34:N34) -> 2458308.3 | C34: =749335.46 -> 749335.46 | D34: =200344.8 -> 200344.8 | E34: 356699.6 | F34: 557926.58 | G34: 594001.85 | H34: 0 | I34: 0 | J34: 0 | K34: 0 | L34: 0 | M34: 0 | N34: 0
A35: 2.4 - TRANSFERENCIAS CORRIENTES | B35: =SUM(C35:N35) -> 0 | C35: =SUM(C36:C42) -> 0 | D35: =SUM(D36:D42) -> 0 | E35: =SUM(E36:E42) -> 0 | F35: =SUM(F36:F42) -> 0 | G35: =SUM(G36:G42) -> 0 | H35: =SUM(H36:H42) -> 0 | I35: =SUM(I36:I42) -> 0 | J35: =SUM(J36:J42) -> 0 | ... N35: =SUM(N36:N42) -> 0
A36: 2.4.1 - TRANSFERENCIAS CORRIENTES AL SECTOR PRIVADO | B36: =SUM(C36:N36) -> 0 | C36: 0 | D36: 0 | E36: 0 | F36: 0 | G36: 0 | H36: 0 | I36: 0 | J36: 0 | K36: 0 | L36: 0 | M36: 0 | N36: 0
A37: 2.4.2 - TRANSFERENCIAS CORRIENTES AL GOBIERNO GENERAL NACIONAL | B37: =SUM(C37:N37) -> 0 | C37: 0 | D37: 0 | E37: 0 | F37: 0 | G37: 0 | H37: 0 | I37: 0 | J37: 0 | K37: 0 | L37: 0 | M37: 0 | N37: 0
A38: 2.4.3 - TRANSFERENCIAS CORRIENTES A GOBIERNOS GENERALES LOCALES | B38: =SUM(C38:N38) -> 0 | C38: 0 | D38: 0 | E38: 0 | F38: 0 | G38: 0 | H38: 0 | I38: 0 | J38: 0 | K38: 0 | L38: 0 | M38: 0 | N38: 0
A39: 2.4.4 - TRANSFERENCIAS CORRIENTES A EMPRESAS PÚBLICAS NO FINANCIERAS | B39: =SUM(C39:N39) -> 0 | C39: 0 | D39: 0 | E39: 0 | F39: 0 | G39: 0 | H39: 0 | I39: 0 | J39: 0 | K39: 0 | L39: 0 | M39: 0 | N39: 0
A40: 2.4.5 - TRANSFERENCIAS CORRIENTES A INSTITUCIONES PÚBLICAS FINANCIERAS | B40: =SUM(C40:N40) -> 0 | C40: 0 | D40: 0 | E40: 0 | F40: 0 | G40: 0 | H40: 0 | I40: 0 | J40: 0 | K40: 0 | L40: 0 | M40: 0 | N40: 0
A41: 2.4.7 - TRANSFERENCIAS CORRIENTES AL SECTOR EXTERNO | B41: =SUM(C41:N41) -> 0 | C41: 0 | D41: 0 | E41: 0 | F41: 0 | G41: 0 | H41: 0 | I41: 0 | J41: 0 | K41: 0 | L41: 0 | M41: 0 | N41: 0
A42: 2.4.9 - TRANSFERENCIAS CORRIENTES A OTRAS INSTITUCIONES PÚBLICAS | B42: =SUM(C42:N42) -> 0 | C42: 0 | D42: 0 | E42: 0 | F42: 0 | G42: 0 | H42: 0 | I42: 0 | J42: 0 | K42: 0 | L42: 0 | M42: 0 | N42: 0
A43: 2.5 - TRANSFERENCIAS DE CAPITAL | B43: =SUM(C43:N43) -> 0 | C43: =SUM(C44:C50) -> 0 | D43: =SUM(D44:D50) -> 0 | E43: =SUM(E44:E50) -> 0 | F43: =SUM(F44:F50) -> 0 | G43: =SUM(G44:G50) -> 0 | H43: =SUM(H44:H50) -> 0 | I43: =SUM(I44:I50) -> 0 | J43: =SUM(J44:J50) -> 0 | ... N43: =SUM(N44:N50) -> 0
A44: 2.5.1 - TRANSFERENCIAS DE CAPITAL AL SECTOR PRIVADO | B44: =SUM(C44:N44) -> 0 | C44: 0 | D44: 0 | E44: 0 | F44: 0 | G44: 0 | H44: 0 | I44: 0 | J44: 0 | K44: 0 | L44: 0 | M44: 0 | N44: 0
A45: 2.5.2 - TRANSFERENCIAS DE CAPITAL AL GOBIERNO GENERAL NACIONAL | B45: =SUM(C45:N45) -> 0 | C45: 0 | D45: 0 | E45: 0 | F45: 0 | G45: 0 | H45: 0 | I45: 0 | J45: 0 | K45: 0 | L45: 0 | M45: 0 | N45: 0
A46: 2.5.3 - TRANSFERENCIAS DE CAPITAL A GOBIERNOS GENERALES LOCALES | B46: =SUM(C46:N46) -> 0 | C46: 0 | D46: 0 | E46: 0 | F46: 0 | G46: 0 | H46: 0 | I46: 0 | J46: 0 | K46: 0 | L46: 0 | M46: 0 | N46: 0
A47: 2.5.4 - TRANSFERENCIAS DE CAPITAL A EMPRESAS PÚBLICAS NO FINANCIERAS | B47: =SUM(C47:N47) -> 0 | C47: 0 | D47: 0 | E47: 0 | F47: 0 | G47: 0 | H47: 0 | I47: 0 | J47: 0 | K47: 0 | L47: 0 | M47: 0 | N47: 0
A48: 2.5.5 - TRANSFERENCIAS DE CAPITAL A INSTITUCIONES PÚBLICAS FINANCIERAS | B48: =SUM(C48:N48) -> 0 | C48: 0 | D48: 0 | E48: 0 | F48: 0 | G48: 0 | H48: 0 | I48: 0 | J48: 0 | K48: 0 | L48: 0 | M48: 0 | N48: 0
A49: 2.5.6 - TRANSFERENCIAS DE CAPITAL AL SECTOR EXTERNO | B49: =SUM(C49:N49) -> 0 | C49: 0 | D49: 0 | E49: 0 | F49: 0 | G49: 0 | H49: 0 | I49: 0 | J49: 0 | K49: 0 | L49: 0 | M49: 0 | N49: 0
A50: 2.5.9 - TRANSFERENCIAS DE CAPITAL A OTRAS INSTITUCIONES PÚBLICAS | B50: =SUM(C50:N50) -> 0 | C50: 0 | D50: 0 | E50: 0 | F50: 0 | G50: 0 | H50: 0 | I50: 0 | J50: 0 | K50: 0 | L50: 0 | M50: 0 | N50: 0
A51: 2.6 - BIENES MUEBLES, INMUEBLES E INTANGIBLES | B51: =SUM(C51:N51) -> 0 | C51: =SUM(C52:C60) -> 0 | D51: =SUM(D52:D60) -> 0 | E51: =SUM(E52:E60) -> 0 | F51: =SUM(F52:F60) -> 0 | G51: =SUM(G52:G60) -> 0 | H51: =SUM(H52:H60) -> 0 | I51: =SUM(I52:I60) -> 0 | J51: =SUM(J52:J60) -> 0 | ... N51: =SUM(N52:N60) -> 0
A52: 2.6.1 - MOBILIARIO Y EQUIPO | B52: =SUM(C52:N52) -> 0 | D52: 0 | E52: 0 | F52: 0 | G52: 0 | H52: 0 | I52: 0 | K52: 0 | L52: 0 | M52: 0 | N52: 0
A53: 2.6.2 - MOBILIARIO Y EQUIPO EDUCACIONAL Y RECREATIVO | B53: =SUM(C53:N53) -> 0 | C53: 0 | D53: 0 | E53: 0 | F53: 0 | G53: 0 | H53: 0 | I53: 0 | J53: 0 | K53: 0 | L53: 0 | M53: 0 | N53: 0
A54: 2.6.3 - EQUIPO E INSTRUMENTAL, CIENTÍFICO Y LABORATORIO | B54: =SUM(C54:N54) -> 0 | C54: 0 | D54: 0 | E54: 0 | F54: 0 | G54: 0 | H54: 0 | I54: 0 | J54: 0 | K54: 0 | L54: 0 | M54: 0 | N54: 0
A55: 2.6.4 - VEHÍCULOS Y EQUIPO DE TRANSPORTE, TRACCIÓN Y ELEVACIÓN | B55: =SUM(C55:N55) -> 0 | C55: 0 | D55: 0 | E55: 0 | F55: 0 | G55: 0 | H55: 0 | I55: 0 | J55: 0 | K55: 0 | L55: 0 | M55: 0 | N55: 0
A56: 2.6.5 - MAQUINARIA, OTROS EQUIPOS Y HERRAMIENTAS | B56: =SUM(C56:N56) -> 0 | C56: 0 | D56: 0 | E56: 0 | F56: 0 | G56: 0 | H56: 0 | I56: 0 | J56: 0 | K56: 0 | L56: 0 | M56: 0 | N56: 0
A57: 2.6.6 - EQUIPOS DE DEFENSA Y SEGURIDAD | B57: =SUM(C57:N57) -> 0 | C57: 0 | D57: 0 | E57: 0 | F57: 0 | G57: 0 | H57: 0 | I57: 0 | J57: 0 | K57: 0 | L57: 0 | M57: 0 | N57: 0
A58: 2.6.7 - ACTIVOS BIÓLOGICOS CULTIVABLES | B58: =SUM(C58:N58) -> 0 | C58: 0 | D58: 0 | E58: 0 | F58: 0 | G58: 0 | H58: 0 | I58: 0 | J58: 0 | K58: 0 | L58: 0 | M58: 0 | N58: 0
A59: 2.6.8 - BIENES INTANGIBLES | B59: =SUM(C59:N59) -> 0 | C59: 0 | D59: 0 | E59: 0 | F59: 0 | G59: 0 | H59: 0 | I59: 0 | J59: 0 | K59: 0 | L59: 0 | M59: 0 | N59: 0
A60: 2.6.9 - EDIFICIOS, ESTRUCTURAS, TIERRAS, TERRENOS Y OBJETOS DE VALOR | B60: =SUM(C60:N60) -> 0 | C60: 0 | D60: 0 | E60: 0 | F60: 0 | G60: 0 | H60: 0 | I60: 0 | J60: 0 | K60: 0 | L60: 0 | M60: 0 | N60: 0
A61: 2.7 - OBRAS | B61: =SUM(C61:N61) -> 0 | C61: =SUM(C62:C65) -> 0 | D61: =SUM(D62:D65) -> 0 | E61: =SUM(E62:E65) -> 0 | F61: =SUM(F62:F65) -> 0 | G61: =SUM(G62:G65) -> 0 | H61: =SUM(H62:H65) -> 0 | I61: =SUM(I62:I65) -> 0 | J61: =SUM(J62:J65) -> 0 | ... N61: =SUM(N62:N65) -> 0
A62: 2.7.1 - OBRAS EN EDIFICACIONES | B62: =SUM(C62:N62) -> 0 | C62: 0 | D62: 0 | E62: 0 | F62: 0 | G62: 0 | H62: 0 | I62: 0 | J62: 0 | K62: 0 | L62: 0 | M62: 0 | N62: 0
A63: 2.7.2 - INFRAESTRUCTURA | B63: =SUM(C63:N63) -> 0 | C63: 0 | D63: 0 | E63: 0 | F63: 0 | G63: 0 | H63: 0 | I63: 0 | J63: 0 | K63: 0 | L63: 0 | M63: 0 | N63: 0
A64: 2.7.3 - CONSTRUCCIONES EN BIENES CONCESIONADOS | B64: =SUM(C64:N64) -> 0 | C64: 0 | D64: 0 | E64: 0 | F64: 0 | G64: 0 | H64: 0 | I64: 0 | J64: 0 | K64: 0 | L64: 0 | M64: 0 | N64: 0
A65: 2.7.4 - GASTOS QUE SE ASIGNARÁN DURANTE EL EJERCICIO PARA INVERSIÓN (ART. 32 Y 33 LEY 423-06) | B65: =SUM(C65:N65) -> 0 | C65: 0 | D65: 0 | E65: 0 | F65: 0 | G65: 0 | H65: 0 | I65: 0 | J65: 0 | K65: 0 | L65: 0 | M65: 0 | N65: 0
A66: 2.8 - ADQUISICION DE ACTIVOS FINANCIEROS CON FINES DE POLÍTICA | B66: =SUM(C66:N66) -> 0 | C66: =SUM(C67:C68) -> 0 | D66: =SUM(D67:D68) -> 0 | E66: =SUM(E67:E68) -> 0 | F66: =SUM(F67:F68) -> 0 | G66: =SUM(G67:G68) -> 0 | H66: =SUM(H67:H68) -> 0 | I66: =SUM(I67:I68) -> 0 | J66: =SUM(J67:J68) -> 0 | ... N66: =SUM(N67:N68) -> 0
A67: 2.8.1 - CONCESIÓN DE PRESTAMOS | B67: =SUM(C67:N67) -> 0 | C67: 0 | D67: 0 | E67: 0 | F67: 0 | G67: 0 | H67: 0 | I67: 0 | J67: 0 | K67: 0 | L67: 0 | M67: 0 | N67: 0
A68: 2.8.2 - ADQUISICIÓN DE TÍTULOS VALORES REPRESENTATIVOS DE DEUDA | B68: =SUM(C68:N68) -> 0 | C68: 0 | D68: 0 | E68: 0 | F68: 0 | G68: 0 | H68: 0 | I68: 0 | J68: 0 | K68: 0 | L68: 0 | M68: 0 | N68: 0
A69: 2.9 - GASTOS FINANCIEROS | B69: =SUM(C69:N69) -> 19531.97 | C69: =SUM(C70:C72) -> 3869.04 | D69: =SUM(D70:D72) -> 3870.12 | E69: =SUM(E70:E72) -> 4009.24 | F69: =SUM(F70:F72) -> 3901.99 | G69: =SUM(G70:G72) -> 3881.58 | H69: =SUM(H70:H72) -> 0 | I69: =SUM(I70:I72) -> 0 | J69: =SUM(J70:J72) -> 0 | ... N69: =SUM(N70:N72) -> 0
A70: 2.9.1 - INTERESES DE LA DEUDA PÚBLICA INTERNA | B70: =SUM(C70:N70) -> 0 | C70: 0 | D70: 0 | E70: 0 | F70: 0 | G70: 0 | H70: 0 | I70: 0 | J70: 0 | K70: 0 | L70: 0 | M70: 0 | N70: 0
A71: 2.9.2 - INTERESES DE LA DEUDA PUBLICA EXTERNA | B71: =SUM(C71:N71) -> 0 | C71: 0 | D71: 0 | E71: 0 | F71: 0 | G71: 0 | H71: 0 | I71: 0 | J71: 0 | K71: 0 | L71: 0 | M71: 0 | N71: 0
A72: 2.9.4 - COMISIONES Y OTROS GASTOS BANCARIOS DE LA DEUDA PÚBLICA | B72: =SUM(C72:N72) -> 19531.97 | C72: =3869.04 -> 3869.04 | D72: 3870.12 | E72: 4009.24 | F72: 3901.99 | G72: 3881.58 | H72: 0 | I72: 0 | J72: 0 | K72: 0 | L72: 0 | M72: 0 | N72: 0
A73: Total Gastos | B73: =SUM(C73:N73) -> 12499874 | C73: =C9+C15+C25+C35+C43+C51+C61+C66+C69 -> 2499949.9 | D73: =D9+D15+D25+D35+D43+D51+D61+D66+D69 -> 2499951 | E73: =E9+E15+E25+E35+E43+E51+E61+E66+E69 -> 2500041.2 | F73: =F9+F15+F25+F35+F43+F51+F61+F66+F69 -> 2499969.1 | G73: =G9+G15+G25+G35+G43+G51+G61+G66+G69 -> 2499962.5 | H73: =H9+H15+H25+H35+H43+H51+H61+H66+H69 -> 0 | I73: =I9+I15+I25+I35+I43+I51+I61+I66+I69 -> 0 | J73: =J9+J15+J25+J35+J43+J51+J61+J66+J69 -> 0 | ... N73: =N9+N15+N25+N35+N43+N51+N61+N66+N69 -> 0
A74: 4 - APLICACIONES FINANCIERAS | B74: =SUM(C74:N74) -> 0 | C74: 0 | D74: 0 | E74: 0 | F74: 0 | G74: 0 | H74: 0 | I74: 0 | J74: 0 | K74: 0 | L74: 0 | M74: 0 | N74: 0
A75: 4.1 - INCREMENTO DE ACTIVOS FINANCIEROS | B75: =SUM(C75:N75) -> 0 | C75: 0 | D75: 0 | E75: 0 | F75: 0 | G75: 0 | H75: 0 | I75: 0 | J75: 0 | K75: 0 | L75: 0 | M75: 0 | N75: 0
A76: 4.1.1 - INCREMENTO DE ACTIVOS FINANCIEROS CORRIENTES | B76: =SUM(C76:N76) -> 0 | C76: 0 | D76: 0 | E76: 0 | F76: 0 | G76: 0 | H76: 0 | I76: 0 | J76: 0 | K76: 0 | L76: 0 | M76: 0 | N76: 0
A77: 4.1.2 - INCREMENTO DE ACTIVOS FINANCIEROS NO CORRIENTES | B77: =SUM(C77:N77) -> 0 | C77: 0 | D77: 0 | E77: 0 | F77: 0 | G77: 0 | H77: 0 | I77: 0 | J77: 0 | K77: 0 | L77: 0 | M77: 0 | N77: 0
A78: 4.2 - DISMINUCIÓN DE PASIVOS | B78: =SUM(C78:N78) -> 0 | C78: 0 | D78: 0 | E78: 0 | F78: 0 | G78: 0 | H78: 0 | I78: 0 | J78: 0 | K78: 0 | L78: 0 | M78: 0 | N78: 0
A79: 4.2.1 - DISMINUCIÓN DE PASIVOS CORRIENTES | B79: =SUM(C79:N79) -> 0 | C79: 0 | D79: 0 | E79: 0 | F79: 0 | G79: 0 | H79: 0 | I79: 0 | J79: 0 | K79: 0 | L79: 0 | M79: 0 | N79: 0
A80: 4.2.2 - DISMINUCIÓN DE PASIVOS NO CORRIENTES | B80: =SUM(C80:N80) -> 0 | C80: 0 | D80: 0 | E80: 0 | F80: 0 | G80: 0 | H80: 0 | I80: 0 | J80: 0 | K80: 0 | L80: 0 | M80: 0 | N80: 0
A81: 4.3 - DISMINUCIÓN DE FONDOS DE TERCEROS | B81: =SUM(C81:N81) -> 0 | C81: 0 | D81: 0 | E81: 0 | F81: 0 | G81: 0 | H81: 0 | I81: 0 | J81: 0 | L81: 0 | M81: 0 | N81: 0
A82: 4.3.5 - DISMINUCIÓN DEPÓSITOS FONDOS DE TERCEROS | B82: =SUM(C82:N82) -> 0 | C82: 0 | D82: 0 | E82: 0 | F82: 0 | G82: 0 | H82: 0 | I82: 0 | J82: 0 | K82: 0 | L82: 0 | M82: 0 | N82: 0
A83: TOTAL APLICACIONES FINANCIERAS | B83: =SUM(C83:N83) -> 0
C84: 0 | D84: 0 | E84: 0 | F84: 0 | G84: 0 | H84: 0 | I84: 0 | J84: 0 | K84: 0 | L84: 0 | M84: 0 | N84: 0
A85: TOTAL GASTOS Y APLICACIONES FINANCIERAS
A86: Fuente: [fuente]
A87: Fecha de registro: hasta el [día] de [mes] del [año]
A88: Fecha de imputación: hasta el [día] de [mes] del [año]

Sheet VS
A1: SERVICIO NACIONAL DE SALUD
A2: HOSPITAL REGIONAL ING. LUIS L. BOGAERT
A3: REGION 4
A4: EJECUCUION DE GASTOS VENTA SERVICIOS 2025
A5: En RD$
A7: Detalle | B7: Total | C7: Enero | D7: Febrero | E7: Marzo | F7: Abril | G7: Mayo | H7: Junio | I7: Julio | J7: Agosto | K7: Septiembre | L7: Octubre | M7: Noviembre | N7: Diciembre
A8: 2 - GASTOS
A9: 2.1 - REMUNERACIONES Y CONTRIBUCIONES | B9: =SUM(C9:N9) -> 3465184 | C9: =SUM(C10:C14) -> 0 | D9: =SUM(D10:D14) -> 0 | E9: =SUM(E10:E14) -> 3465184 | F9: =SUM(F10:F14) -> 0 | G9: =SUM(G10:G14) -> 0 | H9: =SUM(H10:H14) -> 0 | I9: =SUM(I10:I14) -> 0 | J9: =SUM(J10:J14) -> 0 | ... N9: =SUM(N10:N14) -> 0
A10: 2.1.1 - REMUNERACIONES | B10: =SUM(C10:N10) -> 0 | C10: 0 | D10: 0 | E10: 0 | F10: 0 | G10: 0 | H10: 0 | I10: 0 | J10: 0 | K10: 0 | L10: 0 | M10: 0 | N10: 0
A11: 2.1.2 - SOBRESUELDOS | B11: =SUM(C11:N11) -> 3465184 | C11: 0 | E11: 3465184 | F11: 0 | G11: 0 | H11: 0 | I11: 0 | J11: 0 | K11: 0 | N11: 0
A12: 2.1.3 - DIETAS Y GASTOS DE REPRESENTACIÓN | B12: =SUM(C12:N12) -> 0 | C12: 0 | D12: 0 | E12: 0 | F12: 0 | G12: 0 | H12: 0 | I12: 0 | J12: 0 | K12: 0 | L12: 0 | M12: 0 | N12: 0
A13: 2.1.4 - GRATIFICACIONES Y BONIFICACIONES | B13: =SUM(C13:N13) -> 0 | C13: 0 | D13: 0 | E13: 0 | F13: 0 | G13: 0 | H13: 0 | I13: 0 | J13: 0 | K13: 0 | L13: 0 | M13: 0 | N13: 0
A14: 2.1.5 - CONTRIBUCIONES A LA SEGURIDAD SOCIAL | B14: =SUM(C14:N14) -> 0 | C14: 0 | D14: 0 | E14: 0 | F14: 0 | G14: 0 | H14: 0 | I14: 0 | J14: 0 | K14: 0 | L14: 0 | M14: 0 | N14: 0
A15: 2.2 - CONTRATACIÓN DE SERVICIOS | B15: =SUM(C15:N15) -> 7044349.7 | C15: =SUM(C16:C24) -> 1115927.8 | D15: =SUM(D16:D24) -> 1134925.6 | E15: =SUM(E16:E24) -> 1122736.6 | F15: =SUM(F16:F24) -> 780298.35 | G15: =SUM(G16:G24) -> 733564.88 | H15: =SUM(H16:H24) -> 918609.31 | I15: =SUM(I16:I24) -> 680232.79 | J15: =SUM(J16:J24) -> 558054.28 | ... N15: =SUM(N16:N24) -> 0
A16: 2.2.1 - SERVICIOS BÁSICOS | B16: =SUM(C16:N16) -> 910105.89 | C16: =126364.99 -> 126364.99 | D16: 276235.85 | E16: 386572.2 | F16: =8531.56 -> 8531.56 | G16: =32240.44 -> 32240.44 | H16: 26974.39 | I16: =26333.6 -> 26333.6 | J16: 26852.86 | K16: 0 | L16: 0 | M16: 0 | N16: 0
A17: 2.2.2 - PUBLICIDAD, IMPRESIÓN Y ENCUADERNACIÓN | B17: =SUM(C17:N17) -> 1341914.9 | C17: 177236 | D17: 188549.99 | E17: 203236 | F17: 195880 | G17: 168268 | H17: 0 | I17: 188092 | J17: 220652.92 | K17: 0 | L17: 0 | M17: 0 | N17: 0
A18: 2.2.3 - VIÁTICOS | B18: =SUM(C18:N18) -> 0 | C18: 0 | D18: 0 | E18: 0 | F18: 0 | G18: 0 | H18: 0 | I18: 0 | J18: 0 | K18: 0 | L18: 0 | M18: 0 | N18: 0
A19: 2.2.4 - TRANSPORTE Y ALMACENAJE | B19: =SUM(C19:N19) -> 62441.5 | C19: 0 | D19: 23430 | E19: 39011.5 | F19: 0 | G19: 0 | H19: 0 | I19: 0 | J19: 0 | K19: 0 | L19: 0 | M19: 0 | N19: 0
A20: 2.2.5 - ALQUILERES Y RENTAS | B20: =SUM(C20:N20) -> 262966.54 | C20: =80830 -> 80830 | D20: 0 | E20: 26000 | F20: 32000 | G20: 0 | H20: 54000 | I20: =41636.54 -> 41636.54 | J20: 28500 | K20: 0 | L20: 0 | M20: 0 | N20: 0
A21: 2.2.6 - SEGUROS | B21: =SUM(C21:N21) -> 399999.99 | C21: 0 | D21: 0 | E21: 100000 | F21: 200000 | G21: 99999.99 | H21: 0 | I21: 0 | J21: 0 | K21: 0 | L21: 0 | M21: 0 | N21: 0
A22: 2.2.7 - SERVICIOS DE CONSERVACIÓN, REPARACIONES MENORES E INSTALACIONES TEMPORALES | B22: =SUM(C22:N22) -> 1366956.2 | C22: =165901.32 -> 165901.32 | D22: 362064.8 | E22: 74576 | F22: 119220 | G22: 193747.2 | H22: 197347.42 | I22: 247099.5 | J22: 7000 | K22: 0 | L22: 0 | M22: 0 | N22: 0
A23: 2.2.8 - OTROS SERVICIOS NO INCLUIDOS EN CONCEPTOS ANTERIORES | B23: =SUM(C23:N23) -> 1749982.9 | C23: 292425.5 | D23: 194080 | E23: 293340.93 | F23: 117300 | G23: 50000 | H23: 586836.5 | I23: 18900 | J23: =197100 -> 197100 | K23: 0 | L23: 0 | M23: 0 | N23: 0
A24: 2.2.9 - OTRAS CONTRATACIONES DE SERVICIOS | B24: =SUM(C24:N24) -> 949981.69 | C24: =273170 -> 273170 | D24: 90565 | E24: 0 | F24: 107366.79 | G24: =189309.25 -> 189309.25 | H24: 53451 | I24: 158171.15 | J24: 77948.5 | K24: 0 | L24: 0 | M24: 0 | N24: 0
A25: 2.3 - MATERIALES Y SUMINISTROS | B25: =SUM(C25:N25) -> 30578187 | C25: =SUM(C26:C34) -> 4332099.6 | D25: =SUM(D26:D34) -> 4805796.8 | E25: =SUM(E26:E34) -> 4006292.3 | F25: =SUM(F26:F34) -> 1736389.1 | G25: =SUM(G26:G34) -> 3666921.2 | H25: =SUM(H26:H34) -> 5502760.2 | I25: =SUM(I26:I34) -> 3661957.1 | J25: =SUM(J26:J34) -> 2865970.5 | ... N25: =SUM(N26:N34) -> 0
A26: 2.3.1 - ALIMENTOS Y PRODUCTOS AGROFORESTALES | B26: =SUM(C26:N26) -> 3158982.7 | C26: =436702.6 -> 436702.6 | D26: 391193.59 | E26: 368848.63 | F26: 164959.77 | G26: =482931.87 -> 482931.87 | H26: 379198.56 | I26: 540075.83 | J26: 395071.84 | K26: 0 | L26: 0 | M26: 0 | N26: 0
A27: 2.3.2 - TEXTILES Y VESTUARIOS | B27: =SUM(C27:N27) -> 121264.56 | C27: 0 | D27: 0 | E27: 0 | F27: 0 | G27: 119579.55 | H27: 735.01 | I27: 950 | J27: 0 | K27: 0 | L27: 0 | M27: 0 | N27: 0
A28: 2.3.3 - PRODUCTOS DE PAPEL, CARTÓN E IMPRESOS | B28: =SUM(C28:N28) -> 751027.65 | C28: 78422 | D28: 125740.8 | E28: 30767.77 | F28: 87230 | G28: 71733 | H28: 73783.84 | I28: 237600.24 | J28: 45750 | K28: 0 | L28: 0 | M28: 0 | N28: 0
A29: 2.3.4 - PRODUCTOS FARMACÉUTICOS | B29: =SUM(C29:N29) -> 4020521 | C29: 1055702 | D29: 654998.16 | E29: 185734.2 | F29: 56466 | G29: 382106.07 | H29: 1176761 | I29: 135068.2 | J29: 373685.41 | K29: 0 | L29: 0 | M29: 0 | N29: 0
A30: 2.3.5 - PRODUCTOS DE CUERO, CAUCHO Y PLÁSTICO | B30: =SUM(C30:N30) -> 85433.46 | C30: 0 | D30: 0 | E30: 0 | F30: 14435.53 | H30: 0 | I30: 70997.93 | J30: 0 | K30: 0 | L30: 0 | M30: 0 | N30: 0
A31: 2.3.6 - PRODUCTOS DE MINERALES, METÁLICOS Y NO METÁLICOS | B31: =SUM(C31:N31) -> 125778.64 | C31: 0 | D31: 50598.8 | E31: 1350 | F31: 23929.98 | G31: =15700 -> 15700 | H31: 0 | I31: 2199.86 | J31: 32000 | K31: 0 | L31: 0 | M31: 0 | N31: 0
A32: 2.3.7 - COMBUSTIBLES, LUBRICANTES, PRODUCTOS QUÍMICOS Y CONEXOS | B32: =SUM(C32:N32) -> 17222001 | C32: 2139687 | D32: 2364863.7 | E32: 2884678.7 | F32: 992809.74 | G32: 2080406.5 | H32: 2747451 | I32: 2173524.8 | J32: 1838579.5 | K32: 0 | L32: 0 | M32: 0 | N32: 0
A33: 2.3.8 - GASTOS QUE SE ASIGNARÁN DURANTE EL EJERCICIO (ART. 32 Y 33 LEY 423-06) | B33: =SUM(C33:N33) -> 0 | C33: 0 | D33: 0 | E33: 0 | F33: 0 | G33: 0 | H33: 0 | I33: 0 | J33: 0 | K33: 0 | L33: 0 | M33: 0 | N33: 0
A34: 2.3.9 - PRODUCTOS Y ÚTILES VARIOS | B34: =SUM(C34:N34) -> 5093178 | C34: 621586 | D34: 1218401.8 | E34: 534912.96 | F34: 396558.13 | G34: 514464.18 | H34: 1124830.7 | I34: 501540.3 | J34: 180883.84 | K34: 0 | L34: 0 | M34: 0 | N34: 0
A35: 2.4 - TRANSFERENCIAS CORRIENTES | B35: =SUM(C35:N35) -> 0 | C35: =SUM(C36:C42) -> 0 | D35: =SUM(D36:D42) -> 0 | E35: =SUM(E36:E42) -> 0 | F35: =SUM(F36:F42) -> 0 | G35: =SUM(G36:G42) -> 0 | H35: =SUM(H36:H42) -> 0 | I35: =SUM(I36:I42) -> 0 | J35: =SUM(J36:J42) -> 0 | ... N35: =SUM(N36:N42) -> 0
A36: 2.4.1 - TRANSFERENCIAS CORRIENTES AL SECTOR PRIVADO | B36: =SUM(C36:N36) -> 0 | C36: 0 | D36: 0 | E36: 0 | F36: 0 | G36: 0 | H36: 0 | I36: 0 | J36: 0 | K36: 0 | L36: 0 | M36: 0 | N36: 0
A37: 2.4.2 - TRANSFERENCIAS CORRIENTES AL GOBIERNO GENERAL NACIONAL | B37: =SUM(C37:N37) -> 0 | C37: 0 | D37: 0 | E37: 0 | F37: 0 | G37: 0 | H37: 0 | I37: 0 | J37: 0 | K37: 0 | L37: 0 | M37: 0 | N37: 0
A38: 2.4.3 - TRANSFERENCIAS CORRIENTES A GOBIERNOS GENERALES LOCALES | B38: =SUM(C38:N38) -> 0 | C38: 0 | D38: 0 | E38: 0 | F38: 0 | G38: 0 | H38: 0 | I38: 0 | J38: 0 | K38: 0 | L38: 0 | M38: 0 | N38: 0
A39: 2.4.4 - TRANSFERENCIAS CORRIENTES A EMPRESAS PÚBLICAS NO FINANCIERAS | B39: =SUM(C39:N39) -> 0 | C39: 0 | D39: 0 | E39: 0 | F39: 0 | G39: 0 | H39: 0 | I39: 0 | J39: 0 | K39: 0 | L39: 0 | M39: 0 | N39: 0
A40: 2.4.5 - TRANSFERENCIAS CORRIENTES A INSTITUCIONES PÚBLICAS FINANCIERAS | B40: =SUM(C40:N40) -> 0 | C40: 0 | D40: 0 | E40: 0 | F40: 0 | G40: 0 | H40: 0 | I40: 0 | J40: 0 | K40: 0 | L40: 0 | M40: 0 | N40: 0
A41: 2.4.7 - TRANSFERENCIAS CORRIENTES AL SECTOR EXTERNO | B41: =SUM(C41:N41) -> 0 | C41: 0 | D41: 0 | E41: 0 | F41: 0 | G41: 0 | H41: 0 | I41: 0 | J41: 0 | K41: 0 | L41: 0 | M41: 0 | N41: 0
A42: 2.4.9 - TRANSFERENCIAS CORRIENTES A OTRAS INSTITUCIONES PÚBLICAS | B42: =SUM(C42:N42) -> 0 | C42: 0 | D42: 0 | E42: 0 | F42: 0 | G42: 0 | H42: 0 | I42: 0 | J42: 0 | K42: 0 | L42: 0 | M42: 0 | N42: 0
A43: 2.5 - TRANSFERENCIAS DE CAPITAL | B43: =SUM(C43:N43) -> 0 | C43: =SUM(C44:C50) -> 0 | D43: =SUM(D44:D50) -> 0 | E43: =SUM(E44:E50) -> 0 | F43: =SUM(F44:F50) -> 0 | G43: =SUM(G44:G50) -> 0 | H43: =SUM(H44:H50) -> 0 | I43: =SUM(I44:I50) -> 0 | J43: =SUM(J44:J50) -> 0 | ... N43: =SUM(N44:N50) -> 0
A44: 2.5.1 - TRANSFERENCIAS DE CAPITAL AL SECTOR PRIVADO | B44: =SUM(C44:N44) -> 0 | C44: 0 | D44: 0 | E44: 0 | F44: 0 | G44: 0 | H44: 0 | I44: 0 | J44: 0 | K44: 0 | L44: 0 | M44: 0 | N44: 0
A45: 2.5.2 - TRANSFERENCIAS DE CAPITAL AL GOBIERNO GENERAL NACIONAL | B45: =SUM(C45:N45) -> 0 | C45: 0 | D45: 0 | E45: 0 | F45: 0 | G45: 0 | H45: 0 | I45: 0 | J45: 0 | K45: 0 | L45: 0 | M45: 0 | N45: 0
A46: 2.5.3 - TRANSFERENCIAS DE CAPITAL A GOBIERNOS GENERALES LOCALES | B46: =SUM(C46:N46) -> 0 | C46: 0 | D46: 0 | E46: 0 | F46: 0 | G46: 0 | H46: 0 | I46: 0 | J46: 0 | K46: 0 | L46: 0 | M46: 0 | N46: 0
A47: 2.5.4 - TRANSFERENCIAS DE CAPITAL A EMPRESAS PÚBLICAS NO FINANCIERAS | B47: =SUM(C47:N47) -> 0 | C47: 0 | D47: 0 | E47: 0 | F47: 0 | G47: 0 | H47: 0 | I47: 0 | J47: 0 | K47: 0 | L47: 0 | M47: 0 | N47: 0
A48: 2.5.5 - TRANSFERENCIAS DE CAPITAL A INSTITUCIONES PÚBLICAS FINANCIERAS | B48: =SUM(C48:N48) -> 0 | C48: 0 | D48: 0 | E48: 0 | F48: 0 | G48: 0 | H48: 0 | I48: 0 | J48: 0 | K48: 0 | L48: 0 | M48: 0 | N48: 0
A49: 2.5.6 - TRANSFERENCIAS DE CAPITAL AL SECTOR EXTERNO | B49: =SUM(C49:N49) -> 0 | C49: 0 | D49: 0 | E49: 0 | F49: 0 | G49: 0 | H49: 0 | I49: 0 | J49: 0 | K49: 0 | L49: 0 | M49: 0 | N49: 0
A50: 2.5.9 - TRANSFERENCIAS DE CAPITAL A OTRAS INSTITUCIONES PÚBLICAS | B50: =SUM(C50:N50) -> 0 | C50: 0 | D50: 0 | E50: 0 | F50: 0 | G50: 0 | H50: 0 | I50: 0 | J50: 0 | K50: 0 | L50: 0 | M50: 0 | N50: 0
A51: 2.6 - BIENES MUEBLES, INMUEBLES E INTANGIBLES | B51: =SUM(C51:N51) -> 6200919.7 | C51: =SUM(C52:C60) -> 236075 | D51: =SUM(D52:D60) -> 622839.15 | E51: =SUM(E52:E60) -> 395773.1 | F51: =SUM(F52:F60) -> 1970989.2 | G51: =SUM(G52:G60) -> 1786760.6 | H51: =SUM(H52:H60) -> 297379.89 | I51: =SUM(I52:I60) -> 641940.96 | J51: =SUM(J52:J60) -> 249161.78 | ... N51: =SUM(N52:N60) -> 0
A52: 2.6.1 - MOBILIARIO Y EQUIPO | B52: =SUM(C52:N52) -> 2663835.1 | C52: 0 | D52: 128425 | E52: 0 | F52: 1095005.7 | G52: =1002144.5 -> 1002144.5 | H52: 229039.89 | I52: 209220 | J52: 0 | K52: 0 | L52: 0 | M52: 0 | N52: 0
A53: 2.6.2 - MOBILIARIO Y EQUIPO EDUCACIONAL Y RECREATIVO | B53: =SUM(C53:N53) -> 63506.51 | C53: 0 | D53: 0 | E53: 0 | F53: 63506.51 | G53: 0 | H53: 0 | I53: 0 | J53: 0 | K53: 0 | L53: 0 | M53: 0 | N53: 0
A54: 2.6.3 - EQUIPO E INSTRUMENTAL, CIENTÍFICO Y LABORATORIO | B54: =SUM(C54:N54) -> 2978278 | C54: 236075 | D54: 394114.15 | E54: 159273.08 | F54: 677477 | G54: 784616.07 | H54: 44840 | I54: 432720.96 | J54: 249161.78 | K54: 0 | L54: 0 | M54: 0 | N54: 0
A55: 2.6.4 - VEHÍCULOS Y EQUIPO DE TRANSPORTE, TRACCIÓN Y ELEVACIÓN | B55: =SUM(C55:N55) -> 0 | C55: 0 | D55: 0 | E55: 0 | F55: 0 | G55: 0 | H55: 0 | I55: 0 | J55: 0 | K55: 0 | L55: 0 | M55: 0 | N55: 0
A56: 2.6.5 - MAQUINARIA, OTROS EQUIPOS Y HERRAMIENTAS | B56: =SUM(C56:N56) -> 495300.02 | C56: 0 | D56: 100300 | E56: 236500.02 | F56: 135000 | G56: 0 | H56: 23500 | I56: 0 | J56: 0 | K56: 0 | L56: 0 | M56: 0 | N56: 0
A57: 2.6.6 - EQUIPOS DE DEFENSA Y SEGURIDAD | B57: =SUM(C57:N57) -> 0 | C57: 0 | D57: 0 | E57: 0 | F57: 0 | G57: 0 | H57: 0 | I57: 0 | J57: 0 | K57: 0 | L57: 0 | M57: 0 | N57: 0
A58: 2.6.7 - ACTIVOS BIÓLOGICOS CULTIVABLES | B58: =SUM(C58:N58) -> 0 | C58: 0 | D58: 0 | E58: 0 | F58: 0 | G58: 0 | H58: 0 | I58: 0 | J58: 0 | K58: 0 | L58: 0 | M58: 0 | N58: 0
A59: 2.6.8 - BIENES INTANGIBLES | B59: =SUM(C59:N59) -> 0 | C59: 0 | D59: 0 | E59: 0 | F59: 0 | G59: 0 | H59: 0 | I59: 0 | J59: 0 | K59: 0 | L59: 0 | M59: 0 | N59: 0
A60: 2.6.9 - EDIFICIOS, ESTRUCTURAS, TIERRAS, TERRENOS Y OBJETOS DE VALOR | B60: =SUM(C60:N60) -> 0 | C60: 0 | D60: 0 | E60: 0 | F60: 0 | G60: 0 | H60: 0 | I60: 0 | J60: 0 | K60: 0 | L60: 0 | M60: 0 | N60: 0
A61: 2.7 - OBRAS | B61: =SUM(C61:N61) -> 108560 | C61: =SUM(C62:C65) -> 0 | D61: =SUM(D62:D65) -> 0 | E61: =SUM(E62:E65) -> 0 | F61: =SUM(F62:F65) -> 0 | G61: =SUM(G62:G65) -> 0 | H61: =SUM(H62:H65) -> 0 | I61: =SUM(I62:I65) -> 0 | J61: =SUM(J62:J65) -> 108560 | ... N61: =SUM(N62:N65) -> 0
A62: 2.7.1 - OBRAS EN EDIFICACIONES | B62: =SUM(C62:N62) -> 108560 | C62: 0 | D62: 0 | E62: 0 | F62: 0 | G62: 0 | H62: 0 | I62: 0 | J62: 108560 | K62: 0 | L62: 0 | M62: 0 | N62: 0
A63: 2.7.2 - INFRAESTRUCTURA | B63: =SUM(C63:N63) -> 0 | C63: 0 | D63: 0 | E63: 0 | F63: 0 | G63: 0 | H63: 0 | I63: 0 | J63: 0 | K63: 0 | L63: 0 | M63: 0 | N63: 0
A64: 2.7.3 - CONSTRUCCIONES EN BIENES CONCESIONADOS | B64: =SUM(C64:N64) -> 0 | C64: 0 | D64: 0 | E64: 0 | F64: 0 | G64: 0 | H64: 0 | I64: 0 | J64: 0 | K64: 0 | L64: 0 | M64: 0 | N64: 0
A65: 2.7.4 - GASTOS QUE SE ASIGNARÁN DURANTE EL EJERCICIO PARA INVERSIÓN (ART. 32 Y 33 LEY 423-06) | B65: =SUM(C65:N65) -> 0 | C65: 0 | D65: 0 | E65: 0 | F65: 0 | G65: 0 | H65: 0 | I65: 0 | J65: 0 | K65: 0 | L65: 0 | M65: 0 | N65: 0
A66: 2.8 - ADQUISICION DE ACTIVOS FINANCIEROS CON FINES DE POLÍTICA | B66: =SUM(C66:N66) -> 0 | C66: =SUM(C67:C68) -> 0 | D66: =SUM(D67:D68) -> 0 | E66: =SUM(E67:E68) -> 0 | F66: =SUM(F67:F68) -> 0 | G66: =SUM(G67:G68) -> 0 | H66: =SUM(H67:H68) -> 0 | I66: =SUM(I67:I68) -> 0 | J66: =SUM(J67:J68) -> 0 | ... N66: =SUM(N67:N68) -> 0
A67: 2.8.1 - CONCESIÓN DE PRESTAMOS | B67: =SUM(C67:N67) -> 0 | C67: 0 | M67: 0 | N67: 0
A68: 2.8.2 - ADQUISICIÓN DE TÍTULOS VALORES REPRESENTATIVOS DE DEUDA | B68: =SUM(C68:N68) -> 0 | C68: 0 | D68: 0 | E68: 0 | F68: 0 | G68: 0 | H68: 0 | I68: 0 | J68: 0 | K68: 0 | L68: 0 | M68: 0 | N68: 0
A69: 2.9 - GASTOS FINANCIEROS | B69: =SUM(C69:N69) -> 72098.42 | C69: =SUM(C70:C72) -> 8469.43 | D69: =SUM(D70:D72) -> 9781.64 | E69: =SUM(E70:E72) -> 8621.76 | F69: =SUM(F70:F72) -> 12067.81 | G69: =SUM(G70:G72) -> 9327.33 | H69: =SUM(H70:H72) -> 10072.38 | I69: =SUM(I70:I72) -> 7739.19 | J69: =SUM(J70:J72) -> 6018.88 | ... N69: =SUM(N70:N72) -> 0
A70: 2.9.1 - INTERESES DE LA DEUDA PÚBLICA INTERNA | B70: =SUM(C70:N70) -> 0 | C70: 0 | D70: 0 | E70: 0 | F70: 0 | G70: 0 | H70: 0 | I70: 0 | J70: 0 | K70: 0 | L70: 0 | M70: 0 | N70: 0
A71: 2.9.2 - INTERESES DE LA DEUDA PUBLICA EXTERNA | B71: =SUM(C71:N71) -> 0 | C71: 0 | D71: 0 | E71: 0 | F71: 0 | G71: 0 | H71: 0 | I71: 0 | J71: 0 | K71: 0 | L71: 0 | M71: 0 | N71: 0
A72: 2.9.4 - COMISIONES Y OTROS GASTOS BANCARIOS DE LA DEUDA PÚBLICA | B72: =SUM(C72:N72) -> 72098.42 | C72: 8469.43 | D72: 9781.64 | E72: 8621.76 | F72: 12067.81 | G72: =9327.33 -> 9327.33 | H72: 10072.38 | I72: 7739.19 | J72: 6018.88 | K72: 0 | L72: 0 | M72: 0 | N72: 0
A73: Total Gastos | B73: =B9+B15+B25+B35+B43+B51+B61+B66+B69 -> 47469299 | C73: =C9+C15+C25+C35+C43+C51+C61+C66+C69 -> 5692571.8 | D73: =D9+D15+D25+D35+D43+D51+D61+D66+D69 -> 6573343.3 | E73: =E9+E15+E25+E35+E43+E51+E61+E66+E69 -> 8998607.8 | F73: =F9+F15+F25+F35+F43+F51+F61+F66+F69 -> 4499744.5 | G73: =G9+G15+G25+G35+G43+G51+G61+G66+G69 -> 6196573.9 | H73: =H9+H15+H25+H35+H43+H51+H61+H66+H69 -> 6728821.7 | I73: =I9+I15+I25+I35+I43+I51+I61+I66+I69 -> 4991870.1 | ... N73: =N9+N15+N25+N35+N43+N51+N61+N66+N69 -> 0
A74: 4 - APLICACIONES FINANCIERAS
A75: 4.1 - INCREMENTO DE ACTIVOS FINANCIEROS
A76: 4.1.1 - INCREMENTO DE ACTIVOS FINANCIEROS CORRIENTES
A77: 4.1.2 - INCREMENTO DE ACTIVOS FINANCIEROS NO CORRIENTES
A78: 4.2 - DISMINUCIÓN DE PASIVOS
A79: 4.2.1 - DISMINUCIÓN DE PASIVOS CORRIENTES
A80: 4.2.2 - DISMINUCIÓN DE PASIVOS NO CORRIENTES
A81: 4.3 - DISMINUCIÓN DE FONDOS DE TERCEROS
A82: 4.3.5 - DISMINUCIÓN DEPÓSITOS FONDOS DE TERCEROS
A83: TOTAL APLICACIONES FINANCIERAS
A85: TOTAL GASTOS Y APLICACIONES FINANCIERAS
A86: Fuente: [fuente]
... A88: Fecha de imputación: hasta el [día] de [mes] del [año]

Sheet Nómina Interna
A2: Servicio Nacional de Salud
A3: Nombre del Establecimiento Hospital Regional Ing. Luis L. Bogaert
A4: Nómina Interna Empleados
A5: Correspondiente al mes de agosto del año 2025
A7: No. | B7: Cedula | C7: Nombre | D7: Apellido | E7: Departamento | F7: Función | G7: Estatus | H7: Grupo | I7: Fecha de inicio del contrato | K7: Sueldo Bruto (RD$) | L7: Seguridad Social (LEY 87-01) | S7: Total Retenciones y Aportes | U7: Sueldo Neto (RD$) | V7: Cuenta Banco
H8: Ocupacional | L8: Seguro de Pensión (9.97%) | N8: Riesgos Laborales (1.3%) (2*) | O8: Seguro de Salud (10.53%) (3*) | Q8: Registro Dependientes Adicionales (4*) | R8: Subtotal TSS | S8: Deducción Empleado | T8: Aportes Patronal
I9: Desde | J9: Hasta | L9: Empleado (2.87%) | M9: Patronal (7.10%) | O9: Empleado (3.04%) | P9: Patronal (7.09%)
A10: 1
J11: TOTAL GENERAL | K11: =SUM(K10:K10) -> 0 | L11: =SUM(L10:L10) -> 0 | M11: =SUM(M10:M10) -> 0 | N11: =SUM(N10:N10) -> 0 | O11: =SUM(O10:O10) -> 0 | P11: =SUM(P10:P10) -> 0 | Q11: =SUM(Q10:Q10) -> 0 | R11: =SUM(R10:R10) -> 0 | ... U11: =SUM(U10:U10) -> 0
B13: Nota: No contamos con nomina Interna, ya que fue desmontada por el SNS.

Sheet RESUMEN GLOSA X POR MES 
A4: Dirección de Fiscalización y Control
A5: HOSPITAL REGIONAL ING. LUIS L. BOGAERT
A6: Glosa Año 2025
A7: Establecimientos | B7: Mes | C7: Facturado | D7: Recibido | E7: Glosado | F7: %
A8: HOSPITAL REG. ING. LUIS L. BOGAERT | B8: ENERO | C8: =5213488.17+611158.71 -> 5824646.9 | D8: 5341500.1 | E8: =C8-D8 -> 483146.74 | F8: =E8/C8 -> 0.082948675
A9: HOSPITAL REG. ING. LUIS L. BOGAERT | B9: FEBRERO | C9: 8325478.6 | D9: 7453704.5 | E9: =C9-D9 -> 871774.15 | F9: =E9/C9 -> 0.1047116
A10: HOSPITAL REG. ING. LUIS L. BOGAERT | B10: MARZO | C10: 6253870.5 | D10: 6025919.5 | E10: =C10-D10 -> 227950.98 | F10: =E10/C10 -> 0.036449585
A11: HOSPITAL REG. ING. LUIS L. BOGAERT | B11: ABRIL | C11: 5323310.1 | D11: 5072289.5 | E11: =C11-D11 -> 251020.59 | F11: =E11/C11 -> 0.047154982
A12: HOSPITAL REG. ING. LUIS L. BOGAERT | B12: MAYO | C12: 7641346.4 | D12: 7370236 | E12: =C12-D12 -> 271110.4 | F12: =E12/C12 -> 0.035479402
A13: HOSPITAL REG. ING. LUIS L. BOGAERT | B13: JUNIO | C13: 4869794.6 | D13: 4765180.4 | E13: =C13-D13 -> 104614.14 | F13: =E13/C13 -> 0.021482249
A14: HOSPITAL REG. ING. LUIS L. BOGAERT | B14: JULIO | C14: 6705684.3 | D14: 6425771.9 | E14: =C14-D14 -> 279912.38 | F14: =E14/C14 -> 0.041742553
A15: HOSPITAL REG. ING. LUIS L. BOGAERT | B15: AGOSTO | C15: 4686425.6 | D15: 4535940.6 | E15: =C15-D15 -> 150485.01 | F15: =E15/C15 -> 0.032110829
A16: HOSPITAL REG. ING. LUIS L. BOGAERT | B16: SEPTIEMBRE | E16: =C16-D16 -> 0 | F16: =E16/C16 -> #DIV/0!
A17: HOSPITAL REG. ING. LUIS L. BOGAERT | B17: OCTUBRE | E17: =C17-D17 -> 0 | F17: =E17/C17 -> #DIV/0!
A18: HOSPITAL REG. ING. LUIS L. BOGAERT | B18: NOVIEMBRE | E18: =C18-D18 -> 0 | F18: =E18/C18 -> #DIV/0!
A19: HOSPITAL REG. ING. LUIS L. BOGAERT | B19: DICIEMBRE | E19: =C19-D19 -> 0 | F19: =E19/C19 -> #DIV/0!
A20: Total | C20: =SUM(C8:C19) -> 49630557 | D20: =SUM(D8:D19) -> 46990543 | E20: =SUM(E8:E19) -> 2640014.4
A21: Nota
A22: Glosa de todas las ARS que recibieron ingreso.

Sheet INGRESO POR FACT. ARS
A1: Servicio Nacional De Salud
A2: Dirección de Fiscalizacion y Control
A3: Ingresos Por Facturación ARS Enero -Diciembre 2025
A6: Establecimiento: HOSPITAL REGIONAL ING. LUIS L. BOGAERT SRS: 4
A8: ARS | C8: ENERO | E8: FEBRERO | G8: MARZO | I8: ABRIL | K8: MAYO | M8: JUNIO | O8: JULIO | Q8: AGOSTO | S8: SEPTIEMBRE | U8: OCTUBRE | W8: NOVIEMBRE | Y8: DICIEMBRE | AA8: Total
C9: Facturado | D9: Recibido | E9: Facturado | F9: Recibido | G9: Facturado | H9: Recibido | I9: Facturado | J9: Recibido | K9: Facturado | L9: Recibido | M9: Facturado | N9: Recibido | O9: Facturado | P9: Recibido | Q9: Facturado | R9: Recibido | S9: Facturado | T9: Recibido | U9: Facturado | V9: Recibido | W9: Facturado | X9: Recibido | Y9: Facturado | Z9: Recibido | AA9: Facturado | AB9: Recibido
A10: 1 | B10: SENASA SUBSIDIADO | C10: 4730341.4 | D10: 4440689.7 | E10: 5898441.7 | F10: 4476867.7 | G10: 4779210.7 | H10: 4730341.4 | I10: 4624677.5 | J10: 5898441.7 | K10: 5642448.4 | L10: 4779210.7 | M10: 4186258.3 | N10: =4624677.5 -> 4624677.5 | O10: 4664520.5 | P10: 5642448.4 | Q10: 3720640.5 | R10: 4186258.3 | AA10: =SUM(C10+E10+G10+I10+K10+M10+O10+Q10+S10+U10+W10+Y10) -> 38246539 | AB10: =SUM(D10+F10+H10+J10+L10+N10+P10+R10+T10+V10+X10+Z10) -> 38778935
A11: 2 | B11: SENASA CONTRIBUTIVO | C11: =600360.41 -> 600360.41 | D11: =125614+1594761.44+82000+38485.48 -> 1840860.9 | E11: =1144184.18+23779.97+91500+2400 -> 1261864.1 | F11: =76000+24023.01+1641494.26+59500 -> 1801017.3 | G11: =909705.99+36461.15+109500 -> 1055667.1 | H11: =553808.85+6876.06+38000 -> 598684.91 | I11: =327077.1+12862.82+82500 -> 422439.92 | J11: =91500+1143951.86+23436.31+2400+36461.06 -> 1297749.2 | K11: =1539431.55+47025.84+131807 -> 1718264.4 | L11: =858278.16+109500+12862.82 -> 980640.98 | M11: =322011.04+22466.78+88000 -> 432477.82 | N11: =326365.49+82500 -> 408865.49 | O11: =1065021.8+577570.71+82500 -> 1725092.5 | P11: =131807+476432.68+46912.23+543388.01 -> 1198539.9 | Q11: =569811.51+36797.39+184500 -> 791108.9 | R11: =321230.8+88000+22466.78 -> 431697.58 | AA11: =SUM(C11+E11+G11+I11+K11+M11+O11+Q11+S11+U11+W11+Y11) -> 8007275.2 | AB11: =SUM(D11+F11+H11+J11+L11+N11+P11+R11+T11+V11+X11+Z11) -> 8558056.3
A12: Total SeNaSa | C12: =SUM(C10:C11) -> 5330701.8 | D12: =SUM(D10:D11) -> 6281550.6 | E12: =SUM(E10:E11) -> 7160305.9 | F12: =SUM(F10:F11) -> 6277885 | G12: =SUM(G10:G11) -> 5834877.8 | H12: =SUM(H10:H11) -> 5329026.3 | I12: =SUM(I10:I11) -> 5047117.4 | J12: =SUM(J10:J11) -> 7196191 | ... Z12: =SUM(Z10:Z11) -> 0 | AA12: =SUM(C12+E12+G12+I12+K12+M12+O12+Q12+S12+U12+W12+Y12) -> 46253814 | AB12: =SUM(D12+F12+H12+J12+L12+N12+P12+R12+T12+V12+X12+Z12) -> 47336992
A13: 3 | B13: MAPFRE | C13: 0 | D13: 0 | E13: 0 | F13: 0 | G13: 0 | H13: 0 | AA13: =SUM(C13+E13+G13+I13+K13+M13+O13+Q13+S13+U13+W13+Y13) -> 0 | AB13: =SUM(D13+F13+H13+J13+L13+N13+P13+R13+T13+V13+X13+Z13) -> 0
A14: 4 | B14: ARL | G14: 0 | H14: 0 | AA14: =SUM(C14+E14+G14+I14+K14+M14+O14+Q14+S14+U14+W14+Y14) -> 0 | AB14: =SUM(D14+F14+H14+J14+L14+N14+P14+R14+T14+V14+X14+Z14) -> 0
A15: 3 | B15: RENACER | C15: 0 | D15: 0 | E15: 0 | F15: 0 | G15: 0 | H15: 0 | I15: 0 | J15: 0 | K15: 0 | L15: 0 | M15: 0 | N15: 0 | AA15: =SUM(C15+E15+G15+I15+K15+M15+O15+Q15+S15+U15+W15+Y15) -> 0 | AB15: =SUM(D15+F15+H15+J15+L15+N15+P15+R15+T15+V15+X15+Z15) -> 0
A16: 6 | B16: YUNEN | AA16: =SUM(C16+E16+G16+I16+K16+M16+O16+Q16+S16+U16+W16+Y16) -> 0 | AB16: =SUM(D16+F16+H16+J16+L16+N16+P16+R16+T16+V16+X16+Z16) -> 0
A17: 4 | B17: ARS PRIMERA DE HUMANO | C17: 10798.3 | D17: 47167.62 | E17: 284944.19 | F17: 0 | G17: 22737.38 | H17: =271520.11+17060.31 -> 288580.42 | I17: =25172.05 -> 25172.05 | J17: 22737.38 | K17: 9523.24 | L17: 15096.62 | M17: 146444.29 | N17: 0 | O17: 36158.98 | P17: =9441.06+70577.42 -> 80018.48 | Q17: 24191.26 | R17: 18178 | V17: 0 | W17: 0 | Y17: 0 | Z17: 0 | AA17: =SUM(C17+E17+G17+I17+K17+M17+O17+Q17+S17+U17+W17+Y17) -> 559969.69 | AB17: =SUM(D17+F17+H17+J17+L17+N17+P17+R17+T17+V17+X17+Z17) -> 471778.52
A18: 9 | B18: ARS PLANSALUD BANCO CENTRAL | AA18: =SUM(C18+E18+G18+I18+K18+M18+O18+Q18+S18+U18+W18+Y18) -> 0 | AB18: =SUM(D18+F18+H18+J18+L18+N18+P18+R18+T18+V18+X18+Z18) -> 0
A19: 5 | B19: SEMMA | C19: 0 | D19: 126390.54 | E19: 0 | F19: 10364.2 | G19: 10306 | H19: 0 | I19: 0 | J19: 0 | K19: 0 | L19: 0 | M19: 0 | N19: 0 | P19: =8626 -> 8626 | W19: 0 | Y19: 0 | AA19: =SUM(C19+E19+G19+I19+K19+M19+O19+Q19+S19+U19+W19+Y19) -> 10306 | AB19: =SUM(D19+F19+H19+J19+L19+N19+P19+R19+T19+V19+X19+Z19) -> 145380.74
A20: 6 | B20: APS | C20: 0 | D20: 0 | E20: 0 | F20: 0 | G20: 145882.3 | H20: 0 | I20: 0 | J20: 0 | K20: 0 | L20: 0 | M20: 0 | N20: 0 | Y20: 0 | AA20: =SUM(C20+E20+G20+I20+K20+M20+O20+Q20+S20+U20+W20+Y20) -> 145882.3 | AB20: =SUM(D20+F20+H20+J20+L20+N20+P20+R20+T20+V20+X20+Z20) -> 0
A21: 8 | B21: SALUD SEGURA | AA21: =SUM(C21+E21+G21+I21+K21+M21+O21+Q21+S21+U21+W21+Y21) -> 0 | AB21: =SUM(D21+F21+H21+J21+L21+N21+P21+R21+T21+V21+X21+Z21) -> 0
A22: 9 | B22: CONSTITUCION | AA22: =SUM(C22+E22+G22+I22+K22+M22+O22+Q22+S22+U22+W22+Y22) -> 0 | AB22: =SUM(D22+F22+H22+J22+L22+N22+P22+R22+T22+V22+X22+Z22) -> 0
A23: 10 | B23: META SALUD | AA23: =SUM(C23+E23+G23+I23+K23+M23+O23+Q23+S23+U23+W23+Y23) -> 0 | AB23: =SUM(D23+F23+H23+J23+L23+N23+P23+R23+T23+V23+X23+Z23) -> 0
A24: 11 | B24: ASEMAP | AA24: =SUM(C24+E24+G24+I24+K24+M24+O24+Q24+S24+U24+W24+Y24) -> 0 | AB24: =SUM(D24+F24+H24+J24+L24+N24+P24+R24+T24+V24+X24+Z24) -> 0
A25: 7 | B25: GMA | C25: 0 | D25: 0 | E25: 0 | F25: 0 | G25: 0 | H25: 0 | I25: 0 | J25: 0 | K25: 0 | L25: 0 | M25: 0 | N25: 0 | Y25: 0 | AA25: =SUM(C25+E25+G25+I25+K25+M25+O25+Q25+S25+U25+W25+Y25) -> 0 | AB25: =SUM(D25+F25+H25+J25+L25+N25+P25+R25+T25+V25+X25+Z25) -> 0
A26: 8 | B26: MONUMENTAL | C26: 0 | D26: 26160.04 | E26: =8454.42 -> 8454.42 | F26: 0 | G26: 12116 | H26: =18283.86 -> 18283.86 | I26: 0 | J26: 0 | K26: 0 | L26: 0 | M26: 0 | N26: 0 | Y26: 0 | AA26: =SUM(C26+E26+G26+I26+K26+M26+O26+Q26+S26+U26+W26+Y26) -> 20570.42 | AB26: =SUM(D26+F26+H26+J26+L26+N26+P26+R26+T26+V26+X26+Z26) -> 44443.9
A27: 9 | B27: CMD | C27: 0 | D27: 0 | E27: 0 | F27: 0 | G27: 0 | H27: 0 | I27: 0 | J27: 0 | K27: 0 | L27: 0 | M27: 0 | N27: 0 | AA27: =SUM(C27+E27+G27+I27+K27+M27+O27+Q27+S27+U27+W27+Y27) -> 0 | AB27: =SUM(D27+F27+H27+J27+L27+N27+P27+R27+T27+V27+X27+Z27) -> 0
A28: 10 | B28: IDOPRIL | C28: 0 | D28: 0 | E28: 0 | F28: 0 | G28: 0 | H28: 0 | I28: 0 | J28: 0 | K28: 0 | L28: 0 | M28: 0 | N28: 0 | AA28: =SUM(C28+E28+G28+I28+K28+M28+O28+Q28+S28+U28+W28+Y28) -> 0 | AB28: =SUM(D28+F28+H28+J28+L28+N28+P28+R28+T28+V28+X28+Z28) -> 0
A29: 11 | B29: SIMAG | C29: 0 | D29: 0 | E29: 0 | F29: 0 | G29: 0 | H29: 0 | I29: 0 | J29: 0 | K29: 0 | L29: 0 | M29: 0 | N29: 0 | AA29: =SUM(C29+E29+G29+I29+K29+M29+O29+Q29+S29+U29+W29+Y29) -> 0 | AB29: =SUM(D29+F29+H29+J29+L29+N29+P29+R29+T29+V29+X29+Z29) -> 0
A30: 12 | B30: SERVICIOS MEDICOS UASD | C30: 0 | D30: 0 | E30: 0 | F30: 0 | G30: 0 | H30: 0 | I30: 0 | J30: 0 | K30: 0 | L30: 0 | M30: 0 | N30: 0 | O30: 0 | P30: 0 | Q30: 0 | R30: 0 | S30: 0 | T30: 0 | U30: 0 | V30: 0 | W30: 0 | X30: 0 | Y30: 0 | Z30: 0 | AA30: =SUM(C30+E30+G30+I30+K30+M30+O30+Q30+S30+U30+W30+Y30) -> 0 | AB30: =SUM(D30+F30+H30+J30+L30+N30+P30+R30+T30+V30+X30+Z30) -> 0
A31: 22 | B31: SEMUNASED | C31: 0 | D31: 0 | E31: 0 | F31: 0 | G31: 0 | H31: 0 | I31: 0 | J31: 0 | K31: 0 | L31: 0 | M31: 0 | N31: 0 | O31: 0 | P31: 0 | Q31: 0 | R31: 0 | S31: 0 | T31: 0 | U31: 0 | V31: 0 | W31: 0 | X31: 0 | Y31: 0 | Z31: 0 | AA31: 0 | AB31: 0
A32: TOTAL | C32: =SUM(C12:C30) -> 5341500.1 | D32: =SUM(D12:D30) -> 6481268.8 | E32: =SUM(E12:E30) -> 7453704.5 | F32: =SUM(F12:F30) -> 6288249.2 | G32: =SUM(G12:G30) -> 6025919.5 | H32: =SUM(H12:H30) -> 5635890.6 | I32: =SUM(I12:I30) -> 5072289.5 | J32: =SUM(J12:J30) -> 7218928.3 | ... Z32: =SUM(Z12:Z30) -> 0 | AA32: =SUM(C32+E32+G32+I32+K32+M32+O32+Q32+S32+U32+W32+Y32) -> 46990543 | AB32: =SUM(D32+F32+H32+J32+L32+N32+P32+R32+T32+V32+X32+Z32) -> 47998595
A34: Nota
A35: Es obligatorio colocar el nombre del establecimiento y la region, para poder identificar

Sheet PROMESE POR MES
A2: Dirección de Fiscalización y Control
B3: HOSPITAL REGIONAL ING. LUIS L. BOGAERT
A4: Retenido/Facturado por Promese Cal
A5: Año : 2025
A7: No. | B7: Establecimientos | C7: Mes | D7: Monto Retenido Promese | E7: Monto Despachado Promese | F7: Diferencia | G7: %
A8: 1 | B8: HOSPITAL REGIONAL ING. LUIS L. BOGAERT | C8: ENERO | D8: =576000 -> 576000 | E8: =3948+701592.82 -> 705540.82 | F8: =D8-E8 -> -129540.82 | G8: =F8/D8 -> -0.22489726
A9: 2 | B9: HOSPITAL REGIONAL ING. LUIS L. BOGAERT | C9: FEBRERO | D9: 576000 | E9: =797226.32+41115+600000 -> 1438341.3 | F9: =D9-E9 -> -862341.32 | G9: =F9/D9 -> -1.4971203
A10: 3 | B10: HOSPITAL REGIONAL ING. LUIS L. BOGAERT | C10: MARZO | D10: 576000 | E10: =851039.71+6046 -> 857085.71 | F10: =D10-E10 -> -281085.71 | G10: =F10/D10 -> -0.48799602
A11: 4 | B11: HOSPITAL REGIONAL ING. LUIS L. BOGAERT | C11: ABRIL | D11: 576000 | E11: =4597+625528.06+110907 -> 741032.06 | F11: =D11-E11 -> -165032.06 | G11: =F11/D11 -> -0.28651399
A12: 5 | B12: HOSPITAL REGIONAL ING. LUIS L. BOGAERT | C12: MAYO | D12: 576000 | E12: =2961+769193.36 -> 772154.36 | F12: =D12-E12 -> -196154.36 | G12: =F12/D12 -> -0.34054576
A13: 6 | B13: HOSPITAL REGIONAL ING. LUIS L. BOGAERT | C13: JUNIO | D13: 576000 | E13: =29694+731334.78 -> 761028.78 | F13: =D13-E13 -> -185028.78 | G13: =F13/D13 -> -0.32123052
A14: 7 | B14: HOSPITAL REGIONAL ING. LUIS L. BOGAERT | C14: JULIO | D14: 576000 | E14: =13852+968394.33+207798 -> 1190044.3 | F14: =D14-E14 -> -614044.33 | G14: =F14/D14 -> -1.0660492
A15: 8 | B15: HOSPITAL REGIONAL ING. LUIS L. BOGAERT | C15: AGOSTO | D15: 576000 | E15: =13669+1102590.57 -> 1116259.6 | F15: =D15-E15 -> -540259.57 | G15: =F15/D15 -> -0.93795064
A16: 9 | B16: HOSPITAL REGIONAL ING. LUIS L. BOGAERT | C16: SEPTIEMBRE | D16: 0 | E16: 0 | F16: =D16-E16 -> 0 | G16: =F16/D16 -> #DIV/0!
A17: 10 | B17: HOSPITAL REGIONAL ING. LUIS L. BOGAERT | C17: OCTUBRE | D17: 0 | E17: 0 | F17: =D17-E17 -> 0 | G17: =F17/D17 -> #DIV/0!
A18: 11 | B18: HOSPITAL REGIONAL ING. LUIS L. BOGAERT | C18: NOVIEMBRE | D18: 0 | E18: 0 | F18: =D18-E18 -> 0 | G18: =F18/D18 -> #DIV/0!
A19: 12 | B19: HOSPITAL REGIONAL ING. LUIS L. BOGAERT | C19: DICIEMBRE | D19: 0 | E19: 0 | F19: =D19-E19 -> 0 | G19: =F19/D19 -> #DIV/0!
B20: Total | D20: =SUM(D8:D19) -> 4608000 | E20: =SUM(E8:E19) -> 7581487 | F20: =SUM(F8:F19) -> -2973487
C22: Preparado por: Lic. Miulvi Astacio

Sheet SERVICIOS ARS
A8: INGRESOS FACTURACION VENTA DE SERVICIOS ARS
B9: Año: 2025
A11: No. | B11: ESTABLECIMIENTO | C11: Mes | D11: CANTIDAD DE ARS Contratadas | E11: CANTIDAD DE ARS | F11: TOTAL INGRESOS | G11: REGIMEN SUBSIDIADO | H11: REGIMEN CONTRIBUTIVO | I11: CONTRIBUTIVO SENASA | J11: CONTRIBUTIVO OTRAS ARS
A12: 1 | B12: HOSPITAL REGIONAL ING. LUIS L. BOGAERT | C12: ENERO | D12: 12 | E12: 4 | F12: =G12+H12 -> 6481268.8 | G12: =4440689.71 -> 4440689.7 | H12: =I12+J12 -> 2040579.1 | I12: =125614+1594761.44+82000+38485.48 -> 1840860.9 | J12: =26160.04+126390.54+47167.62 -> 199718.2
A13: 2 | B13: HOSPITAL REGIONAL ING. LUIS L. BOGAERT | C13: FEBRERO | D13: 12 | E13: 3 | F13: =G13+H13 -> 6288249.2 | G13: =4476867.73 -> 4476867.7 | H13: =I13+J13 -> 1811381.5 | I13: =76000+24023.01+1641494.26+59500 -> 1801017.3 | J13: 10364.2
A14: 3 | B14: HOSPITAL REGIONAL ING. LUIS L. BOGAERT | C14: MARZO | D14: 12 | E14: 4 | F14: =G14+H14 -> 5635890.6 | G14: =4730341.43 -> 4730341.4 | H14: =I14+J14 -> 905549.19 | I14: =553808.85+6876.06+38000 -> 598684.91 | J14: 306864.28
A15: 4 | B15: HOSPITAL REGIONAL ING. LUIS L. BOGAERT | C15: ABRIL | D15: 12 | E15: 3 | F15: =G15+H15 -> 7218928.3 | G15: =5898441.73 -> 5898441.7 | H15: =I15+J15 -> 1320486.6 | I15: =91500+1143951.86+23436.31+2400+36461.06 -> 1297749.2 | J15: 22737.38
A16: 5 | B16: HOSPITAL REGIONAL ING. LUIS L. BOGAERT | C16: MAYO | D16: 12 | E16: 3 | F16: =G16+H16 -> 5774948.3 | G16: 4779210.7 | H16: =I16+J16 -> 995737.6 | I16: =858278.16+109500+12862.82 -> 980640.98 | J16: 15096.62
A17: 6 | B17: HOSPITAL REGIONAL ING. LUIS L. BOGAERT | C17: JUNIO | D17: 12 | E17: 2 | F17: =G17+H17 -> 5033543 | G17: 4624677.5 | H17: =I17+J17 -> 408865.49 | I17: =326365.49+82500 -> 408865.49 | J17: 0
A18: 7 | B18: HOSPITAL REGIONAL ING. LUIS L. BOGAERT | C18: JULIO | D18: 12 | E18: 4 | F18: =G18+H18 -> 6929632.8 | G18: 5642448.4 | H18: =I18+J18 -> 1287184.4 | I18: =131807+476432.68+46912.23+543388.01 -> 1198539.9 | J18: =9441.06+70577.42+8626 -> 88644.48
A19: 8 | B19: HOSPITAL REGIONAL ING. LUIS L. BOGAERT | C19: AGOSTO | D19: 12 | E19: 3 | F19: =G19+H19 -> 4636133.9 | G19: =4186258.32 -> 4186258.3 | H19: =J19+I19 -> 449875.58 | I19: =321230.8+88000+22466.78 -> 431697.58 | J19: 18178
A20: 9 | B20: HOSPITAL REGIONAL ING. LUIS L. BOGAERT | C20: SEPTIEMBRE | D20: 12 | F20: =G20+H20 -> 0 | H20: =J20+I20 -> 0
A21: 10 | B21: HOSPITAL REGIONAL ING. LUIS L. BOGAERT | C21: OCTUBRE | D21: 12 | F21: =G21+H21 -> 0 | H21: =J21+I21 -> 0
A22: 11 | B22: HOSPITAL REGIONAL ING. LUIS L. BOGAERT | C22: NOVIEMBRE | D22: 12 | F22: =G22+H22 -> 0 | H22: =J22+I22 -> 0
A23: 12 | B23: HOSPITAL REGIONAL ING. LUIS L. BOGAERT | C23: DICIEMBRE | D23: 12 | F23: =G23+H23 -> 0 | H23: =J23+I23 -> 0
A24: 13 | F24: =G24+H24 -> 0 | G24: =H24+I24 -> 0 | H24: =I24+J24 -> 0
A25: 14 | F25: =G25+H25 -> 0 | G25: =H25+I25 -> 0 | H25: =I25+J25 -> 0
A26: TOTAL | F26: =SUM(F12:F23) -> 47998595 | G26: =SUM(G12:G25) -> 38778935 | H26: =SUM(H12:H25) -> 9219659.5 | I26: =SUM(I12:I25) -> 8558056.3 | J26: =SUM(J12:J25) -> 661603.16

Sheet CAPTACION DE INGRESO
A2: SERVICIO NACIONAL DE SALUD
A3: RELACION CAPTACION DE INGRESOS
A4: REGIONAL DE SALUD CIBAO OCCIDENTAL R - 4
A5: HOSPITAL REGINAL ING. LUIS L. BOGAERT
A6: PERIODO ENERO-DICIEMBRE 2025
A7: ANTICIPO FINANCIERO SNS
A8: MES | B8: ODONTOLOGIA POR SENASA | C8: FONDO REPONIBLE | D8: OTROS APORTES | E8: ATENCIONES A PACIENTES EXTRANJEROS | F8: ODONTOLOGIA PROPIO | G8: VENTA DE SERVICIOS
A9: ENERO | B9: 20000 | C9: 0 | D9: 0 | F9: 111600 | G9: =4440689.71+125614+1594761.44+82000+38485.48+26160.04+126390.54+47167.62 -> 6481268.8
A10: FEBRERO | B10: 0 | C10: 0 | D10: 0 | F10: 123200 | G10: =76000+24023.01+4476867.73+1641494.26+59500+10364.2 -> 6288249.2
A11: MARZO | B11: 30000 | C11: 0 | D11: 0 | F11: 168850 | G11: =4730341.43+553808.85+6876.06+271520.11+38000+18283.86+17060.31 -> 5635890.6
A12: ABRIL | B12: =20000+30000 -> 50000 | C12: =2500000+2499949.92 -> 4999949.9 | D12: 0 | F12: 178235 | G12: =5898441.73+91500+1143951.86+23436.31+2400+36461.06+22737.38 -> 7218928.3
A13: MAYO | B13: 30000 | C13: 0 | D13: 0 | F13: 106400 | G13: =858278.16+109500+4779210.66+12862.82+15096.62 -> 5774948.3
A14: JUNIO | B14: 20000 | C14: 2499951 | D14: 0 | F14: 142550 | G14: =4624677.5+326365.49+82500 -> 5033543
A15: JULIO | B15: 15000 | C15: 2499986.2 | D15: 0 | E15: 35600 | F15: 135450 | G15: =131807+5642448.41+9441.06+70577.42+476432.68+46912.23+543388.01+8626 -> 6929632.8
A16: AGOSTO | B16: 15000 | C16: 2499969.1 | D16: 0 | E16: 42300 | F16: 195000 | G16: =4186258.32+321230.8+88000+22466.78+18178 -> 4636133.9
A17: SEPTIEMBRE | D17: 0
A18: OCTUBRE | D18: 0
A19: NOVIEMBRE | D19: 0
A20: DICIEMBRE | D20: 0
A21: Total General | B21: =SUM(B9:B20) -> 180000 | C21: =SUM(C9:C20) -> 12499856 | D21: =SUM(D9:D20) -> 0 | E21: =SUM(E9:E20) -> 77900 | F21: =SUM(F9:F20) -> 1161285 | G21: =SUM(G9:G20) -> 47998595
B24: Preparado por: Lic. Jenniffer Rodríguez

Sheet   Estado Financiero 2023
A1: Servicio Nacional de Salud
A2: "Año de la Consolidacion de la Seguridad Alimentaria"
A3: Direccion de Fiscalizacion y Control
A4: Estado Financiero
A5: Trimestre
A8: (Valores en RD$)
A9: Establecimiento: __HOSPITAL MUNICIPAL Región: _VII
A11: INGRESOS: | B11: Montos
A12: Anticipo Financiero/ Fondo Reponible | B12: RD$ 0
A13: Venta de Servicios | B13: 43137.89
A14: Aporte Nominas SNS | B14: 2898234.7
A15: TOTAL INGRESOS | B15: =B13+B14 -> 2941372.6
A16: Menos: | B16: RD$ 2965021.57
A17: EGRESOS/GASTOS | B17: =B16 -> RD$ 2965021.57
A18: Superávit o Déficit | B18: -23648.95
A19: PRODUCCION DE
A20: Consultas | B20: 1075
A21: Emergencias | B21: 390
A22: Egresos | B22: 143
A23: Cirugia | B23: 11
A24: Partos | B24: 43
A25: Cesareas | B25: 6
A26: Prueba De Laboratorio | B26: 1157
A27: Servicio De Imágenes | B27: 0
A28: Atenciones Odontologicos | B28: 77
A29: Tranfusiones | B29: 0
A30: Atenciones A Extranjeros | B30: 689
A31: Camas | B31: 23
A32: Promedio dia Pacientes | B32: _______________________
A33: FONDO MENSUAL
A34: Con PROMESE | B34: RD$ _480000
A35: Sin PROMESE | B35: RD$ 307000
A36: PROMESE | B36: 173000
A37: DEUDA POR AÑO
A38: 2019 | B38: 481390.17
A39: 2017 | B39: 477273.05
A40: 2018 Agosto | B40: 0
A41: 2020 | B41: 327973.92
A42: NOMINA
A43: Empleados | B43: RD$ _______________________87
A44: Promedio Mensual | B44: 2898234.7
A45: NOMINA INTERNA
A46: Empleados | B46: 0
A47: Promedio Mensual | B47: 0
